 Dungeon Crawl Stone Soup version 0.30-a0-223-gcb0039aa0c (webtiles) character file.

Game seed: 13008130871899356685

834374 qw the Bringer of Light (level 27, -32/177 HPs)
             Began as a Gargoyle Fighter on Oct 8, 2022.
             Was the Champion of the Shining One.
             Annihilated by an azure jelly (39 damage)
             ... created by the Royal Jelly
             ... on level 5 of the Pits of Slime on Oct 9, 2022.
             The game lasted 01:47:45 (82145 turns).

qw the Bringer of Light (Gargoyle Fighter)         Turns: 82145, Time: 01:47:45

Health: -32/177    AC: 55    Str: 33      XL:     27
Magic:  14/28      EV: 14    Int: 11      God:    the Shining One [******]
Gold:   5212       SH: 32    Dex:  9 (10) Spells: 26/26 levels left

rFire   . . .      SeeInvis .    n - +8 mithril axe "Arga" {speed, Will+}
rCold   . . .      Faith    .    j - +6 tower shield "Qoadd" {rElec rF+ Str+3 Slay-2}
rNeg    + + +      Spirit   .    p - +6 acid dragon scales
rPois   inf        Reflect  +    S - +4 helmet of Yrchosua {rPois}
rElec   +          Harm     .    K - +2 cloak
rCorr   +          Rampage  .    C - +2 pair of gloves of the Depths {rF+}
Will    +++..                    J - +2 pair of boots
Stlth   +.........               D - amulet of reflection
HPRegen 0.49/turn                s - ring "Wegoolow" {Ice Dex+5}
MPRegen 0.21/turn                L - +4 ring of protection

@: corroded, flying, glowing, unable to read
A: sickness immunity, AC +20, big wings, negative energy resistance 1,
electricity resistance, torment resistance 1, petrification resistance, hooves
1, clumsy 2, deterioration 1, frail 1, low MP 3, screaming 2, weak 1, wild magic
1, no potion heal 1, cold vulnerability 1, heat vulnerability 1, inability to
read after injury 2
}: 9/15 runes: decaying, serpentine, silver, golden, demonic, glowing, magical,
fiery, dark
a: Renounce Religion, Divine Shield, Cleansing Flame, Summon Divine Warrior


You were on level 5 of the Pits of Slime.
You worshipped the Shining One.
The Shining One was exalted by your worship.
You visited 12 branches of the dungeon, and saw 55 of its levels.
You visited Pandemonium 2 times, and saw 13 of its levels.
You visited the Abyss 2 times.
You visited 1 bazaar.

You collected 11087 gold pieces.
You spent 5875 gold pieces at shops.


Innate Abilities, Weirdness & Mutations

You are immune to sickness and miasma.
Your stone body is resilient. (AC +20)
You are immune to poison.
Your large and strong wings let you fly.
You resist negative energy. (rN+)
You are resistant to electric shocks. (rElec)
You are resistant to unholy torment.
You are immune to petrification.
You have large cloven feet.
You are very clumsy. (Dex -4)
Your body sometimes deteriorates upon taking damage.
You are frail. (-10% HP)
Your magical capacity is extremely low. (-30% MP)
You frequently scream uncontrollably at your foes.
You are weak. (Str -2)
Your spells are a little harder to cast, but a little more powerful.
Potions are less effective at restoring your health.
You are vulnerable to cold. (rC-)
You are vulnerable to heat. (rF-)
You sometimes lose the ability to read scrolls when taking damage.


   Skills:
 + Level 26.6 Fighting
 + Level 2.1 Short Blades
 - Level 18.0 Axes
 - Level 12.3 Throwing
 O Level 27 Armour
 - Level 11.0 Dodging
 - Level 23.0 Shields
 O Level 27 Invocations


You had 26 spell levels left.
You didn't know any spells.
Your spell library was empty.

Inventory:

Hand Weapons
 h - a +9 broad axe of holy wrath
 n - the +8 mithril axe "Arga" (weapon) {speed, Will+}
   (You acquired it on level 5 of the Lair of Beasts)

   Attacks with this weapon are significantly faster.
   Will:      It increases your willpower.
 M - the +7 broad axe of Ysead {spect, rElec rF+ rC+}
   (Okawaru gifted it to you on level 4 of the Snake Pit)

   When its wielder attacks, the weapon's spirit leaps out and strikes again.
   The spirit shares a part of any damage it takes with its wielder.
   rF:        It protects you from fire.
   rC:        It protects you from cold.
   rElec:     It insulates you from electricity.
Armour
 c - the +0 crystal plate armour of the Realm of Zot {Dex+5}
   (Okawaru gifted it to you on level 4 of the Swamp)

   Dex:       It affects your dexterity (+5).
 e - the -1 pair of boots "Bivoisot" {Fly rF- rC+}
   (You found it on level 3 of the Tomb of the Ancients)

   rF:        It makes you vulnerable to fire.
   rC:        It protects you from cold.
   Fly:       It grants you flight.
 j - the +6 tower shield "Qoadd" (worn) {rElec rF+ Str+3 Slay-2}
   (Okawaru gifted it to you on level 2 of the Realm of Zot)

   Str:       It affects your strength (+3).
   Slay:      It affects your accuracy & damage with ranged weapons and melee
   (-2).
   rF:        It protects you from fire.
   rElec:     It insulates you from electricity.
 k - a scarf of resistance
 p - +6 acid dragon scales (worn)
 q - a +4 plate armour of cold resistance
 w - +0 gold dragon scales
 x - a +10 plate armour of ponderousness
 C - the +2 pair of gloves of the Depths (worn) {rF+}
   (You acquired it on level 3 of the Lair of Beasts)

   rF:        It protects you from fire.
 J - a +2 pair of boots (worn)
 K - a +2 cloak (worn)
 O - the +2 hat "Muchiblyka" {Drain rCorr Str+3 Stlth+}
   (You found it on level 1 of the Depths)

   Str:       It affects your strength (+3).
   rCorr:     It protects you from acid and corrosion.
   Drain:     It drains your maximum health when unequipped.
   Stlth:     It makes you more stealthy.
 S - the +4 helmet of Yrchosua (worn) {rPois}
   (You found it on level 2 of the Realm of Zot)

   rPois:     It protects you from poison.
 T - the +0 pair of boots of Grot {rF+++ rCorr Str-2 Int+2}
   (You found it on level 5 of the Vaults)

   Str:       It affects your strength (-2).
   Int:       It affects your intelligence (+2).
   rF:        It renders you almost immune to fire.
   rCorr:     It protects you from acid and corrosion.
Jewellery
 b - the ring of Uqauk {rElec rF++ rN+ MP+9}
   (You found it on level 3 of the Crypt)

   [ring of positive energy]

   rF:        It greatly protects you from fire.
   rElec:     It insulates you from electricity.
   rN:        It protects you from negative energy.
   MP:        It affects your magic capacity (+9).
 r - a ring of resist corrosion
 s - the ring "Wegoolow" (left hand) {Ice Dex+5}
   (You found it on level 3 of the Tomb of the Ancients)

   [ring of ice]

   It enhances your ice magic.
   Dex:       It affects your dexterity (+5).
   rF:        It makes you vulnerable to fire.
   rC:        It protects you from cold.
 u - a +4 ring of evasion
 D - an amulet of reflection (around neck)
 E - a ring of protection from cold
 F - the ring of the Slug {rElec rC+ SInv}
   (You bought it in a shop on level 2 of the Orcish Mines)

   [ring of see invisible]

   rC:        It protects you from cold.
   rElec:     It insulates you from electricity.
   SInv:      It lets you see invisible.
 H - a ring of resist corrosion
 L - a +4 ring of protection (right hand)
 Q - the ring of Bazicuba {rPois rF+ Will- Str+3 SInv}
   (You bought it in a shop on level 8 of the Dungeon)

   [ring of see invisible]

   Str:       It affects your strength (+3).
   rF:        It protects you from fire.
   rPois:     It protects you from poison.
   SInv:      It lets you see invisible.
   Will:      It decreases your willpower.
 Y - the ring "Usiuq" {Fire Contam Str+10 Int+6}
   (You bought it in a shop on level 1 of the Depths)

   [ring of fire]

   It enhances your fire magic.
   Str:       It affects your strength (+10).
   Int:       It affects your intelligence (+6).
   rF:        It protects you from fire.
   rC:        It makes you vulnerable to cold.
   Contam:    It causes magical contamination when unequipped.
Wands
 G - a wand of digging (4)
Scrolls
 a - 16 scrolls of identify
 l - 8 scrolls of teleportation
 m - 3 scrolls of enchant weapon
 z - a scroll of enchant armour
 I - 6 scrolls of brand weapon
Potions
 d - 12 potions of might
 f - 12 potions of attraction
 g - a potion of resistance
 o - 9 potions of haste
 t - 6 potions of cancellation
 v - 8 potions of lignification
 A - 21 potions of curing

Dungeon Overview and Level Annotations

Branches:
Dungeon (15/15)            Temple (1/1) D:5            Lair (5/5) D:10
  Swamp (4/4) Lair:2        Snake (4/4) Lair:3        Slime (5/5) Lair:4
    Orc (2/2) D:11            Elf (0/3) Orc:2        Vaults (5/5) D:13
  Crypt (3/3) Vaults:3       Tomb (3/3) Crypt:3      Depths (4/4) D:15
    Zot (4/5) Depths:4

Altars:
Ashenzari
Cheibriados
Dithmenos
Elyvilon
Fedhas
Gozag
Hepliaklqana
Kikubaaqudgha
Makhleb
Nemelex Xobeh
Okawaru
Qazlal
Ru
Sif Muna
Trog
Uskayaw
Vehumet
Wu Jian
Xom
Yredelemnul
Zin
The Shining One
Jiyva

Shops:
D:8 =![[   D:13 *   D:14 ?   Orc:2 *==*!   Snake:3 =   Vaults:2 [[:(*
Depths:1 =::

Portals:
Hell: Depths:1 Depths:2 Depths:3 Depths:4
Abyss: Depths:2 Depths:3
Pandemonium: Depths:1 Depths:2
Ziggurat: Depths:1
Trove: Vaults:4 (show slimy rune of Zot)

Annotations:
D:4 1 runed translucent door, Crazy Yiuf
D:5 2 transporters, qw's ghost, amateur GrFi
Lair:4 3 runed translucent doors, qw's ghost, journeyman GrFi
Lair:5 1 runed translucent door, qw's ghost, journeyman GrFi
Snake:2 1 runed translucent door, Siddir's ghost, journeyman MiBe
Snake:4 1 runed translucent door, qw's ghost, adept GrFi
Orc:2 3 runed translucent doors, qw's ghost, adept GrFi


Message History

You closely miss the quicksilver ooze. You slice the acid blob!!
Your hands burn!
One of the Royal Jelly's fragments survives.
You block the azure jelly's attack. x3; The azure jelly barely misses you.
The quicksilver ooze hits you.
The quicksilver ooze closely misses you.
You block the rockslime's attack. The acid blob hits you.
You are splashed with acid.
You resist.
Your daeva calls down the wrath of the Shining One upon the rockslime.
The rockslime is smitten.
Your Short Blades skill increases to level 2!
You slice the acid blob!!
You kill the acid blob!
That felt strangely unrewarding.
You hit the quicksilver ooze but do no damage.
You slice the quicksilver ooze!! You slash the azure jelly!
You hit the acid blob.
Your hands burn!
You hit the rockslime.
You block the quicksilver ooze's attack. x2
The azure jelly hits you but does no damage.
The azure jelly closely misses you.
The azure jelly hits you but does no damage.
You block the azure jelly's attack.
You chop the rockslime into pieces!!!
You kill the rockslime!
That felt strangely unrewarding.
You barely miss the quicksilver ooze. You barely miss the azure jelly.
You slash the acid blob!
Your hands burn!
You hit the quicksilver ooze but do no damage.
You block the quicksilver ooze's attack. x2
The acid blob spits acid at you. The splash of acid hits you! You resist.
Your daeva hits the quicksilver ooze with a +5 long sword of holy wrath!!
The quicksilver ooze dies!
The ooze engulfing you falls away.
You slice the quicksilver ooze!!
You kill the quicksilver ooze!
That felt strangely unrewarding.
You hit the azure jelly but do no damage.
You slash the acid blob!
Your hands burn!
The azure jelly hits you. The azure jelly freezes you!!!
You die...

.................
..................
..................
..................
.............<...#
................#
................#
........J......#
........@A.....#
.......J.....###
.............#
......#.....##
##.#####.#### ##
###


You could see an acid blob (ally target), an azure jelly and a friendly daeva
(summoned).

Vanquished Creatures
  Cerebov (Pan)
  Dissolution (Slime:3)
  Gloorx Vloq (Pan)
  the Royal Jelly (Slime:5)
  Mnoleg (Pan)
  A seraph (Pan)
  A dread lich (Vaults:5)
  An ancient lich (Vaults:5)
  An orb of fire (Zot:4)
  A juggernaut (Depths:4)
  Mennas (Depths:3)
  A pandemonium lord (Pan)
  32 royal mummies
  Boris (thrice) (Depths:3 Depths:4 Tomb:3)
  Saint Roka (Vaults:3)
  Xtahua (Depths:3)
  9 golden dragons
  Jory (Vaults:4)
  The ghost of agentgt the Warrior, a veteran KoAK of Lugonu (Vaults:3)
  A profane servitor (Crypt:3)
  A bone dragon (Crypt:3)
  4 Brimstone Fiends (Pan)
  A hellephant (Pan)
  A walking earthen tome (Depths:2)
  4 Ice Fiends (Pan)
  3 Hell Sentinels (Pan)
  Zenata (Vaults:2)
  8 liches
  12 tentacled monstrosities
  15 titans
  3 deep elf blademasters
  14 acid blobs
  3 quicksilver dragons
  7 deep elf master archers
  22 Executioners (Pan)
  9 ancient champions
  2 tentacled starspawn
  5 death cobs
  8 sphinxes
  14 tengu reavers
  Agnes (Snake:4)
  2 thorn hunters
  6 shadow dragons
  10 storm dragons
  5 fenstrider witches (Swamp:4)
  2 revenants
  Roxanne (Snake:4)
  3 draconian monks
  5 rockslimes
  8 demonspawn warmongers (Pan)
  6 azure jellies (Slime:5)
  3 draconian knights
  4 nagarajas (Snake:4)
  2 daevas
  16 fire giants
  3 iron dragons (Vaults:5)
  21 cacodemons (Pan)
  17 frost giants
  14 vault wardens
  Aizul (Snake:4)
  17 angels
  2 draconian shifters
  17 balrugs
  2 draconian stormcallers
  2 ghost moths
  7 draconian annihilators
  2 curse skulls (Pan)
  An orc warlord (Vaults:3)
  7 ophanim (Pan)
  5 ghouls
  13 quicksilver oozes
  A demonspawn corrupter (Pan)
  7 very ugly things
  10 reapers (Pan)
  36 stone giants
  22 ironbound preservers
  7 apis (Pan)
  3 demonspawn blood saints (Pan)
  14 vampire knights
  A rockslime zombie (Crypt:2)
  2 eleionomae (Swamp:4)
  14 bennus
  15 black draconians
  7 ironbound thunderhulks
  12 dire elephants
  3 demonspawn black suns (Pan)
  6 purple draconians
  10 white draconians
  10 red draconians
  A deep elf demonologist (Tomb:1)
  2 deep elf annihilators
  Nessos (Orc:2)
  6 bunyips
  10 green draconians
  17 lorocyprocas
  5 spark wasps (Depths:3)
  13 ettins
  5 deep elf death magi
  2 eidola
  12 yellow draconians
  Snorg (D:10)
  13 blizzard demons
  2 crystal guardians (Vaults:4)
  22 green deaths
  An entropy weaver (Vaults:4)
  7 fire dragons
  10 great orbs of eyes
  24 jiangshi
  16 mummy priests
  Fannar (D:11)
  A deep elf high priest (Vaults:5)
  Josephine (D:10)
  3 rakshasas
  36 vault guards
  A peacekeeper (Vaults:4)
  10 ice dragons
  17 yaktaur captains
  14 hydras
  A spriggan skeleton (Pan)
  3 salamander tyrants (Snake:4)
  2 catoblepae
  2 spriggan air magi
  10 alligators
  6 ogre magi
  A quicksilver dragon skeleton (Pan)
  An alligator (shapeshifter) (Vaults:4)
  8 anacondas
  7 ironbound frosthearts
  5 centaur warriors
  8 boulder beetles
  3 dancing weapons
  8 death knights
  14 two-headed ogres
  3 ghost crabs
  19 naga warriors
  10 death scarabs (Tomb:1)
  12 death yaks
  7 tengu warriors
  10 deep troll earth magi
  An orc high priest (Orc:1)
  8 vampire magi
  4 deep troll shamans
  13 naga sharpshooters
  2 titan zombies
  4 thrashing horrors
  A hell hog (Abyss:4)
  Nergalle (D:11)
  12 deep elf knights
  10 shock serpents
  A titan skeleton (Vaults:5)
  19 soul eaters
  48 sun demons
  6 spriggan berserkers
  4 hell knights
  32 skeletal warriors
  Sonja (D:10)
  4 wretched stars
  13 spriggans
  21 sixfirhies
  A spark wasp zombie (Depths:1)
  6 iron trolls
  Lodul (D:10)
  7 salamander mystics
  8 shadow wraiths
  5 spriggan druids (Swamp:4)
  5 goliath frogs
  A shadow demon (Pan)
  A spectral anaconda (Crypt:3)
  A golden dragon zombie (Depths:1)
  5 flayed ghosts
  10 ironbound convokers
  82 deep trolls
  4 glowing orange brains
  6 cherubim (Pan)
  5 deep elf archers
  7 swamp dragons
  11 bog bodies
  A spriggan simulacrum (Crypt:1)
  A shadow dragon zombie (Crypt:2)
  10 naga ritualists
  A tengu zombie (Vaults:2)
  A lindwurm (shapeshifter) (D:12)
  6 lindwurms
  A quicksilver dragon simulacrum (Tomb:3)
  4 phantasmal warriors
  12 wizards
  5 orc knights
  13 deep elf pyromancers
  An anaconda skeleton (Crypt:1)
  10 deep elf zephyrmancers
  10 mana vipers
  6 necromancers
  An oklob plant (Lair:1)
  2 wolf spiders (D:12)
  8 harpies
  A human zombie (Vaults:5)
  4 orc sorcerers
  Maurice (Orc:1)
  12 ugly things
  9 cyclopes
  5 will-o-the-wisps
  13 shining eyes
  A shadow dragon skeleton (Vaults:5)
  2 iron dragon skeletons
  A cyclops (shapeshifter) (D:15)
  3 manticores
  A worldbinder (Abyss:4)
  16 moths of wrath
  21 salamanders
  An eleionoma skeleton (Crypt:1)
  A human skeleton (Vaults:5)
  12 vault sentinels
  9 elephants
  36 black mambas
  A naga zombie (Crypt:1)
  2 centaur skeletons
  31 orange demons
  11 naga magi
  A gargoyle (D:12)
  3 eyes of devastation
  Joseph (D:8)
  48 smoke demons
  A spriggan zombie (Depths:1)
  9 demonic crawlers (Pan)
  A dire elephant skeleton (Crypt:1)
  Maggie (D:6)
  A storm dragon simulacrum (Depths:1)
  10 cane toads
  6 efreet (Pan)
  5 hellions
  4 unseen horrors
  7 komodo dragons
  Psyche (D:8)
  10 freezing wraiths
  A yellow draconian skeleton (Crypt:1)
  2 kobold demonologists
  5 tengu conjurers
  33 yaktaurs
  5 rime drakes
  8 tormentors
  3 ice devils
  5 ancient zymes
  39 guardian mummies
  4 red devils
  2 hydra zombies
  A green draconian skeleton (Crypt:1)
  29 hellwings
  4 polar bears
  14 hornets
  21 trolls
  A harpy zombie (Crypt:3)
  A tarantella (shapeshifter) (D:15)
  A bloated husk (Swamp:2)
  10 tyrant leeches
  5 raiju
  2 harpy skeletons (Pan)
  49 slime creatures
  19 blink frogs
  A dream sheep (shapeshifter) (Vaults:5)
  An iron dragon simulacrum (Crypt:3)
  42 large abominations
  2 air elementals (Vaults:3)
  A frost giant simulacrum (Depths:1)
  An alligator zombie (Crypt:2)
  2 ettin skeletons
  A merfolk zombie (Crypt:1)
  2 centaur simulacra (D:14)
  64 flying skulls
  10 ynoxinuls
  13 water elementals
  3 shadows
  A dire elephant simulacrum (Crypt:3)
  2 vampires (D:12)
  19 wraiths
  2 golden eyes (Pan)
  17 ushabtiu
  Grum (D:8)
  5 wyverns
  49 yaks
  Eustachio (D:5)
  2 redbacks (Vaults:4)
  5 basilisks
  20 chaos spawn
  24 neqoxecs
  A swamp worm (shapeshifter) (Vaults:5)
  48 nagas
  13 vampire mosquitoes
  19 swamp worms
  5 wargs
  A yaktaur simulacrum (Vaults:2)
  An entropy weaver zombie (Crypt:2)
  Duvessa (D:5)
  2 floating eyes (shapeshifter) (Vaults:5)
  An acid dragon (D:9)
  A glowing shapeshifter skeleton (Vaults:2)
  A floating eye (Pan)
  3 naga skeletons
  A swamp drake (Swamp:2)
  9 water moccasins
  An elephant zombie (Crypt:2)
  A faun skeleton (Crypt:1)
  17 orc warriors
  An ice beast (D:8)
  4 black bears
  A sky beast (Vaults:3)
  28 ogres
  4 small abominations
  2 phantoms
  30 wolves
  13 centaurs
  A manticore skeleton (Crypt:1)
  2 kobold brigands
  9 bullfrogs
  7 necrophages
  2 scorpions
  A wyvern zombie (Crypt:2)
  3 wights (Abyss:3)
  A warg zombie (Crypt:1)
  Dowan (D:5)
  12 killer bees
  A yak skeleton (Crypt:2)
  9 howler monkeys
  6 electric eels
  4 crimson imps (Pan)
  A wolf skeleton (Crypt:1)
  A quasit (Abyss:3)
  2 jellies
  3 hounds
  15 orc priests
  A gnoll bouda (D:9)
  26 orc wizards
  Natasha (twice) (D:3)
  3 iguanas
  7 hell rats (Lair:3)
  4 lightning spires (Vaults:3)
  27 mummies
  Robin (D:3)
  3 gnolls (D:9)
  6 adders
  3 shadow imps
  2 white imps
  2 worms
  A dart slug (D:5)
  75 orcs
  5 endoplasms
  A giant cockroach (D:2)
  4 hobgoblins
  6 jackals
  11 kobolds
  3 quokkas
  5 ball pythons
  3 bats
  4 frilled lizards
  A giant cockroach zombie (Crypt:2)
  10 goblins
  3 rats
  2 briar patches (Swamp:3)
  2 starspawn tentacles (Abyss:3)
2812 creatures vanquished.

Vanquished Creatures (collateral kills)
  Lom Lobon (Pan)
  2 pandemonium lords (Pan)
  5 royal mummies
  The ghost of Ugguttuj the Peltast, a veteran DrWn of Okawaru (Vaults:3)
  A Brimstone Fiend (Pan)
  An Ice Fiend (Pan)
  3 Hell Sentinels (Pan)
  A lich (Tomb:1)
  A titan (Tomb:2)
  The ghost of Kare Xaoge the Bludgeoner, an adept DgTm (Vaults:3)
  A deep elf blademaster (Tomb:2)
  An acid blob (Slime:5)
  An eldritch tentacle (Pan)
  An ancient champion (Tomb:2)
  An Executioner (Pan)
  A daeva (Pan)
  An azure jelly (Slime:5)
  6 balrugs (Pan)
  2 frost giants (Tomb:1)
  4 cacodemons (Pan)
  A demonspawn corrupter (Pan)
  A demonspawn blood saint (Pan)
  An ophan (Pan)
  A quicksilver ooze (Slime:5)
  A reaper (Pan)
  A stone giant (Tomb:2)
  An apis (Pan)
  A deep elf demonologist (Tomb:1)
  2 lorocyprocas (Pan)
  A blizzard demon (Pan)
  3 mummy priests
  2 green deaths (Pan)
  A deep elf death mage (Crypt:3)
  A quicksilver dragon skeleton (Pan)
  A dancing weapon (Pan)
  3 slime creatures (Slime:3)
  A deep elf knight (Tomb:1)
  3 sun demons (Pan)
  5 soul eaters (Pan)
  2 skeletal warriors (Crypt:3)
  4 cherubim (Pan)
  2 deep elf zephyrmancers (Tomb:1)
  A stone giant zombie (Tomb:3)
  5 smoke demons (Pan)
  An orange demon (Pan)
  2 hellions (Pan)
  A hellwing (Pan)
  5 guardian mummies
  2 large abominations
  A harpy skeleton (Pan)
  An ettin skeleton (Tomb:2)
  9 flying skulls
  A shadow (Crypt:3)
  2 ynoxinuls (Pan)
  6 ushabtiu
  A chaos spawn (Pan)
  2 crimson imps (Pan)
  10 mummies
125 creatures vanquished.

Vanquished Creatures (others)
  A sphinx (Vaults:5)
  A demonspawn corrupter (Pan)
  A deep elf death mage (Crypt:1)
  2 green deaths (Pan)
  A soul eater (Pan)
  A sun demon (Pan)
  A sixfirhy (Pan)
  3 wizards (Pan)
  A naga mage (Snake:4)
  2 smoke demons (Pan)
  A bloated husk (Swamp:1)
  A large abomination (Pan)
  A naga (Snake:4)
  An orc wizard (D:10)
  10 ball lightnings
  2 briar patches (Swamp:3)
  4 demonic plants (Pan)
  24 foxfires
  22 fungi
  144 plants
  4 withered plants (Vaults:3)
228 creatures vanquished.

Grand Total: 3165 creatures vanquished

Notes
Turn   | Place    | Note
-------+----------+-------------------------------------------
     0 | D:1      | qw the Gargoyle Fighter began the quest for the Orb.
     0 | D:1      | Reached XP level 1. HP: 14/14 MP: 1/1
     0 | D:1      | 0 ||| qw: Version: 0.2-a-17-g06abaee
     0 | D:1      | 0 ||| qw: Game counter: 2056
     0 | D:1      | 0 ||| qw: Always use a shield: true
     0 | D:1      | 0 ||| qw: God list: Okawaru
     0 | D:1      | 0 ||| qw: Allow faded altars: false
     0 | D:1      | 0 ||| qw: Do Orc after D:15 true
     0 | D:1      | 0 ||| qw: Do second Lair branch before Depths: true
     0 | D:1      | 0 ||| qw: Lair rune preference: random
     0 | D:1      | 0 ||| qw: Plans: Normal, Zot:1-4, God:TSO, Crypt, Tomb,
                  | Pan, Slime:5, Hells, Abyss, Orb
     0 | D:1      | 0 ||| PLANNING D:1-11
   190 | D:1      | Reached XP level 2. HP: 17/19 MP: 2/2
   351 | D:1      | 351 ||| DROPPING +0 club.
   651 | D:1      | Reached skill level 3 in Axes
   664 | D:1      | 664 ||| UPGRADING to +6 ring of dexterity.
   665 | D:1      | 665 ||| READING scroll labelled QEONITE JELEFO.
   666 | D:1      | 666 ||| READING scroll labelled ANAMPY LALU.
   667 | D:1      | 667 ||| READING scroll labelled POJ METYTTA.
   851 | D:2      | 851 ||| Stepping ~*~*~tactically~*~*~ (hiding).
   861 | D:2      | Reached XP level 3. HP: 20/23 MP: 3/3
  1016 | D:2      | Reached skill level 1 in Dodging
  1377 | D:2      | 1377 ||| UPGRADING to ring of protection from fire.
  1378 | D:2      | 1378 ||| READING scroll labelled IGIOPY WO HIA.
  1379 | D:2      | 1379 ||| READING 2 scrolls labelled VEAS SYTUGGO.
  1382 | D:2      | 1382 ||| READING scroll labelled VYN HUOFIOK.
  1483 | D:2      | 1483 ||| DRINKING 2 murky red potions.
  1484 | D:2      | 1484 ||| READING 2 scrolls of identify.
  1484 | D:2      | 1484 ||| IDENTIFYING glowing ruby potion
  1562 | D:3      | Reached XP level 4. HP: 27/28 MP: 4/4
  1809 | D:3      | Noticed a black bear
  1820 | D:3      | Killed a black bear
  1821 | D:3      | Reached XP level 5. HP: 20/32 MP: 5/5
  1869 | D:3      | 1869 ||| DROPPING +0 mace.
  2063 | D:3      | Noticed Natasha
  2064 | D:3      | 2064 ||| Stepping ~*~*~tactically~*~*~ (hiding).
  2068 | D:3      | Killed Natasha
  2261 | D:3      | Noticed Natasha
  2272 | D:3      | Killed Natasha
  2273 | D:3      | Reached XP level 6. HP: 25/38 MP: 6/6
  2542 | D:3      | 2542 ||| Stepping ~*~*~tactically~*~*~ (hiding).
  2549 | D:3      | Noticed Robin
  2558 | D:3      | Killed Robin
  2635 | D:3      | 2635 ||| UPGRADING to +0 chain mail.
  2645 | D:3      | 2645 ||| DROPPING +0 scale mail.
  2646 | D:3      | 2646 ||| UPGRADING to +0 helmet.
  2651 | D:3      | 2651 ||| READING scroll labelled HUZXUE YD FUCVUA.
  2652 | D:3      | 2652 ||| DRINKING 3 lumpy inky potions.
  2653 | D:3      | 2653 ||| DRINKING 2 smoky silvery potions.
  2654 | D:3      | 2654 ||| DROPPING potion of flight.
  2744 | D:4      | Reached skill level 6 in Axes
  2760 | D:4      | Reached XP level 7. HP: 40/43 MP: 7/7
  2830 | D:4      | 2830 ||| Stepping ~*~*~tactically~*~*~ (stealth).
  2834 | D:4      | 2834 ||| Stepping ~*~*~tactically~*~*~ (hiding).
  2855 | D:4      | 2855 ||| FLEEEEING.
  2856 | D:4      | 2856 ||| FLEEEEING.
  2857 | D:4      | 2857 ||| FLEEEEING.
  2858 | D:4      | 2858 ||| FLEEEEING.
  2859 | D:4      | 2859 ||| FLEEEEING.
  2923 | D:4      | 2923 ||| Stepping ~*~*~tactically~*~*~ (stealth).
  2966 | D:4      | Identified the +6 whip of the Final Chapter {protect, rF+
                  | Str-3 Dex+6}
  2968 | D:4      | 2968 ||| DROPPING +0 flail.
  3163 | D:4      | Found a runed translucent door.
  3164 | D:4      | Noticed Crazy Yiuf
  3300 | D:4      | 3300 ||| UPGRADING to +0 pair of boots.
  3305 | D:4      | 3305 ||| UPGRADING to +1 cloak.
  3310 | D:4      | 3310 ||| READING scroll labelled NOSETH MIOMAAT.
  3311 | D:4      | 3311 ||| READING 2 scrolls of identify.
  3311 | D:4      | 3311 ||| IDENTIFYING fizzy yellow potion
  3352 | D:5      | Entered Level 5 of the Dungeon
  3352 | D:5      | Noticed Eustachio
  3366 | D:5      | Killed Eustachio
  3409 | D:5      | Reached skill level 1 in Throwing
  3496 | D:5      | Found a radiant altar of Vehumet.
  3499 | D:5      | 3499 ||| Stepping ~*~*~tactically~*~*~ (hiding).
  3522 | D:5      | Reached XP level 8. HP: 26/49 MP: 8/8
  3524 | D:5      | 3524 ||| DRINKING potion of curing.
  3524 | D:5      | 3524 ||| (to cure confusion)
  3578 | D:5      | 3578 ||| DROPPING +6 whip of the Final Chapter {protect,
                  | rF+ Str-3 Dex+6}.
  3634 | D:5      | Noticed Duvessa
  3634 | D:5      | Noticed Dowan
  3636 | D:5      | 3636 ||| Stepping ~*~*~tactically~*~*~ (hiding).
  3638 | D:5      | 3638 ||| Stepping ~*~*~tactically~*~*~ (hiding).
  3649 | D:5      | Killed Dowan
  3650 | D:5      | Killed Duvessa
  3756 | D:5      | Found a transporter.
  3765 | D:5      | Noticed qw's ghost (amateur GrFi)
  3779 | D:5      | Found a transporter.
  3798 | D:5      | Found a staircase to the Ecumenical Temple.
  3799 | D:5      | 3799 ||| PLANNING TEMPLE
  3799 | D:5      | 3799 ||| READING 2 scrolls of identify.
  3799 | D:5      | 3799 ||| IDENTIFYING blue potion
  3806 | Temple   | Entered the Ecumenical Temple
  3850 | Temple   | 3850 ||| PLANNING OKAWARU WORSHIP
  3884 | Temple   | Became a worshipper of Warmaster Okawaru
  3885 | Temple   | 3885 ||| PLANNING D:1-11
  3908 | D:5      | 3908 ||| Stepping ~*~*~tactically~*~*~ (hiding).
  3909 | D:5      | 3909 ||| Stepping ~*~*~tactically~*~*~ (hiding).
  3916 | D:5      | 3916 ||| Stepping ~*~*~tactically~*~*~ (hiding).
  3927 | D:5      | 3927 ||| Stepping ~*~*~tactically~*~*~ (hiding).
  3955 | D:5      | Identified the +0 scale mail of Pantheism {rPois Will+
                  | Regen+ Str-3}
  4000 | D:5      | Identified the +0 ring mail "Murr" {rPois rC+}
  4487 | D:5      | 4487 ||| DROPPING +3 ring mail of fire resistance.
  4488 | D:5      | 4488 ||| UPGRADING to +0 scale mail of Pantheism {rPois
                  | Will+ Regen+ Str-3}.
  4498 | D:5      | 4498 ||| DROPPING +0 chain mail.
  4499 | D:5      | 4499 ||| UPGRADING to +0 plate armour.
  4509 | D:5      | 4509 ||| DROPPING +0 scale mail of Pantheism {rPois Will+
                  | Regen+ Str-3}.
  4510 | D:5      | 4510 ||| DROPPING +2 chain mail of willpower.
  4606 | D:6      | 4606 ||| Stepping ~*~*~tactically~*~*~ (stealth).
  4608 | D:6      | 4608 ||| Stepping ~*~*~tactically~*~*~ (stealth).
  4611 | D:6      | 4611 ||| Stepping ~*~*~tactically~*~*~ (hiding).
  4800 | D:6      | Noticed Maggie
  4801 | D:6      | 4801 ||| Stepping ~*~*~tactically~*~*~ (hiding).
  4802 | D:6      | 4802 ||| Stepping ~*~*~tactically~*~*~ (hiding).
  4803 | D:6      | 4803 ||| Stepping ~*~*~tactically~*~*~ (hiding).
  4805 | D:6      | 4805 ||| Stepping ~*~*~tactically~*~*~ (hiding).
  4826 | D:6      | Killed Maggie
  4827 | D:6      | Reached skill level 6 in Armour
  4856 | D:6      | 4856 ||| SWAPPING to +0 war axe of flaming.
  4857 | D:6      | 4857 ||| DROPPING +0 morningstar.
  4858 | D:6      | 4858 ||| DROPPING +1 war axe.
  5028 | D:6      | Found a basalt altar of Yredelemnul.
  5028 | D:6      | Found a sacrificial altar of Ru.
  5028 | D:6      | Found a burning altar of Makhleb.
  5028 | D:6      | Found a blossoming altar of Fedhas.
  5097 | D:6      | Reached * piety under Okawaru
  5098 | D:6      | Reached XP level 9. HP: 54/54 MP: 9/9
  5144 | D:6      | Reached skill level 1 in Invocations
  5168 | D:6      | 5168 ||| Stepping ~*~*~tactically~*~*~ (hiding).
  5218 | D:6      | Found a shimmering blue altar of Sif Muna.
  5237 | D:6      | 5237 ||| DRINKING potion of curing.
  5237 | D:6      | 5237 ||| (to cure confusion)
  5635 | D:6      | Reached skill level 6 in Fighting
  5762 | D:6      | 5762 ||| UPGRADING to scarf of resistance.
  5772 | D:6      | 5772 ||| READING 2 scrolls of identify.
  5772 | D:6      | 5772 ||| IDENTIFYING golden potion
  5836 | D:7      | 5836 ||| Stepping ~*~*~tactically~*~*~ (stealth).
  5839 | D:7      | 5839 ||| Stepping ~*~*~tactically~*~*~ (stealth).
  5841 | D:7      | 5841 ||| Stepping ~*~*~tactically~*~*~ (hiding).
  5843 | D:7      | 5843 ||| INVOKING Heroism.
  5851 | D:7      | Reached skill level 3 in Invocations
  6007 | D:7      | 6007 ||| INVOKING Heroism.
  6183 | D:7      | 6183 ||| Stepping ~*~*~tactically~*~*~ (hiding).
  6190 | D:7      | 6190 ||| INVOKING Heroism.
  6298 | D:7      | 6298 ||| Stepping ~*~*~tactically~*~*~ (stealth).
  6300 | D:7      | 6300 ||| Stepping ~*~*~tactically~*~*~ (hiding).
  6305 | D:7      | 6305 ||| INVOKING Heroism.
  6329 | D:7      | 6329 ||| READING scroll of enchant armour.
  6329 | D:7      | 6329 ||| ENCHANTING +0 helmet.
  6531 | D:7      | 6531 ||| UPGRADING to amulet of regeneration.
  6536 | D:7      | 6536 ||| READING 2 scrolls of identify.
  6536 | D:7      | 6536 ||| IDENTIFYING viscous silvery potion
  6537 | D:7      | 6537 ||| DROPPING potion of degeneration.
  6596 | D:8      | Reached skill level 9 in Axes
  6630 | D:8      | Reached ** piety under Okawaru
  6676 | D:8      | Noticed Psyche
  6677 | D:8      | 6677 ||| INVOKING Heroism.
  6755 | D:8      | 6755 ||| INVOKING Heroism.
  6761 | D:8      | Reached XP level 10. HP: 38/63 MP: 10/13
  6792 | D:8      | Found Deoskel's Antique Armour Shop.
  6797 | D:8      | 6797 ||| BUYING faintly humming chain mail (294 gold).
  6797 | D:8      | Bought a faintly humming chain mail for 294 gold pieces
  6797 | D:8      | Identified the +0 chain mail of Bitterness {rF+} (You
                  | bought it in a shop on level 8 of the Dungeon)
  6800 | D:8      | Found a sparkling altar of Nemelex Xobeh.
  6808 | D:8      | 6808 ||| Stepping ~*~*~tactically~*~*~ (hiding).
  6817 | D:8      | 6817 ||| INVOKING Heroism.
  6827 | D:8      | 6827 ||| Stepping ~*~*~tactically~*~*~ (stealth).
  6836 | D:8      | 6836 ||| INVOKING Heroism.
  6854 | D:8      | Found Suoclyi's Antique Armour Shoppe.
  6866 | D:8      | 6866 ||| SHOPLISTING glowing plate armour (676 gold, have
                  | 110).
  6901 | D:8      | Noticed Joseph
  6904 | D:8      | 6904 ||| Stepping ~*~*~tactically~*~*~ (hiding).
  6921 | D:8      | Killed Joseph
  6945 | D:8      | Noticed Grum
  6946 | D:8      | Found Ematwufi's Distillery.
  6991 | D:8      | 6991 ||| INVOKING Heroism.
  6998 | D:8      | Killed Psyche
  7051 | D:8      | 7051 ||| INVOKING Heroism.
  7132 | D:8      | Found Zeesoixt's Jewellery Emporium.
  7135 | D:8      | 7135 ||| SHOPLISTING +4 ring of evasion (396 gold, have
                  | 164).
  7135 | D:8      | 7135 ||| SHOPLISTING ring of Bazicuba {rPois rF+ Will-
                  | Str+3 SInv} (388 gold, have 164).
  7135 | D:8      | 7135 ||| SHOPLISTING ring of ice (275 gold, have 164).
  7135 | D:8      | 7135 ||| SHOPLISTING ring of see invisible (165 gold, have
                  | 164).
  7135 | D:8      | 7135 ||| SHOPLISTING ring of willpower (275 gold, have
                  | 164).
  7217 | D:8      | 7217 ||| READING 2 scrolls of identify.
  7217 | D:8      | 7217 ||| IDENTIFYING glowing puce potion
  7237 | D:9      | 7237 ||| STAIRDANCE
  7243 | D:9      | 7243 ||| STAIRDANCE
  7250 | D:9      | 7250 ||| STAIRDANCE
  7256 | D:9      | 7256 ||| STAIRDANCE
  7323 | D:9      | Reached *** piety under Okawaru
  7336 | D:9      | 7336 ||| INVOKING Heroism.
  7395 | D:9      | Found a broken altar of Ashenzari.
  7398 | D:9      | 7398 ||| INVOKING Heroism.
  7485 | D:9      | 7485 ||| Stepping ~*~*~tactically~*~*~ (stealth).
  7487 | D:9      | 7487 ||| Stepping ~*~*~tactically~*~*~ (hiding).
  7488 | D:9      | 7488 ||| Stepping ~*~*~tactically~*~*~ (hiding).
  7504 | D:9      | 7504 ||| Stepping ~*~*~tactically~*~*~ (stealth).
  7505 | D:9      | 7505 ||| Stepping ~*~*~tactically~*~*~ (stealth).
  7521 | D:9      | 7521 ||| Stepping ~*~*~tactically~*~*~ (stealth).
  7537 | D:9      | 7537 ||| Stepping ~*~*~tactically~*~*~ (stealth).
  7538 | D:9      | 7538 ||| INVOKING Heroism.
  7608 | D:9      | 7608 ||| Stepping ~*~*~tactically~*~*~ (hiding).
  7609 | D:9      | 7609 ||| Stepping ~*~*~tactically~*~*~ (hiding).
  7736 | D:9      | 7736 ||| INVOKING Heroism.
  7784 | D:8      | 7784 ||| INVOKING Heroism.
  7797 | D:8      | Killed Grum
  7822 | D:8      | 7822 ||| BUYING 2 potions of curing (78 gold).
  7822 | D:8      | Bought 2 potions of curing for 78 gold pieces
  7822 | D:8      | 7822 ||| BUYING potion of cancellation (104 gold).
  7822 | D:8      | Bought a potion of cancellation for 104 gold pieces
  7822 | D:8      | 7822 ||| BUYING potion of curing (39 gold).
  7822 | D:8      | Bought a potion of curing for 39 gold pieces
  7822 | D:8      | 7822 ||| SHOPLISTING potion of curing (39 gold, have 14).
  7822 | D:8      | 7822 ||| SHOPLISTING potion of haste (130 gold, have 14).
  7822 | D:8      | 7822 ||| SHOPLISTING potion of heal wounds (65 gold, have
                  | 14).
  7822 | D:8      | 7822 ||| SHOPLISTING potion of might (52 gold, have 14).
  7822 | D:8      | 7822 ||| SHOPLISTING potion of mutation (104 gold, have
                  | 14).
  8051 | D:9      | 8051 ||| Stepping ~*~*~tactically~*~*~ (stealth).
  8053 | D:9      | 8053 ||| INVOKING Heroism.
  8109 | D:9      | 8109 ||| READING 2 scrolls of identify.
  8109 | D:9      | 8109 ||| IDENTIFYING green potion
  8110 | D:9      | 8110 ||| DROPPING potion of ambrosia.
  8146 | D:10     | Entered Level 10 of the Dungeon
  8155 | D:10     | 8155 ||| INVOKING Heroism.
  8207 | D:10     | 8207 ||| Stepping ~*~*~tactically~*~*~ (stealth).
  8213 | D:10     | 8213 ||| Stepping ~*~*~tactically~*~*~ (hiding).
  8224 | D:10     | Reached XP level 11. HP: 63/69 MP: 14/14
  8226 | D:10     | 8226 ||| Stepping ~*~*~tactically~*~*~ (stealth).
  8228 | D:10     | 8228 ||| INVOKING Heroism.
  8229 | D:10     | 8229 ||| DRINKING 6 potions of curing.
  8229 | D:10     | 8229 ||| (to cure confusion)
  8231 | D:10     | 8231 ||| DRINKING 5 potions of curing.
  8231 | D:10     | 8231 ||| (to cure confusion)
  8256 | D:10     | Found a staircase to the Lair.
  8260 | D:10     | 8260 ||| Stepping ~*~*~tactically~*~*~ (hiding).
  8262 | D:10     | 8262 ||| Stepping ~*~*~tactically~*~*~ (hiding).
  8265 | D:10     | 8265 ||| INVOKING Heroism.
  8270 | D:10     | Reached skill level 9 in Fighting
  8278 | D:10     | 8278 ||| Stepping ~*~*~tactically~*~*~ (stealth).
  8285 | D:10     | Noticed Josephine
  8294 | D:10     | 8294 ||| INVOKING Heroism.
  8295 | D:10     | Reached **** piety under Okawaru
  8303 | D:10     | Killed Josephine
  8351 | D:10     | 8351 ||| READING scroll of enchant armour.
  8351 | D:10     | 8351 ||| ENCHANTING +1 helmet.
  8465 | D:10     | 8465 ||| INVOKING Heroism.
  8489 | D:10     | 8489 ||| INVOKING Heroism.
  8531 | D:10     | Noticed Snorg
  8532 | D:10     | 8532 ||| INVOKING Heroism.
  8539 | D:10     | Killed Snorg
  8539 | D:10     | Received a gift from Okawaru
  8577 | D:10     | Noticed a two-headed ogre
  8578 | D:10     | 8578 ||| INVOKING Heroism.
  8580 | D:10     | 8580 ||| Stepping ~*~*~tactically~*~*~ (stealth).
  8581 | D:10     | Noticed a two-headed ogre
  8589 | D:10     | Killed a two-headed ogre
  8590 | D:10     | Reached skill level 6 in Invocations
  8595 | D:10     | Killed a two-headed ogre
  8596 | D:10     | Reached skill level 3 in Throwing
  8599 | D:10     | Reached ***** piety under Okawaru
  8756 | D:10     | 8756 ||| Stepping ~*~*~tactically~*~*~ (stealth).
  8759 | D:10     | 8759 ||| Stepping ~*~*~tactically~*~*~ (stealth).
  8771 | D:10     | Noticed Sonja
  8772 | D:10     | 8772 ||| INVOKING Finesse.
  8792 | D:10     | Noticed Lodul
  8793 | D:10     | 8793 ||| Stepping ~*~*~tactically~*~*~ (hiding).
  8794 | D:10     | 8794 ||| Stepping ~*~*~tactically~*~*~ (hiding).
  8800 | D:10     | 8800 ||| INVOKING Heroism.
  8809 | D:10     | Killed Lodul
  8811 | D:10     | Killed Sonja
  8817 | D:10     | HP: 16/71 [ogre/+0 giant club[Lodul] (21)]
  8818 | D:10     | 8818 ||| READING 4 scrolls of teleportation.
  8819 | D:10     | 8819 ||| DRINKING 7 potions of heal wounds.
  9067 | D:10     | 9067 ||| INVOKING Heroism.
  9069 | D:10     | 9069 ||| Stepping ~*~*~tactically~*~*~ (stealth).
  9074 | D:10     | Reached XP level 12. HP: 76/76 MP: 15/18
  9222 | D:10     | 9222 ||| PLANNING LAIR
  9222 | D:10     | 9222 ||| DROPPING amulet of guardian spirit.
  9223 | D:10     | 9223 ||| READING scroll labelled ZUYV HU RUU.
  9297 | D:10     | 9297 ||| DROPPING +0 flail.
  9298 | D:10     | 9298 ||| READING 2 scrolls of identify.
  9298 | D:10     | 9298 ||| IDENTIFYING grey potion
  9299 | D:10     | 9299 ||| DROPPING potion of brilliance.
  9340 | Lair:1   | Entered Level 1 of the Lair of Beasts
  9374 | Lair:1   | 9374 ||| Stepping ~*~*~tactically~*~*~ (stealth).
  9375 | Lair:1   | 9375 ||| Stepping ~*~*~tactically~*~*~ (stealth).
  9375 | Lair:1   | Noticed a boulder beetle
  9376 | Lair:1   | 9376 ||| INVOKING Heroism.
  9377 | Lair:1   | 9377 ||| INVOKING Finesse.
  9398 | Lair:1   | Killed a boulder beetle
  9436 | Lair:1   | 9436 ||| Stepping ~*~*~tactically~*~*~ (stealth).
  9467 | Lair:1   | Reached skill level 12 in Axes
  9513 | Lair:1   | 9513 ||| INVOKING Heroism.
  9573 | Lair:1   | 9573 ||| INVOKING Heroism.
  9631 | Lair:1   | 9631 ||| Stepping ~*~*~tactically~*~*~ (stealth).
  9641 | Lair:1   | 9641 ||| INVOKING Heroism.
  9643 | Lair:1   | Reached skill level 9 in Invocations
  9682 | Lair:1   | 9682 ||| READING scroll of enchant weapon.
  9682 | Lair:1   | 9682 ||| ENCHANTING +0 war axe of draining.
  9699 | Lair:1   | 9699 ||| Stepping ~*~*~tactically~*~*~ (stealth).
 10060 | Lair:1   | 10060 ||| INVOKING Heroism.
 10094 | Lair:1   | 10094 ||| INVOKING Finesse.
 10100 | Lair:1   | 10100 ||| INVOKING Heroism.
 10325 | Lair:1   | 10325 ||| UPGRADING to +0 pair of gloves.
 10330 | Lair:1   | 10330 ||| READING scroll labelled HIAROSTR HYTHO.
 10331 | Lair:1   | 10331 ||| READING scroll labelled EGYBOZI XEFI.
 10332 | Lair:1   | 10332 ||| READING scroll labelled NIPEHAJEHI.
 10436 | Lair:2   | 10436 ||| INVOKING Heroism.
 10509 | Lair:2   | 10509 ||| INVOKING Heroism.
 10639 | Lair:2   | 10639 ||| INVOKING Heroism.
 10652 | Lair:2   | Reached skill level 9 in Armour
 10652 | Lair:2   | Received a gift from Okawaru
 10653 | Lair:2   | Reached skill level 3 in Dodging
 10656 | Lair:2   | Reached skill level 6 in Shields
 10698 | Lair:2   | 10698 ||| INVOKING Heroism.
 10761 | Lair:2   | Identified the +4 ring mail of Filiulum {Int+2 SInv}
 10787 | Lair:2   | 10787 ||| INVOKING Heroism.
 10852 | Lair:2   | Noticed a four-headed hydra
 10853 | Lair:2   | 10853 ||| INVOKING Heroism.
 10854 | Lair:2   | 10854 ||| INVOKING Finesse.
 10855 | Lair:2   | 10855 ||| SWAPPING to +0 flail of draining.
 10856 | Lair:2   | 10856 ||| SWAPPING to +1 war axe of draining.
 10858 | Lair:2   | 10858 ||| SWAPPING to +0 flail of draining.
 10867 | Lair:2   | Killed a four-headed hydra
 10868 | Lair:2   | Reached XP level 13. HP: 79/82 MP: 13/20
 10868 | Lair:2   | 10868 ||| SWAPPING to +1 war axe of draining.
 11077 | Lair:2   | 11077 ||| Stepping ~*~*~tactically~*~*~ (stealth).
 11079 | Lair:2   | 11079 ||| INVOKING Heroism.
 11229 | Lair:2   | Found a staircase to the Swamp.
 11230 | Lair:2   | 11230 ||| INVOKING Heroism.
 11258 | Lair:2   | 11258 ||| INVOKING Heroism.
 11262 | Lair:2   | HP: 19/82 [tyrant leech (11)]
 11263 | Lair:2   | 11263 ||| READING 3 scrolls of teleportation.
 11264 | Lair:2   | 11264 ||| DRINKING 6 potions of heal wounds.
 11282 | Lair:2   | 11282 ||| Stepping ~*~*~tactically~*~*~ (stealth).
 11285 | Lair:2   | 11285 ||| FLEEEEING.
 11475 | Lair:2   | 11475 ||| READING 2 scrolls of identify.
 11475 | Lair:2   | 11475 ||| IDENTIFYING viscous green potion
 11495 | Lair:3   | 11495 ||| INVOKING Heroism.
 11496 | Lair:3   | 11496 ||| INVOKING Finesse.
 11502 | Lair:3   | 11502 ||| SWAPPING to +0 flail of draining.
 11509 | Lair:3   | 11509 ||| SWAPPING to +1 war axe of draining.
 11569 | Lair:3   | 11569 ||| Stepping ~*~*~tactically~*~*~ (stealth).
 11571 | Lair:3   | 11571 ||| INVOKING Heroism.
 11573 | Lair:3   | 11573 ||| Stepping ~*~*~tactically~*~*~ (stealth).
 11695 | Lair:3   | Found a hide-covered altar of Uskayaw.
 11696 | Lair:3   | 11696 ||| INVOKING Heroism.
 11699 | Lair:3   | 11699 ||| INVOKING Finesse.
 11710 | Lair:3   | Found an ornate altar of the Wu Jian Council.
 11770 | Lair:3   | 11770 ||| Stepping ~*~*~tactically~*~*~ (stealth).
 11789 | Lair:3   | 11789 ||| Stepping ~*~*~tactically~*~*~ (stealth).
 11809 | Lair:3   | 11809 ||| INVOKING Heroism.
 11811 | Lair:3   | Received a gift from Okawaru
 11843 | Lair:3   | 11843 ||| Stepping ~*~*~tactically~*~*~ (hiding).
 11848 | Lair:3   | Found a staircase to the Snake Pit.
 11859 | Lair:3   | 11859 ||| INVOKING Heroism.
 11931 | Lair:3   | 11931 ||| INVOKING Heroism.
 11987 | Lair:3   | 11987 ||| READING scroll of enchant armour.
 11987 | Lair:3   | 11987 ||| ENCHANTING +0 pair of gloves.
 12021 | Lair:3   | 12021 ||| Stepping ~*~*~tactically~*~*~ (stealth).
 12281 | Lair:3   | 12281 ||| READING scroll labelled OLYOS RAUTHRO.
 12281 | Lair:3   | Identified a scroll of acquirement
 12281 | Lair:3   | 12281 ||| ACQUIRING +2 pair of gloves of the Depths {rF+}
 12281 | Lair:3   | Acquired the +2 pair of gloves of the Depths {rF+}
 12283 | Lair:3   | 12283 ||| UPGRADING to +2 pair of gloves of the Depths
                  | {rF+}.
 12293 | Lair:3   | 12293 ||| DROPPING +1 pair of gloves.
 12294 | Lair:3   | 12294 ||| UPGRADING to ring of protection from cold.
 12296 | Lair:3   | 12296 ||| READING scroll labelled CEGIVVUCZEYR.
 12297 | Lair:3   | 12297 ||| READING 2 scrolls of identify.
 12297 | Lair:3   | 12297 ||| IDENTIFYING fuming emerald potion
 12315 | Lair:4   | Found a runed translucent gate.
 12315 | Lair:4   | Found a runed translucent gate.
 12315 | Lair:4   | Found a runed translucent gate.
 12316 | Lair:4   | Noticed qw's ghost (journeyman GrFi)
 12377 | Lair:4   | 12377 ||| Stepping ~*~*~tactically~*~*~ (stealth).
 12382 | Lair:4   | 12382 ||| INVOKING Heroism.
 12395 | Lair:4   | 12395 ||| Stepping ~*~*~tactically~*~*~ (stealth).
 12398 | Lair:4   | 12398 ||| Stepping ~*~*~tactically~*~*~ (stealth).
 12416 | Lair:4   | Found a staircase to the Slime Pits.
 12417 | Lair:4   | Found a viscous altar of Jiyva.
 12424 | Lair:4   | 12424 ||| INVOKING Heroism.
 12439 | Lair:4   | 12439 ||| INVOKING Finesse.
 12444 | Lair:4   | 12444 ||| SWAPPING to +0 flail of draining.
 12446 | Lair:4   | 12446 ||| SWAPPING to +1 war axe of draining.
 12488 | Lair:4   | 12488 ||| INVOKING Heroism.
 12972 | Lair:4   | 12972 ||| DROPPING amulet of faith.
 12997 | Lair:5   | Entered Level 5 of the Lair of Beasts
 13013 | Lair:5   | Found a runed translucent door.
 13093 | Lair:5   | 13093 ||| INVOKING Heroism.
 13094 | Lair:5   | 13094 ||| INVOKING Finesse.
 13114 | Lair:5   | Received a gift from Okawaru
 13206 | Lair:5   | 13206 ||| SWAPPING to +0 vorpal broad axe.
 13207 | Lair:5   | 13207 ||| DROPPING +1 war axe of draining.
 13275 | Lair:5   | 13275 ||| INVOKING Heroism.
 13287 | Lair:5   | Gained mutation: Your large and strong wings let you fly.
                  | [Gargoyle growth]
 13287 | Lair:5   | Reached XP level 14. HP: 82/90 MP: 19/21
 13321 | Lair:5   | 13321 ||| Stepping ~*~*~tactically~*~*~ (stealth).
 13352 | Lair:5   | 13352 ||| Stepping ~*~*~tactically~*~*~ (hiding).
 13355 | Lair:5   | 13355 ||| INVOKING Heroism.
 13356 | Lair:5   | 13356 ||| INVOKING Finesse.
 13379 | Lair:5   | 13379 ||| Stepping ~*~*~tactically~*~*~ (stealth).
 13389 | Lair:5   | 13389 ||| INVOKING Finesse.
 13396 | Lair:5   | Reached skill level 15 in Axes
 13401 | Lair:5   | Received a gift from Okawaru
 13465 | Lair:5   | 13465 ||| Stepping ~*~*~tactically~*~*~ (stealth).
 13467 | Lair:5   | 13467 ||| Stepping ~*~*~tactically~*~*~ (stealth).
 13468 | Lair:5   | 13468 ||| Stepping ~*~*~tactically~*~*~ (stealth).
 13469 | Lair:5   | 13469 ||| Stepping ~*~*~tactically~*~*~ (stealth).
 13472 | Lair:5   | 13472 ||| INVOKING Heroism.
 13473 | Lair:5   | 13473 ||| INVOKING Finesse.
 13495 | Lair:5   | Received a gift from Okawaru
 13550 | Lair:5   | 13550 ||| Stepping ~*~*~tactically~*~*~ (stealth).
 13628 | Lair:5   | 13628 ||| INVOKING Heroism.
 13638 | Lair:5   | 13638 ||| Stepping ~*~*~tactically~*~*~ (stealth).
 13645 | Lair:5   | 13645 ||| Stepping ~*~*~tactically~*~*~ (stealth).
 13704 | Lair:5   | 13704 ||| READING scroll of acquirement.
 13704 | Lair:5   | 13704 ||| ACQUIRING +8 mithril axe "Arga" {speed, Will+}
 13704 | Lair:5   | Acquired the +8 mithril axe "Arga" {speed, Will+}
 13704 | Lair:5   | Found the +8 mithril axe "Arga" {speed, Will+}
 13706 | Lair:5   | 13706 ||| SWAPPING to +8 mithril axe "Arga" {speed, Will+}.
 13707 | Lair:5   | 13707 ||| DROPPING +0 vorpal broad axe.
 13755 | Lair:5   | 13755 ||| Stepping ~*~*~tactically~*~*~ (stealth).
 13756 | Lair:5   | 13756 ||| Stepping ~*~*~tactically~*~*~ (stealth).
 13787 | Lair:5   | 13787 ||| Stepping ~*~*~tactically~*~*~ (stealth).
 13809 | Lair:5   | 13809 ||| FLEEEEING.
 13885 | Lair:5   | Reached skill level 12 in Fighting
 14144 | Lair:5   | Noticed qw's ghost (journeyman GrFi)
 14162 | Lair:5   | 14162 ||| PLANNING D:1-11
 14722 | D:11     | Identified the +2 dagger "Jituseh" {flame, rPois Dex+2}
 14844 | D:11     | 14844 ||| INVOKING Heroism.
 14848 | D:11     | Identified the +8 great mace "Iduse" {drain, *Slow rPois
                  | Dex+3 SInv} (Okawaru gifted it to you on level 11 of the
                  | Dungeon)
 14848 | D:11     | Received a gift from Okawaru
 14903 | D:11     | Noticed Nergalle
 14921 | D:11     | Killed Nergalle
 14975 | D:11     | Noticed Fannar
 14986 | D:11     | Killed Fannar
 14993 | D:11     | Found a staircase to the Orcish Mines.
 15033 | D:11     | 15033 ||| INVOKING Heroism.
 15034 | D:11     | 15034 ||| INVOKING Finesse.
 15210 | D:11     | 15210 ||| PLANNING D
 15210 | D:11     | 15210 ||| UPGRADING to ring of see invisible.
 15212 | D:11     | 15212 ||| UPGRADING to +6 ring of dexterity.
 15214 | D:11     | 15214 ||| DRINKING 2 pink potions.
 15318 | D:11     | 15318 ||| DROPPING potion of berserk rage.
 15371 | D:12     | 15371 ||| STAIRDANCE
 15395 | D:12     | 15395 ||| INVOKING Heroism.
 15846 | D:12     | 15846 ||| Stepping ~*~*~tactically~*~*~ (stealth).
 15848 | D:12     | 15848 ||| INVOKING Heroism.
 15869 | D:12     | Received a gift from Okawaru
 15871 | D:12     | Noticed a tengu reaver
 15879 | D:12     | 15879 ||| INVOKING Heroism.
 15883 | D:12     | Killed a tengu reaver
 15883 | D:12     | HP: 20/92 [mirror damage (8)]
 15884 | D:12     | 15884 ||| READING 5 scrolls of teleportation.
 15885 | D:12     | 15885 ||| DRINKING 5 potions of heal wounds.
 15889 | D:12     | 15889 ||| FLEEEEING.
 15904 | D:12     | 15904 ||| INVOKING Heroism.
 15906 | D:12     | 15906 ||| Stepping ~*~*~tactically~*~*~ (hiding).
 15938 | D:12     | 15938 ||| Stepping ~*~*~tactically~*~*~ (stealth).
 15965 | D:12     | 15965 ||| INVOKING Heroism.
 15966 | D:12     | 15966 ||| INVOKING Finesse.
 16045 | D:12     | 16045 ||| INVOKING Heroism.
 16407 | D:12     | 16407 ||| INVOKING Heroism.
 16413 | D:12     | Reached XP level 15. HP: 91/96 MP: 19/22
 16609 | D:13     | Reached skill level 12 in Armour
 16611 | D:13     | Found a gate to the Vaults.
 16626 | D:13     | 16626 ||| Stepping ~*~*~tactically~*~*~ (hiding).
 16628 | D:13     | 16628 ||| Stepping ~*~*~tactically~*~*~ (hiding).
 16739 | D:13     | 16739 ||| INVOKING Heroism.
 16749 | D:13     | Identified the +0 plate armour of Moral Flaws {rF- rN+++
                  | MP+9 Str+3} (Okawaru gifted it to you on level 13 of the
                  | Dungeon)
 16749 | D:13     | Received a gift from Okawaru
 16936 | D:13     | Found Lourus's Serpentskin Sales.
 17129 | D:13     | 17129 ||| UPGRADING to +0 plate armour of Moral Flaws {rF-
                  | rN+++ MP+9 Str+3}.
 17324 | D:14     | 17324 ||| Stepping ~*~*~tactically~*~*~ (hiding).
 17325 | D:14     | 17325 ||| Stepping ~*~*~tactically~*~*~ (hiding).
 17326 | D:14     | 17326 ||| Stepping ~*~*~tactically~*~*~ (hiding).
 17399 | D:14     | 17399 ||| INVOKING Heroism.
 17510 | D:14     | Found a sparkling altar of Nemelex Xobeh.
 17604 | D:14     | Identified the +2 quarterstaff of Dissolution {freeze,
                  | Str+2}
 17702 | D:14     | 17702 ||| READING scroll of enchant armour.
 17702 | D:14     | 17702 ||| ENCHANTING +0 pair of boots.
 17722 | D:14     | Found Jeullus's Magic Scroll Shop.
 17729 | D:14     | 17729 ||| BUYING scroll of identify (32 gold).
 17729 | D:14     | Bought a scroll of identify for 32 gold pieces
 17729 | D:14     | 17729 ||| BUYING scroll of identify (32 gold).
 17729 | D:14     | Bought a scroll of identify for 32 gold pieces
 17729 | D:14     | 17729 ||| BUYING scroll of identify (32 gold).
 17729 | D:14     | Bought a scroll of identify for 32 gold pieces
 17778 | D:14     | 17778 ||| Stepping ~*~*~tactically~*~*~ (stealth).
 17940 | D:14     | 17940 ||| INVOKING Heroism.
 17942 | D:14     | 17942 ||| Stepping ~*~*~tactically~*~*~ (stealth).
 17945 | D:14     | 17945 ||| Stepping ~*~*~tactically~*~*~ (stealth).
 18152 | D:14     | 18152 ||| UPGRADING to +2 pair of boots.
 18162 | D:14     | 18162 ||| DROPPING +1 pair of boots.
 18181 | D:15     | Entered Level 15 of the Dungeon
 18201 | D:15     | 18201 ||| Stepping ~*~*~tactically~*~*~ (hiding).
 18275 | D:15     | 18275 ||| FLEEEEING.
 18280 | D:15     | 18280 ||| FLEEEEING.
 18285 | D:15     | 18285 ||| INVOKING Heroism.
 18295 | D:15     | HP: 22/97 [centaur warrior/arrow (4)]
 18296 | D:15     | 18296 ||| READING 4 scrolls of teleportation.
 18297 | D:15     | 18297 ||| DRINKING 5 potions of heal wounds.
 18301 | D:15     | HP: 24/98 [centaur warrior/arrow (9)]
 18302 | D:15     | 18302 ||| DRINKING 4 potions of heal wounds.
 18398 | D:15     | 18398 ||| INVOKING Heroism.
 18400 | D:15     | Reached ****** piety under Okawaru
 18557 | D:15     | Found a staircase to the Depths.
 18565 | D:15     | 18565 ||| Stepping ~*~*~tactically~*~*~ (hiding).
 18946 | D:15     | 18946 ||| PLANNING ORC
 19087 | Orc:1    | Entered Level 1 of the Orcish Mines
 19105 | Orc:1    | 19105 ||| Stepping ~*~*~tactically~*~*~ (stealth).
 19106 | Orc:1    | 19106 ||| Stepping ~*~*~tactically~*~*~ (stealth).
 19139 | Orc:1    | 19139 ||| INVOKING Heroism.
 19152 | Orc:1    | Received a gift from Okawaru
 19189 | Orc:1    | 19189 ||| Stepping ~*~*~tactically~*~*~ (stealth).
 19190 | Orc:1    | 19190 ||| Stepping ~*~*~tactically~*~*~ (stealth).
 19192 | Orc:1    | 19192 ||| Stepping ~*~*~tactically~*~*~ (stealth).
 19252 | Orc:1    | 19252 ||| INVOKING Heroism.
 19314 | Orc:2    | Entered Level 2 of the Orcish Mines
 19317 | Orc:2    | 19317 ||| INVOKING Heroism.
 19384 | Orc:2    | 19384 ||| INVOKING Heroism.
 19410 | Orc:2    | 19410 ||| Stepping ~*~*~tactically~*~*~ (stealth).
 19412 | Orc:2    | 19412 ||| Stepping ~*~*~tactically~*~*~ (hiding).
 19522 | Orc:2    | 19522 ||| FLEEEEING.
 19523 | Orc:2    | 19523 ||| FLEEEEING.
 19524 | Orc:2    | 19524 ||| FLEEEEING.
 19527 | Orc:2    | 19527 ||| Stepping ~*~*~tactically~*~*~ (hiding).
 19531 | Orc:2    | 19531 ||| Stepping ~*~*~tactically~*~*~ (hiding).
 19532 | Orc:2    | 19532 ||| INVOKING Heroism.
 19556 | Orc:2    | Received a gift from Okawaru
 19584 | Orc:2    | Received a gift from Okawaru
 19623 | Orc:2    | 19623 ||| INVOKING Heroism.
 19632 | Orc:2    | Reached XP level 16. HP: 100/104 MP: 23/23
 19650 | Orc:2    | 19650 ||| Stepping ~*~*~tactically~*~*~ (stealth).
 19676 | Orc:2    | 19676 ||| DROPPING +0 plate armour.
 19692 | Orc:1    | Noticed Maurice
 19693 | Orc:1    | 19693 ||| INVOKING Heroism.
 19705 | Orc:1    | Killed Maurice
 19710 | Orc:1    | Reached skill level 18 in Axes
 19715 | Orc:1    | 19715 ||| INVOKING Heroism.
 19922 | Orc:1    | 19922 ||| Stepping ~*~*~tactically~*~*~ (hiding).
 19924 | Orc:1    | 19924 ||| Stepping ~*~*~tactically~*~*~ (hiding).
 19928 | Orc:1    | 19928 ||| Stepping ~*~*~tactically~*~*~ (hiding).
 20076 | Orc:1    | 20076 ||| DROPPING +1 plate armour of poison resistance.
 20077 | Orc:1    | 20077 ||| DROPPING +1 cloak.
 20078 | Orc:1    | 20078 ||| UPGRADING to +3 plate armour.
 20088 | Orc:1    | 20088 ||| DROPPING +0 chain mail of Bitterness {rF+}.
 20122 | Orc:2    | 20122 ||| Stepping ~*~*~tactically~*~*~ (stealth).
 20135 | Orc:2    | 20135 ||| Stepping ~*~*~tactically~*~*~ (stealth).
 20149 | Orc:2    | 20149 ||| INVOKING Heroism.
 20155 | Orc:2    | Noticed Nessos
 20156 | Orc:2    | 20156 ||| INVOKING Finesse.
 20159 | Orc:2    | Found a staircase to the Elven Halls.
 20175 | Orc:2    | Killed Nessos
 20176 | Orc:2    | Reached skill level 9 in Shields
 20232 | Orc:2    | Found Sysadd's General Store.
 20233 | Orc:2    | Found Lof Anne's Jewellery Emporium.
 20239 | Orc:2    | Found Xokkaq's Jewellery Boutique.
 20241 | Orc:2    | 20241 ||| BUYING +3 plate armour of cold resistance (495
                  | gold).
 20241 | Orc:2    | Bought a +3 plate armour of cold resistance for 495 gold
                  | pieces
 20241 | Orc:2    | 20241 ||| BUYING potion of haste (110 gold).
 20241 | Orc:2    | Bought a potion of haste for 110 gold pieces
 20241 | Orc:2    | Noticed qw's ghost (adept GrFi)
 20242 | Orc:2    | Found a runed translucent gate.
 20243 | Orc:2    | Found a runed translucent gate.
 20243 | Orc:2    | Found an opulent altar of Gozag.
 20244 | Orc:2    | Found a runed translucent gate.
 20245 | Orc:2    | Found Atetager's Assorted Antiques.
 20249 | Orc:2    | Found Hekiax's Distillery.
 20252 | Orc:2    | 20252 ||| BUYING +4 ring of protection (504 gold).
 20252 | Orc:2    | Bought a +4 ring of protection for 504 gold pieces
 20252 | Orc:2    | 20252 ||| SHOPLISTING ring "Bomuxir" {Contam rElec rC+ rN++
                  | Str+9} (879 gold, have 589).
 20252 | Orc:2    | 20252 ||| SHOPLISTING ring of the Hare {EV+8} (1792 gold,
                  | have 589).
 20252 | Orc:2    | 20252 ||| BUYING ring of the Slug {rElec rC+ SInv} (504
                  | gold).
 20252 | Orc:2    | Bought the ring of the Slug {rElec rC+ SInv} for 504 gold
                  | pieces
 20257 | Orc:2    | 20257 ||| SHOPLISTING 2 potions of might (96 gold, have
                  | 85).
 20257 | Orc:2    | 20257 ||| BUYING potion of attraction (36 gold).
 20257 | Orc:2    | Bought a potion of attraction for 36 gold pieces
 20257 | Orc:2    | 20257 ||| BUYING potion of curing (36 gold).
 20257 | Orc:2    | Bought a potion of curing for 36 gold pieces
 20257 | Orc:2    | 20257 ||| SHOPLISTING potion of haste (120 gold, have 13).
 20257 | Orc:2    | 20257 ||| SHOPLISTING potion of magic (96 gold, have 13).
 20257 | Orc:2    | 20257 ||| SHOPLISTING potion of mutation (96 gold, have
                  | 13).
 20257 | Orc:2    | 20257 ||| SHOPLISTING potion of resistance (120 gold, have
                  | 13).
 20267 | Orc:2    | 20267 ||| SHOPLISTING +4 ring of evasion (432 gold, have
                  | 13).
 20267 | Orc:2    | 20267 ||| SHOPLISTING +6 ring of strength (432 gold, have
                  | 13).
 20267 | Orc:2    | 20267 ||| SHOPLISTING amulet of the Median {Acrobat rElec
                  | rPois rCorr Dex-5} (519 gold, have 13).
 20311 | Orc:2    | 20311 ||| Stepping ~*~*~tactically~*~*~ (stealth).
 20646 | Orc:2    | 20646 ||| PLANNING SWAMP:1-3
 20646 | Orc:2    | 20646 ||| UPGRADING to +3 plate armour of cold resistance.
 20656 | Orc:2    | 20656 ||| DROPPING +3 plate armour.
 20657 | Orc:2    | 20657 ||| UPGRADING to +2 cloak.
 20667 | Orc:2    | 20667 ||| UPGRADING to +4 ring of protection.
 20669 | Orc:2    | 20669 ||| DROPPING ring of ice.
 20670 | Orc:2    | 20670 ||| UPGRADING to ring of the Slug {rElec rC+ SInv}.
 20672 | Orc:2    | 20672 ||| DROPPING ring of see invisible.
 20818 | Swamp:1  | Entered Level 1 of the Swamp
 20867 | Swamp:1  | 20867 ||| INVOKING Heroism.
 20869 | Swamp:1  | 20869 ||| INVOKING Finesse.
 20878 | Swamp:1  | 20878 ||| SWAPPING to +0 flail of draining.
 20886 | Swamp:1  | 20886 ||| SWAPPING to +8 mithril axe "Arga" {speed, Will+}.
 20945 | Swamp:1  | 20945 ||| Stepping ~*~*~tactically~*~*~ (hiding).
 20946 | Swamp:1  | 20946 ||| INVOKING Heroism.
 21005 | Swamp:1  | 21005 ||| Stepping ~*~*~tactically~*~*~ (hiding).
 21019 | Swamp:1  | Identified the +1 robe of the Kangaroo {+Inv rF+ Dex+2
                  | Slay+3} (Okawaru gifted it to you on level 1 of the Swamp)
 21019 | Swamp:1  | Received a gift from Okawaru
 21182 | Swamp:1  | 21182 ||| Stepping ~*~*~tactically~*~*~ (hiding).
 21235 | Swamp:1  | 21235 ||| Stepping ~*~*~tactically~*~*~ (hiding).
 21245 | Swamp:1  | 21245 ||| Stepping ~*~*~tactically~*~*~ (cloud).
 21268 | Swamp:1  | 21268 ||| Stepping ~*~*~tactically~*~*~ (hiding).
 21285 | Swamp:1  | 21285 ||| INVOKING Heroism.
 21295 | Swamp:1  | Reached skill level 6 in Throwing
 21493 | Swamp:2  | 21493 ||| STAIRDANCE
 21503 | Swamp:1  | 21503 ||| INVOKING Heroism.
 21548 | Swamp:2  | 21548 ||| STAIRDANCE
 21557 | Swamp:1  | 21557 ||| INVOKING Heroism.
 21629 | Swamp:2  | 21629 ||| Stepping ~*~*~tactically~*~*~ (stealth).
 21630 | Swamp:2  | 21630 ||| INVOKING Heroism.
 21658 | Swamp:2  | 21658 ||| INVOKING Finesse.
 21660 | Swamp:2  | 21660 ||| SWAPPING to +0 flail of draining.
 21667 | Swamp:2  | 21667 ||| SWAPPING to +8 mithril axe "Arga" {speed, Will+}.
 21707 | Swamp:2  | 21707 ||| INVOKING Heroism.
 21718 | Swamp:2  | 21718 ||| Stepping ~*~*~tactically~*~*~ (stealth).
 21802 | Swamp:2  | 21802 ||| INVOKING Heroism.
 21804 | Swamp:2  | 21804 ||| INVOKING Finesse.
 21814 | Swamp:2  | 21814 ||| SWAPPING to +0 flail of draining.
 21815 | Swamp:2  | 21815 ||| Stepping ~*~*~tactically~*~*~ (outnumbered).
 21816 | Swamp:2  | 21816 ||| Stepping ~*~*~tactically~*~*~ (outnumbered).
 21817 | Swamp:2  | 21817 ||| Stepping ~*~*~tactically~*~*~ (outnumbered).
 21818 | Swamp:2  | 21818 ||| Stepping ~*~*~tactically~*~*~ (outnumbered).
 21821 | Swamp:2  | 21821 ||| Stepping ~*~*~tactically~*~*~ (outnumbered).
 21826 | Swamp:2  | 21826 ||| SWAPPING to +8 mithril axe "Arga" {speed, Will+}.
 21921 | Swamp:2  | 21921 ||| Stepping ~*~*~tactically~*~*~ (stealth).
 21929 | Swamp:2  | 21929 ||| Stepping ~*~*~tactically~*~*~ (stealth).
 21934 | Swamp:2  | 21934 ||| Stepping ~*~*~tactically~*~*~ (hiding).
 21952 | Swamp:2  | 21952 ||| INVOKING Heroism.
 22220 | Swamp:2  | 22220 ||| DROPPING ring of fire.
 22221 | Swamp:2  | 22221 ||| READING scroll labelled VYMUIN JOXTIRE.
 22261 | Swamp:3  | 22261 ||| INVOKING Heroism.
 22262 | Swamp:3  | 22262 ||| INVOKING Finesse.
 22263 | Swamp:3  | 22263 ||| SWAPPING to +0 flail of draining.
 22274 | Swamp:3  | 22274 ||| SWAPPING to +8 mithril axe "Arga" {speed, Will+}.
 22312 | Swamp:3  | Noticed a thorn hunter
 22313 | Swamp:3  | 22313 ||| INVOKING Heroism.
 22318 | Swamp:3  | 22318 ||| SWAPPING to +0 flail of draining.
 22332 | Swamp:3  | 22332 ||| SWAPPING to +8 mithril axe "Arga" {speed, Will+}.
 22343 | Swamp:3  | Killed a thorn hunter
 22376 | Swamp:3  | Identified the +7 falchion of the Gazing Gods {vorpal, rC++
                  | rN+ Int+3}
 22390 | Swamp:3  | 22390 ||| Stepping ~*~*~tactically~*~*~ (stealth).
 22396 | Swamp:3  | 22396 ||| Stepping ~*~*~tactically~*~*~ (stealth).
 22417 | Swamp:3  | 22417 ||| Stepping ~*~*~tactically~*~*~ (hiding).
 22459 | Swamp:3  | 22459 ||| READING scroll of enchant armour.
 22459 | Swamp:3  | 22459 ||| ENCHANTING +3 plate armour of cold resistance.
 22540 | Swamp:3  | 22540 ||| Stepping ~*~*~tactically~*~*~ (stealth).
 22608 | Swamp:3  | 22608 ||| INVOKING Heroism.
 22609 | Swamp:3  | 22609 ||| INVOKING Finesse.
 22611 | Swamp:3  | 22611 ||| SWAPPING to +0 flail of draining.
 22620 | Swamp:3  | 22620 ||| SWAPPING to +8 mithril axe "Arga" {speed, Will+}.
 22631 | Swamp:3  | 22631 ||| Stepping ~*~*~tactically~*~*~ (stealth).
 22632 | Swamp:3  | 22632 ||| Stepping ~*~*~tactically~*~*~ (stealth).
 22671 | Swamp:3  | Reached XP level 17. HP: 108/111 MP: 24/24
 22833 | Swamp:3  | 22833 ||| INVOKING Heroism.
 22838 | Swamp:3  | 22838 ||| SWAPPING to +0 flail of draining.
 22863 | Swamp:3  | 22863 ||| SWAPPING to +8 mithril axe "Arga" {speed, Will+}.
 22977 | Swamp:3  | 22977 ||| PLANNING SNAKE:1-3
 22977 | Swamp:3  | 22977 ||| DROPPING +0 plate armour of Moral Flaws {rF-
                  | rN+++ MP+9 Str+3}.
 22978 | Swamp:3  | 22978 ||| DROPPING +6 ring of dexterity.
 23084 | Snake:1  | Entered Level 1 of the Snake Pit
 23085 | Snake:1  | 23085 ||| PLANNING BAZAAR
 23086 | Snake:1  | 23086 ||| Stepping ~*~*~tactically~*~*~ (stealth).
 23090 | Snake:1  | 23090 ||| Stepping ~*~*~tactically~*~*~ (hiding).
 23092 | Snake:1  | 23092 ||| INVOKING Heroism.
 23094 | Snake:1  | 23094 ||| Stepping ~*~*~tactically~*~*~ (hiding).
 23166 | Snake:1  | Received a gift from Okawaru
 23203 | Snake:1  | 23203 ||| Stepping ~*~*~tactically~*~*~ (stealth).
 23257 | Snake:1  | 23257 ||| Stepping ~*~*~tactically~*~*~ (hiding).
 23259 | Snake:1  | 23259 ||| Stepping ~*~*~tactically~*~*~ (hiding).
 23263 | Snake:1  | 23263 ||| Stepping ~*~*~tactically~*~*~ (stealth).
 23296 | Snake:1  | 23296 ||| Stepping ~*~*~tactically~*~*~ (hiding).
 23416 | Snake:1  | 23416 ||| Stepping ~*~*~tactically~*~*~ (hiding).
 23485 | Snake:1  | 23485 ||| INVOKING Heroism.
 23552 | Snake:1  | 23552 ||| Stepping ~*~*~tactically~*~*~ (stealth).
 23558 | Snake:1  | 23558 ||| INVOKING Heroism.
 23561 | Snake:1  | 23561 ||| Stepping ~*~*~tactically~*~*~ (hiding).
 23571 | Snake:1  | 23571 ||| Stepping ~*~*~tactically~*~*~ (stealth).
 23597 | Snake:1  | Reached skill level 15 in Fighting
 23699 | Snake:1  | 23699 ||| Stepping ~*~*~tactically~*~*~ (hiding).
 23701 | Snake:1  | 23701 ||| INVOKING Heroism.
 23777 | Snake:1  | 23777 ||| Stepping ~*~*~tactically~*~*~ (stealth).
 23792 | Snake:1  | Received a gift from Okawaru
 23877 | Snake:1  | Found a flickering gateway to a bazaar.
 23878 | Snake:1  | 23878 ||| READING 2 scrolls labelled NIUSHOMMEKK.
 23879 | Snake:1  | 23879 ||| DROPPING scroll of blinking.
 23885 | Bazaar   | Entered a bazaar
 23885 | Bazaar   | Found Ula Duts's Distillery.
 23885 | Bazaar   | Found Mariomuu's Book Shop.
 23893 | Bazaar   | 23893 ||| BUYING potion of cancellation (96 gold).
 23893 | Bazaar   | Bought a potion of cancellation for 96 gold pieces
 23893 | Bazaar   | 23893 ||| BUYING potion of curing (36 gold).
 23893 | Bazaar   | Bought a potion of curing for 36 gold pieces
 23893 | Bazaar   | 23893 ||| BUYING potion of curing (36 gold).
 23893 | Bazaar   | Bought a potion of curing for 36 gold pieces
 23893 | Bazaar   | 23893 ||| BUYING potion of heal wounds (60 gold).
 23893 | Bazaar   | Bought a potion of heal wounds for 60 gold pieces
 23893 | Bazaar   | 23893 ||| BUYING potion of resistance (120 gold).
 23893 | Bazaar   | Bought a potion of resistance for 120 gold pieces
 23930 | Bazaar   | Found Ketoit's Jewellery Emporium.
 23945 | Bazaar   | Found Teuv Walu's Weapon Shoppe.
 23953 | Bazaar   | 23953 ||| BUYING +0 vorpal morningstar (152 gold).
 23953 | Bazaar   | Bought a +0 vorpal morningstar for 152 gold pieces
 23953 | Bazaar   | 23953 ||| DROPPING +0 flail of draining.
 23960 | Bazaar   | Found Midghopant's General Store.
 23968 | Bazaar   | 23968 ||| BUYING potion of curing (36 gold).
 23968 | Bazaar   | Bought a potion of curing for 36 gold pieces
 23968 | Bazaar   | 23968 ||| BUYING scroll of teleportation (36 gold).
 23968 | Bazaar   | Bought a scroll of teleportation for 36 gold pieces
 23990 | Snake:1  | 23990 ||| PLANNING SNAKE:1-3
 24126 | Snake:2  | 24126 ||| Stepping ~*~*~tactically~*~*~ (hiding).
 24127 | Snake:2  | 24127 ||| Stepping ~*~*~tactically~*~*~ (stealth).
 24130 | Snake:2  | 24130 ||| INVOKING Heroism.
 24186 | Snake:2  | Received a gift from Okawaru
 24191 | Snake:2  | 24191 ||| Stepping ~*~*~tactically~*~*~ (hiding).
 24250 | Snake:2  | Found a runed translucent door.
 24251 | Snake:2  | Found a shimmering altar of Xom.
 24251 | Snake:2  | Noticed Siddir's ghost (journeyman MiBe)
 24257 | Snake:2  | 24257 ||| Stepping ~*~*~tactically~*~*~ (hiding).
 24407 | Snake:2  | 24407 ||| Stepping ~*~*~tactically~*~*~ (hiding).
 24411 | Snake:2  | 24411 ||| Stepping ~*~*~tactically~*~*~ (hiding).
 24413 | Snake:2  | 24413 ||| INVOKING Heroism.
 24433 | Snake:2  | Reached skill level 15 in Armour
 24433 | Snake:2  | 24433 ||| Stepping ~*~*~tactically~*~*~ (hiding).
 24437 | Snake:2  | 24437 ||| Stepping ~*~*~tactically~*~*~ (hiding).
 24438 | Snake:2  | 24438 ||| Stepping ~*~*~tactically~*~*~ (hiding).
 24498 | Snake:2  | 24498 ||| Stepping ~*~*~tactically~*~*~ (hiding).
 24503 | Snake:2  | 24503 ||| Stepping ~*~*~tactically~*~*~ (hiding).
 24513 | Snake:2  | 24513 ||| INVOKING Heroism.
 24516 | Snake:2  | Received a gift from Okawaru
 24618 | Snake:2  | 24618 ||| INVOKING Heroism.
 24732 | Snake:2  | 24732 ||| Stepping ~*~*~tactically~*~*~ (stealth).
 24734 | Snake:2  | 24734 ||| INVOKING Heroism.
 24992 | Snake:2  | 24992 ||| Stepping ~*~*~tactically~*~*~ (hiding).
 24997 | Snake:2  | 24997 ||| INVOKING Heroism.
 25290 | Snake:2  | 25290 ||| Stepping ~*~*~tactically~*~*~ (stealth).
 25292 | Snake:2  | 25292 ||| Stepping ~*~*~tactically~*~*~ (hiding).
 25303 | Snake:2  | Reached skill level 9 in Throwing
 25518 | Snake:2  | 25518 ||| UPGRADING to +0 kite shield.
 25528 | Snake:2  | 25528 ||| DROPPING +0 buckler.
 25529 | Snake:2  | 25529 ||| DROPPING +2 cloak of stealth.
 25530 | Snake:2  | 25530 ||| READING scroll labelled CEUPRE XUTUA.
 25679 | Snake:3  | 25679 ||| Stepping ~*~*~tactically~*~*~ (hiding).
 25708 | Snake:3  | 25708 ||| INVOKING Heroism.
 25829 | Snake:3  | 25829 ||| INVOKING Heroism.
 25919 | Snake:3  | 25919 ||| Stepping ~*~*~tactically~*~*~ (hiding).
 25939 | Snake:3  | Found Bul Ikhlotzyu's Jewellery Shoppe.
 25954 | Snake:3  | 25954 ||| SHOPLISTING +4 ring of evasion (504 gold, have
                  | 159).
 25954 | Snake:3  | 25954 ||| SHOPLISTING +4 ring of protection (504 gold, have
                  | 159).
 25954 | Snake:3  | 25954 ||| SHOPLISTING +4 ring of slaying (1092 gold, have
                  | 159).
 25954 | Snake:3  | 25954 ||| SHOPLISTING amulet of reflection (420 gold, have
                  | 159).
 25954 | Snake:3  | 25954 ||| SHOPLISTING ring of Anuireez {Int+4 Slay+4
                  | Stlth+} (1346 gold, have 159).
 26061 | Snake:3  | 26061 ||| Stepping ~*~*~tactically~*~*~ (hiding).
 26062 | Snake:3  | 26062 ||| INVOKING Heroism.
 26245 | Snake:3  | 26245 ||| Stepping ~*~*~tactically~*~*~ (stealth).
 26246 | Snake:3  | 26246 ||| Stepping ~*~*~tactically~*~*~ (stealth).
 26314 | Snake:3  | 26314 ||| INVOKING Heroism.
 26392 | Snake:3  | 26392 ||| PLANNING SWAMP:4
 26392 | Snake:3  | 26392 ||| DROPPING +2 pair of boots of rampaging.
 26393 | Snake:3  | 26393 ||| DROPPING +6 ring of strength.
 26549 | Swamp:4  | Entered Level 4 of the Swamp
 26550 | Swamp:4  | 26550 ||| STAIRDANCE
 26552 | Swamp:3  | 26552 ||| INVOKING Heroism.
 26553 | Swamp:3  | 26553 ||| SWAPPING to +0 vorpal morningstar.
 26560 | Swamp:3  | 26560 ||| SWAPPING to +8 mithril axe "Arga" {speed, Will+}.
 26586 | Swamp:4  | 26586 ||| STAIRDANCE
 26649 | Swamp:4  | 26649 ||| INVOKING Heroism.
 26662 | Swamp:4  | Reached XP level 18. HP: 117/119 MP: 23/25
 26688 | Swamp:4  | Reached skill level 12 in Shields
 26697 | Swamp:4  | 26697 ||| INVOKING Heroism.
 26702 | Swamp:4  | 26702 ||| DROPPING +0 vorpal morningstar.
 26790 | Swamp:4  | 26790 ||| INVOKING Heroism.
 26837 | Swamp:4  | 26837 ||| INVOKING Heroism.
 26887 | Swamp:4  | 26887 ||| INVOKING Heroism.
 26914 | Swamp:4  | 26914 ||| INVOKING Heroism.
 26947 | Swamp:4  | 26947 ||| INVOKING Finesse.
 26959 | Swamp:4  | Received a gift from Okawaru
 26992 | Swamp:4  | 26992 ||| INVOKING Heroism.
 27032 | Swamp:4  | 27032 ||| READING 10 scrolls of teleportation.
 27033 | Swamp:4  | 27033 ||| Stepping randomly (cloudy).
 27051 | Swamp:4  | 27051 ||| Stepping ~*~*~tactically~*~*~ (hiding).
 27052 | Swamp:4  | 27052 ||| Stepping ~*~*~tactically~*~*~ (hiding).
 27181 | Swamp:4  | 27181 ||| Stepping ~*~*~tactically~*~*~ (hiding).
 27185 | Swamp:4  | 27185 ||| INVOKING Heroism.
 27204 | Swamp:4  | Received a gift from Okawaru
 27207 | Swamp:4  | 27207 ||| Stepping ~*~*~tactically~*~*~ (stealth).
 27332 | Swamp:4  | Noticed a tentacled monstrosity
 27333 | Swamp:4  | 27333 ||| Stepping ~*~*~tactically~*~*~ (hiding).
 27338 | Swamp:4  | 27338 ||| INVOKING Heroism.
 27339 | Swamp:4  | 27339 ||| INVOKING Finesse.
 27348 | Swamp:4  | Killed a tentacled monstrosity
 27416 | Swamp:4  | 27416 ||| INVOKING Heroism.
 27432 | Swamp:4  | 27432 ||| Stepping ~*~*~tactically~*~*~ (stealth).
 27438 | Swamp:4  | 27438 ||| Stepping ~*~*~tactically~*~*~ (stealth).
 27440 | Swamp:4  | 27440 ||| Stepping ~*~*~tactically~*~*~ (hiding).
 27441 | Swamp:4  | 27441 ||| Stepping ~*~*~tactically~*~*~ (hiding).
 27443 | Swamp:4  | Paralysed by a fenstrider witch for 4 turns
 27468 | Swamp:4  | 27468 ||| Stepping ~*~*~tactically~*~*~ (hiding).
 27484 | Swamp:4  | 27484 ||| Stepping ~*~*~tactically~*~*~ (stealth).
 27485 | Swamp:4  | 27485 ||| Stepping ~*~*~tactically~*~*~ (stealth).
 27486 | Swamp:4  | 27486 ||| Stepping ~*~*~tactically~*~*~ (stealth).
 27487 | Swamp:4  | 27487 ||| Stepping ~*~*~tactically~*~*~ (stealth).
 27496 | Swamp:4  | 27496 ||| INVOKING Heroism.
 27512 | Swamp:4  | 27512 ||| Stepping ~*~*~tactically~*~*~ (stealth).
 27516 | Swamp:4  | 27516 ||| Stepping ~*~*~tactically~*~*~ (stealth).
 27517 | Swamp:4  | 27517 ||| Stepping ~*~*~tactically~*~*~ (stealth).
 27518 | Swamp:4  | 27518 ||| Stepping ~*~*~tactically~*~*~ (stealth).
 27528 | Swamp:4  | 27528 ||| Stepping ~*~*~tactically~*~*~ (hiding).
 27529 | Swamp:4  | 27529 ||| Stepping ~*~*~tactically~*~*~ (hiding).
 27530 | Swamp:4  | 27530 ||| Stepping ~*~*~tactically~*~*~ (hiding).
 27541 | Swamp:4  | Identified the +0 crystal plate armour of the Realm of Zot
                  | {Dex+5} (Okawaru gifted it to you on level 4 of the Swamp)
 27541 | Swamp:4  | Received a gift from Okawaru
 27557 | Swamp:4  | Got a decaying rune of Zot
 27563 | Swamp:4  | 27563 ||| Stepping ~*~*~tactically~*~*~ (hiding).
 27569 | Swamp:4  | Reached skill level 15 in Shields
 27721 | Swamp:4  | 27721 ||| INVOKING Heroism.
 27953 | Swamp:4  | 27953 ||| INVOKING Heroism.
 28059 | Swamp:4  | 28059 ||| PLANNING VAULTS:1-4
 28059 | Swamp:4  | 28059 ||| UPGRADING to +0 crystal plate armour of the Realm
                  | of Zot {Dex+5}.
 28299 | Vaults:1 | Entered Level 1 of the Vaults
 28397 | Vaults:1 | 28397 ||| Stepping ~*~*~tactically~*~*~ (stealth).
 28398 | Vaults:1 | 28398 ||| Stepping ~*~*~tactically~*~*~ (stealth).
 28399 | Vaults:1 | 28399 ||| Stepping ~*~*~tactically~*~*~ (stealth).
 28400 | Vaults:1 | 28400 ||| INVOKING Heroism.
 28493 | Vaults:1 | 28493 ||| Stepping ~*~*~tactically~*~*~ (hiding).
 28495 | Vaults:1 | 28495 ||| Stepping ~*~*~tactically~*~*~ (hiding).
 28648 | Vaults:1 | 28648 ||| INVOKING Heroism.
 28783 | Vaults:1 | 28783 ||| Stepping ~*~*~tactically~*~*~ (hiding).
 28785 | Vaults:1 | 28785 ||| INVOKING Heroism.
 28853 | Vaults:1 | 28853 ||| Stepping ~*~*~tactically~*~*~ (hiding).
 28854 | Vaults:1 | 28854 ||| Stepping ~*~*~tactically~*~*~ (stealth).
 28855 | Vaults:1 | 28855 ||| Stepping ~*~*~tactically~*~*~ (hiding).
 28901 | Vaults:1 | 28901 ||| Stepping ~*~*~tactically~*~*~ (hiding).
 28902 | Vaults:1 | 28902 ||| Stepping ~*~*~tactically~*~*~ (hiding).
 28903 | Vaults:1 | 28903 ||| Stepping ~*~*~tactically~*~*~ (hiding).
 28904 | Vaults:1 | 28904 ||| Stepping ~*~*~tactically~*~*~ (hiding).
 29029 | Vaults:1 | Identified the +9 sling of Neurosis {venom, rN+}
 29117 | Vaults:1 | 29117 ||| Stepping ~*~*~tactically~*~*~ (hiding).
 29169 | Vaults:1 | 29169 ||| Stepping ~*~*~tactically~*~*~ (stealth).
 29414 | Vaults:1 | 29414 ||| INVOKING Heroism.
 29422 | Vaults:1 | 29422 ||| Stepping ~*~*~tactically~*~*~ (hiding).
 29437 | Vaults:1 | 29437 ||| Stepping ~*~*~tactically~*~*~ (hiding).
 29565 | Vaults:2 | Found Omemeptup's Antique Armour Shop.
 29566 | Vaults:2 | Found Umiwkew's Weapon Boutique.
 29584 | Vaults:2 | 29584 ||| BUYING pair of embroidered gloves (217 gold).
 29584 | Vaults:2 | Bought a pair of embroidered gloves for 217 gold pieces
 29600 | Vaults:2 | Found Ulon's General Store.
 29608 | Vaults:2 | 29608 ||| BUYING potion of attraction (60 gold).
 29608 | Vaults:2 | Bought a potion of attraction for 60 gold pieces
 29608 | Vaults:2 | 29608 ||| BUYING potion of attraction (60 gold).
 29608 | Vaults:2 | Bought a potion of attraction for 60 gold pieces
 29665 | Vaults:2 | 29665 ||| INVOKING Heroism.
 29683 | Vaults:2 | Reached XP level 19. HP: 96/124 MP: 26/26
 29734 | Vaults:2 | 29734 ||| Stepping ~*~*~tactically~*~*~ (hiding).
 29737 | Vaults:2 | 29737 ||| INVOKING Heroism.
 29851 | Vaults:2 | 29851 ||| INVOKING Heroism.
 30017 | Vaults:2 | 30017 ||| INVOKING Heroism.
 30044 | Vaults:2 | 30044 ||| Stepping ~*~*~tactically~*~*~ (hiding).
 30191 | Vaults:2 | 30191 ||| Stepping ~*~*~tactically~*~*~ (stealth).
 30192 | Vaults:2 | 30192 ||| Stepping ~*~*~tactically~*~*~ (stealth).
 30193 | Vaults:2 | 30193 ||| Stepping ~*~*~tactically~*~*~ (stealth).
 30194 | Vaults:2 | 30194 ||| Stepping ~*~*~tactically~*~*~ (stealth).
 30205 | Vaults:2 | 30205 ||| INVOKING Heroism.
 30222 | Vaults:2 | Identified the +10 short sword "Juwois Ugueps" {vorpal, rC+
                  | Str+4} (Okawaru gifted it to you on level 2 of the Vaults)
 30222 | Vaults:2 | Received a gift from Okawaru
 30281 | Vaults:2 | 30281 ||| Stepping ~*~*~tactically~*~*~ (hiding).
 30300 | Vaults:2 | Reached skill level 18 in Armour
 30396 | Vaults:2 | Found Vocwareo's Book Shop.
 30398 | Vaults:2 | Found Xiuxiol's Antique Armour Shoppe.
 30495 | Vaults:2 | Noticed Zenata
 30496 | Vaults:2 | 30496 ||| INVOKING Heroism.
 30497 | Vaults:2 | 30497 ||| INVOKING Finesse.
 30515 | Vaults:2 | Killed Zenata
 30559 | Vaults:2 | 30559 ||| Stepping ~*~*~tactically~*~*~ (stealth).
 30561 | Vaults:2 | 30561 ||| Stepping ~*~*~tactically~*~*~ (hiding).
 30570 | Vaults:2 | 30570 ||| INVOKING Heroism.
 30744 | Vaults:2 | 30744 ||| DROPPING +2 pair of gloves of stealth.
 30827 | Vaults:3 | 30827 ||| INVOKING Heroism.
 30840 | Vaults:3 | Paralysed by an air elemental for 1 turns
 30891 | Vaults:3 | 30891 ||| Stepping ~*~*~tactically~*~*~ (hiding).
 30892 | Vaults:3 | 30892 ||| Stepping ~*~*~tactically~*~*~ (hiding).
 31016 | Vaults:3 | 31016 ||| INVOKING Heroism.
 31046 | Vaults:3 | 31046 ||| Stepping ~*~*~tactically~*~*~ (hiding).
 31054 | Vaults:3 | 31054 ||| Stepping ~*~*~tactically~*~*~ (hiding).
 31064 | Vaults:3 | 31064 ||| Stepping ~*~*~tactically~*~*~ (stealth).
 31072 | Vaults:3 | Noticed Saint Roka
 31073 | Vaults:3 | 31073 ||| INVOKING Heroism.
 31074 | Vaults:3 | 31074 ||| INVOKING Finesse.
 31094 | Vaults:3 | Killed Saint Roka
 31094 | Vaults:3 | Received a gift from Okawaru
 31156 | Vaults:3 | 31156 ||| Stepping ~*~*~tactically~*~*~ (hiding).
 31179 | Vaults:3 | 31179 ||| INVOKING Heroism.
 31193 | Vaults:3 | Received a gift from Okawaru
 31211 | Vaults:3 | 31211 ||| Stepping ~*~*~tactically~*~*~ (stealth).
 31224 | Vaults:3 | 31224 ||| Stepping ~*~*~tactically~*~*~ (hiding).
 31431 | Vaults:3 | 31431 ||| Stepping ~*~*~tactically~*~*~ (stealth).
 31432 | Vaults:3 | 31432 ||| INVOKING Heroism.
 31433 | Vaults:3 | 31433 ||| INVOKING Finesse.
 31560 | Vaults:3 | Found a runed translucent gate.
 31560 | Vaults:3 | Found a runed translucent gate.
 31560 | Vaults:3 | Found a runed translucent gate.
 31562 | Vaults:3 | Noticed Kare Xaoge's ghost (adept DgTm)
 31562 | Vaults:3 | Noticed agentgt's ghost (veteran KoAK)
 31562 | Vaults:3 | Noticed Ugguttuj's ghost (veteran DrWn)
 31622 | Vaults:3 | 31622 ||| INVOKING Heroism.
 31673 | Vaults:3 | 31673 ||| Stepping ~*~*~tactically~*~*~ (hiding).
 31683 | Vaults:3 | Received a gift from Okawaru
 31737 | Vaults:3 | 31737 ||| INVOKING Heroism.
 31738 | Vaults:3 | 31738 ||| INVOKING Finesse.
 31805 | Vaults:3 | Identified the +6 mace of Circularity {pain, Str+3}
 31807 | Vaults:3 | 31807 ||| UPGRADING to +0 tower shield.
 31838 | Vaults:3 | Received a gift from Okawaru
 31843 | Vaults:3 | 31843 ||| INVOKING Heroism.
 31867 | Vaults:3 | 31867 ||| UPGRADING to +0 kite shield.
 31872 | Vaults:3 | 31872 ||| UPGRADING to +0 tower shield.
 31882 | Vaults:3 | 31882 ||| DROPPING +0 kite shield.
 31914 | Vaults:3 | 31914 ||| Stepping ~*~*~tactically~*~*~ (hiding).
 31920 | Vaults:3 | Received a gift from Okawaru
 32031 | Vaults:3 | 32031 ||| INVOKING Heroism.
 32165 | Vaults:3 | 32165 ||| Stepping ~*~*~tactically~*~*~ (stealth).
 32166 | Vaults:3 | 32166 ||| Stepping ~*~*~tactically~*~*~ (stealth).
 32191 | Vaults:3 | 32191 ||| INVOKING Heroism.
 32230 | Vaults:3 | Found a staircase to the Crypt.
 32253 | Vaults:3 | 32253 ||| Stepping ~*~*~tactically~*~*~ (stealth).
 32255 | Vaults:3 | 32255 ||| Stepping ~*~*~tactically~*~*~ (stealth).
 32260 | Vaults:3 | 32260 ||| INVOKING Heroism.
 32264 | Vaults:3 | 32264 ||| Stepping ~*~*~tactically~*~*~ (stealth).
 32267 | Vaults:3 | Identified the +1 pair of boots "Heampikh" {Harm rPois
                  | Dex-3} (Okawaru gifted it to you on level 3 of the Vaults)
 32267 | Vaults:3 | Received a gift from Okawaru
 32268 | Vaults:3 | Reached XP level 20. HP: 129/131 MP: 25/27
 32280 | Vaults:3 | 32280 ||| DROPPING +1 pair of boots "Heampikh" {Harm rPois
                  | Dex-3}.
 32451 | Vaults:3 | 32451 ||| Stepping ~*~*~tactically~*~*~ (hiding).
 32452 | Vaults:3 | 32452 ||| Stepping ~*~*~tactically~*~*~ (hiding).
 32543 | Vaults:3 | 32543 ||| Stepping ~*~*~tactically~*~*~ (stealth).
 32548 | Vaults:3 | 32548 ||| INVOKING Heroism.
 32677 | Vaults:4 | 32677 ||| INVOKING Heroism.
 32735 | Vaults:4 | 32735 ||| Stepping ~*~*~tactically~*~*~ (stealth).
 32752 | Vaults:4 | 32752 ||| INVOKING Heroism.
 32799 | Vaults:4 | 32799 ||| Stepping ~*~*~tactically~*~*~ (stealth).
 32807 | Vaults:4 | 32807 ||| Stepping ~*~*~tactically~*~*~ (stealth).
 32818 | Vaults:4 | 32818 ||| Stepping ~*~*~tactically~*~*~ (stealth).
 32827 | Vaults:4 | 32827 ||| STAIRDANCE
 33012 | Vaults:4 | 33012 ||| INVOKING Heroism.
 33060 | Vaults:4 | 33060 ||| INVOKING Heroism.
 33086 | Vaults:4 | 33086 ||| Stepping ~*~*~tactically~*~*~ (stealth).
 33088 | Vaults:4 | 33088 ||| Stepping ~*~*~tactically~*~*~ (hiding).
 33093 | Vaults:4 | 33093 ||| Stepping ~*~*~tactically~*~*~ (stealth).
 33187 | Vaults:4 | 33187 ||| Stepping ~*~*~tactically~*~*~ (stealth).
 33197 | Vaults:4 | 33197 ||| INVOKING Finesse.
 33305 | Vaults:4 | 33305 ||| INVOKING Heroism.
 33328 | Vaults:4 | Reached skill level 18 in Shields
 33477 | Vaults:4 | Received a gift from Okawaru
 33477 | Vaults:4 | Found the +5 demon whip "Spellbinder" {antimagic, Will+}
 33484 | Vaults:4 | Noticed a golden dragon
 33485 | Vaults:4 | 33485 ||| INVOKING Heroism.
 33486 | Vaults:4 | 33486 ||| INVOKING Finesse.
 33491 | Vaults:4 | Killed a golden dragon
 33530 | Vaults:4 | 33530 ||| Stepping ~*~*~tactically~*~*~ (hiding).
 33538 | Vaults:4 | 33538 ||| INVOKING Heroism.
 33598 | Vaults:4 | 33598 ||| INVOKING Heroism.
 33719 | Vaults:4 | 33719 ||| INVOKING Heroism.
 33725 | Vaults:4 | 33725 ||| INVOKING Finesse.
 33810 | Vaults:4 | 33810 ||| Stepping ~*~*~tactically~*~*~ (hiding).
 33811 | Vaults:4 | 33811 ||| Stepping ~*~*~tactically~*~*~ (hiding).
 34053 | Vaults:4 | 34053 ||| Stepping ~*~*~tactically~*~*~ (hiding).
 34054 | Vaults:4 | 34054 ||| INVOKING Heroism.
 34063 | Vaults:4 | Noticed Jory
 34094 | Vaults:4 | 34094 ||| INVOKING Heroism.
 34099 | Vaults:4 | HP: 12/131 [Jory/crystal spear (53)]
 34100 | Vaults:4 | 34100 ||| READING 10 scrolls of teleportation.
 34101 | Vaults:4 | 34101 ||| DRINKING 4 potions of heal wounds.
 34103 | Vaults:4 | Killed Jory
 34185 | Vaults:4 | 34185 ||| Stepping ~*~*~tactically~*~*~ (stealth).
 34368 | Vaults:4 | Found a portal to a secret trove of treasure.
 34380 | Vaults:4 | 34380 ||| DROPPING amulet of magic regeneration.
 34693 | Vaults:4 | 34693 ||| PLANNING SNAKE:4
 34935 | Snake:4  | Entered Level 4 of the Snake Pit
 34946 | Snake:4  | 34946 ||| Stepping ~*~*~tactically~*~*~ (hiding).
 34948 | Snake:4  | 34948 ||| Stepping ~*~*~tactically~*~*~ (hiding).
 34977 | Snake:4  | Noticed Roxanne
 34993 | Snake:4  | Killed Roxanne
 35040 | Snake:4  | Found a runed translucent door.
 35041 | Snake:4  | Found a shimmering altar of Xom.
 35041 | Snake:4  | Noticed qw's ghost (adept GrFi)
 35062 | Snake:4  | 35062 ||| Stepping ~*~*~tactically~*~*~ (hiding).
 35071 | Snake:4  | 35071 ||| INVOKING Heroism.
 35080 | Snake:4  | Received a gift from Okawaru
 35117 | Snake:4  | 35117 ||| INVOKING Heroism.
 35179 | Snake:4  | Noticed Aizul
 35201 | Snake:4  | Killed Aizul
 35238 | Snake:4  | 35238 ||| Stepping ~*~*~tactically~*~*~ (hiding).
 35243 | Snake:4  | Identified the +7 broad axe of Ysead {spect, rElec rF+ rC+}
                  | (Okawaru gifted it to you on level 4 of the Snake Pit)
 35243 | Snake:4  | Received a gift from Okawaru
 35244 | Snake:4  | 35244 ||| Stepping ~*~*~tactically~*~*~ (hiding).
 35313 | Snake:4  | 35313 ||| INVOKING Heroism.
 35338 | Snake:4  | 35338 ||| Stepping randomly (cloudy).
 35339 | Snake:4  | 35339 ||| Stepping randomly (cloudy).
 35340 | Snake:4  | 35340 ||| Stepping randomly (cloudy).
 35347 | Snake:4  | Reached XP level 21. HP: 70/138 MP: 28/28
 35347 | Snake:4  | 35347 ||| Stepping ~*~*~tactically~*~*~ (hiding).
 35348 | Snake:4  | 35348 ||| Stepping ~*~*~tactically~*~*~ (hiding).
 35354 | Snake:4  | 35354 ||| INVOKING Heroism.
 35825 | Snake:4  | 35825 ||| INVOKING Heroism.
 36020 | Snake:4  | 36020 ||| INVOKING Heroism.
 36057 | Snake:4  | Received a gift from Okawaru
 36077 | Snake:4  | 36077 ||| Stepping ~*~*~tactically~*~*~ (stealth).
 36120 | Snake:4  | Noticed Agnes
 36121 | Snake:4  | 36121 ||| INVOKING Heroism.
 36145 | Snake:4  | Killed Agnes
 36195 | Snake:4  | 36195 ||| Stepping ~*~*~tactically~*~*~ (hiding).
 36197 | Snake:4  | 36197 ||| Stepping ~*~*~tactically~*~*~ (hiding).
 36255 | Snake:4  | Got a serpentine rune of Zot
 36312 | Snake:4  | 36312 ||| Stepping ~*~*~tactically~*~*~ (stealth).
 36314 | Snake:4  | 36314 ||| Stepping ~*~*~tactically~*~*~ (hiding).
 36366 | Snake:4  | 36366 ||| PLANNING DEPTHS
 36647 | Depths:1 | Entered Level 1 of the Depths
 36648 | Depths:1 | 36648 ||| INVOKING Heroism.
 36692 | Depths:1 | Found a one-way gateway to a ziggurat.
 36706 | Depths:1 | 36706 ||| INVOKING Finesse.
 36707 | Depths:1 | 36707 ||| Stepping ~*~*~tactically~*~*~ (stealth).
 36708 | Depths:1 | 36708 ||| Stepping ~*~*~tactically~*~*~ (stealth).
 36709 | Depths:1 | 36709 ||| Stepping ~*~*~tactically~*~*~ (stealth).
 36710 | Depths:1 | 36710 ||| INVOKING Heroism.
 36741 | Depths:1 | Reached skill level 21 in Armour
 36759 | Depths:1 | Received a gift from Okawaru
 36817 | Depths:1 | 36817 ||| INVOKING Heroism.
 36825 | Depths:1 | 36825 ||| INVOKING Finesse.
 36921 | Depths:1 | 36921 ||| INVOKING Heroism.
 36922 | Depths:1 | 36922 ||| INVOKING Finesse.
 36934 | Depths:1 | Reached skill level 6 in Dodging
 37070 | Depths:1 | 37070 ||| INVOKING Heroism.
 37213 | Depths:1 | 37213 ||| Stepping ~*~*~tactically~*~*~ (stealth).
 37214 | Depths:1 | 37214 ||| INVOKING Heroism.
 37218 | Depths:1 | 37218 ||| Stepping ~*~*~tactically~*~*~ (stealth).
 37219 | Depths:1 | 37219 ||| Stepping ~*~*~tactically~*~*~ (stealth).
 37297 | Depths:1 | 37297 ||| Stepping ~*~*~tactically~*~*~ (hiding).
 37330 | Depths:1 | Found a one-way gate leading to the halls of Pandemonium.
 37336 | Depths:1 | 37336 ||| Stepping ~*~*~tactically~*~*~ (hiding).
 37419 | Depths:1 | Found Ypros's Jewellery Shoppe.
 37419 | Depths:1 | Found Wiexel's Book Shop.
 37420 | Depths:1 | 37420 ||| Stepping ~*~*~tactically~*~*~ (hiding).
 37424 | Depths:1 | 37424 ||| INVOKING Heroism.
 37437 | Depths:1 | 37437 ||| Stepping ~*~*~tactically~*~*~ (hiding).
 37486 | Depths:1 | Found Onepnef's Book Shop.
 37494 | Depths:1 | 37494 ||| BUYING ring "Usiuq" {Fire Contam Str+10 Int+6}
                  | (840 gold).
 37494 | Depths:1 | Bought the ring "Usiuq" {Fire Contam Str+10 Int+6} for 840
                  | gold pieces
 37494 | Depths:1 | 37494 ||| SHOPLISTING ring of Wotheam {rN+ Will+ rCorr}
                  | (585 gold, have 74).
 37529 | Depths:1 | Found a gateway to Hell.
 37726 | Depths:1 | Identified the +2 hat "Muchiblyka" {Drain rCorr Str+3
                  | Stlth+}
 37757 | Depths:1 | 37757 ||| UPGRADING to +2 hat "Muchiblyka" {Drain rCorr
                  | Str+3 Stlth+}.
 37767 | Depths:1 | 37767 ||| UPGRADING to ring "Usiuq" {Fire Contam Str+10
                  | Int+6}.
 37806 | Depths:2 | Found a one-way gate to the infinite horrors of the Abyss.
 37984 | Depths:2 | 37984 ||| Stepping ~*~*~tactically~*~*~ (stealth).
 37986 | Depths:2 | 37986 ||| Stepping ~*~*~tactically~*~*~ (stealth).
 37988 | Depths:2 | 37988 ||| Stepping ~*~*~tactically~*~*~ (stealth).
 37990 | Depths:2 | 37990 ||| Stepping ~*~*~tactically~*~*~ (stealth).
 37991 | Depths:2 | 37991 ||| Stepping ~*~*~tactically~*~*~ (stealth).
 38004 | Depths:2 | 38004 ||| Stepping ~*~*~tactically~*~*~ (stealth).
 38023 | Depths:2 | 38023 ||| INVOKING Heroism.
 38024 | Depths:2 | 38024 ||| INVOKING Finesse.
 38077 | Depths:2 | 38077 ||| Stepping ~*~*~tactically~*~*~ (hiding).
 38088 | Depths:2 | 38088 ||| INVOKING Finesse.
 38089 | Depths:2 | 38089 ||| INVOKING Heroism.
 38300 | Depths:2 | 38300 ||| Stepping ~*~*~tactically~*~*~ (hiding).
 38304 | Depths:2 | 38304 ||| INVOKING Heroism.
 38305 | Depths:2 | 38305 ||| INVOKING Finesse.
 38400 | Depths:2 | 38400 ||| FLEEEEING.
 38401 | Depths:2 | 38401 ||| FLEEEEING.
 38402 | Depths:2 | 38402 ||| FLEEEEING.
 38403 | Depths:2 | 38403 ||| FLEEEEING.
 38404 | Depths:2 | 38404 ||| FLEEEEING.
 38405 | Depths:2 | 38405 ||| FLEEEEING.
 38406 | Depths:2 | 38406 ||| FLEEEEING.
 38407 | Depths:2 | 38407 ||| FLEEEEING.
 38549 | Depths:2 | You are sucked into a shaft and drop 1 floor!
 38559 | Depths:3 | 38559 ||| Stepping ~*~*~tactically~*~*~ (hiding).
 38561 | Depths:3 | 38561 ||| Stepping ~*~*~tactically~*~*~ (hiding).
 38562 | Depths:3 | 38562 ||| Stepping ~*~*~tactically~*~*~ (hiding).
 38573 | Depths:3 | 38573 ||| INVOKING Heroism.
 38574 | Depths:3 | Noticed Boris
 38583 | Depths:3 | 38583 ||| INVOKING Finesse.
 38586 | Depths:3 | Reached skill level 18 in Fighting
 38596 | Depths:3 | Killed Boris
 38596 | Depths:3 | Received a gift from Okawaru
 38597 | Depths:3 | Reached XP level 22. HP: 147/147 MP: 23/29
 38605 | Depths:3 | 38605 ||| Stepping ~*~*~tactically~*~*~ (hiding).
 38681 | Depths:3 | 38681 ||| Stepping ~*~*~tactically~*~*~ (stealth).
 38699 | Depths:3 | Found a bloodstained altar of Trog.
 38746 | Depths:3 | 38746 ||| Stepping ~*~*~tactically~*~*~ (hiding).
 38747 | Depths:3 | 38747 ||| Stepping ~*~*~tactically~*~*~ (hiding).
 38751 | Depths:3 | 38751 ||| INVOKING Heroism.
 38752 | Depths:3 | 38752 ||| INVOKING Finesse.
 38784 | Depths:3 | 38784 ||| Stepping ~*~*~tactically~*~*~ (stealth).
 38800 | Depths:3 | 38800 ||| Stepping ~*~*~tactically~*~*~ (hiding).
 38843 | Depths:3 | 38843 ||| Stepping ~*~*~tactically~*~*~ (stealth).
 38844 | Depths:3 | 38844 ||| INVOKING Heroism.
 38852 | Depths:3 | 38852 ||| Stepping ~*~*~tactically~*~*~ (hiding).
 39169 | Depths:2 | 39169 ||| Stepping ~*~*~tactically~*~*~ (hiding).
 39170 | Depths:2 | 39170 ||| Stepping ~*~*~tactically~*~*~ (hiding).
 39257 | Depths:2 | 39257 ||| Stepping ~*~*~tactically~*~*~ (stealth).
 39260 | Depths:2 | 39260 ||| Stepping ~*~*~tactically~*~*~ (hiding).
 39278 | Depths:2 | 39278 ||| Stepping ~*~*~tactically~*~*~ (hiding).
 39282 | Depths:2 | 39282 ||| Stepping ~*~*~tactically~*~*~ (hiding).
 39299 | Depths:2 | 39299 ||| Stepping ~*~*~tactically~*~*~ (hiding).
 39300 | Depths:2 | 39300 ||| Stepping ~*~*~tactically~*~*~ (hiding).
 39306 | Depths:2 | 39306 ||| INVOKING Heroism.
 39321 | Depths:2 | Received a gift from Okawaru
 39342 | Depths:2 | 39342 ||| Stepping ~*~*~tactically~*~*~ (hiding).
 39501 | Depths:2 | 39501 ||| Stepping ~*~*~tactically~*~*~ (stealth).
 39558 | Depths:3 | 39558 ||| STAIRDANCE
 39593 | Depths:3 | 39593 ||| INVOKING Heroism.
 39619 | Depths:3 | 39619 ||| INVOKING Heroism.
 39624 | Depths:3 | 39624 ||| INVOKING Finesse.
 39635 | Depths:3 | Identified the +5 war axe "Oguut" {protect, rElec rF+ rC+
                  | rN+ Dex+4} (Okawaru gifted it to you on level 3 of the
                  | Depths)
 39635 | Depths:3 | Received a gift from Okawaru
 39636 | Depths:3 | HP: 21/148 [lich/bolt of cold (57)]
 39637 | Depths:3 | 39637 ||| READING 11 scrolls of teleportation.
 39638 | Depths:3 | 39638 ||| DRINKING 3 potions of heal wounds.
 39741 | Depths:3 | 39741 ||| Stepping ~*~*~tactically~*~*~ (stealth).
 39790 | Depths:3 | Noticed Xtahua
 39796 | Depths:3 | 39796 ||| Stepping ~*~*~tactically~*~*~ (hiding).
 39810 | Depths:3 | Paralysed by Xtahua for 2 turns
 39816 | Depths:3 | Killed Xtahua
 39823 | Depths:3 | 39823 ||| Stepping ~*~*~tactically~*~*~ (cloud).
 39829 | Depths:3 | 39829 ||| INVOKING Heroism.
 39910 | Depths:3 | 39910 ||| Stepping ~*~*~tactically~*~*~ (stealth).
 39916 | Depths:3 | 39916 ||| Stepping ~*~*~tactically~*~*~ (hiding).
 39923 | Depths:3 | 39923 ||| INVOKING Heroism.
 39923 | Depths:3 | Noticed Mennas
 39924 | Depths:3 | 39924 ||| INVOKING Finesse.
 39959 | Depths:3 | Killed Mennas
 40024 | Depths:3 | Identified the +9 whip "Orb Guardian's Regret" {protect,
                  | rF+ Will+}
 40047 | Depths:3 | 40047 ||| INVOKING Heroism.
 40048 | Depths:3 | 40048 ||| INVOKING Finesse.
 40112 | Depths:3 | Noticed a golden dragon
 40113 | Depths:3 | 40113 ||| Stepping ~*~*~tactically~*~*~ (stealth).
 40115 | Depths:3 | 40115 ||| Stepping ~*~*~tactically~*~*~ (hiding).
 40117 | Depths:3 | 40117 ||| INVOKING Heroism.
 40127 | Depths:3 | Killed a golden dragon
 40238 | Depths:3 | 40238 ||| Stepping ~*~*~tactically~*~*~ (hiding).
 40398 | Depths:3 | 40398 ||| INVOKING Heroism.
 40541 | Depths:4 | Entered Level 4 of the Depths
 40551 | Depths:4 | 40551 ||| Stepping ~*~*~tactically~*~*~ (stealth).
 40556 | Depths:4 | 40556 ||| Stepping ~*~*~tactically~*~*~ (hiding).
 40559 | Depths:4 | 40559 ||| Stepping ~*~*~tactically~*~*~ (hiding).
 40667 | Depths:4 | Noticed Boris
 40668 | Depths:4 | 40668 ||| Stepping ~*~*~tactically~*~*~ (hiding).
 40672 | Depths:4 | 40672 ||| INVOKING Heroism.
 40683 | Depths:4 | Killed Boris
 40714 | Depths:4 | 40714 ||| Stepping ~*~*~tactically~*~*~ (stealth).
 40724 | Depths:4 | 40724 ||| FLEEEEING.
 40725 | Depths:4 | 40725 ||| FLEEEEING.
 40726 | Depths:4 | 40726 ||| FLEEEEING.
 40727 | Depths:4 | 40727 ||| FLEEEEING.
 40730 | Depths:4 | 40730 ||| FLEEEEING.
 40731 | Depths:4 | 40731 ||| FLEEEEING.
 40732 | Depths:4 | 40732 ||| FLEEEEING.
 40733 | Depths:4 | 40733 ||| FLEEEEING.
 40786 | Depths:4 | Found a sacrificial altar of Ru.
 40796 | Depths:4 | 40796 ||| INVOKING Heroism.
 40815 | Depths:4 | 40815 ||| Stepping ~*~*~tactically~*~*~ (hiding).
 40858 | Depths:4 | Identified the -2 pair of gloves "Iqoal" {rElec}
 40879 | Depths:4 | Noticed a juggernaut
 40880 | Depths:4 | 40880 ||| INVOKING Heroism.
 40890 | Depths:4 | Killed a juggernaut
 40936 | Depths:4 | Found a gate to the Realm of Zot.
 40939 | Depths:4 | 40939 ||| INVOKING Heroism.
 40961 | Depths:4 | 40961 ||| INVOKING Heroism.
 40962 | Depths:4 | Received a gift from Okawaru
 41016 | Depths:4 | 41016 ||| Stepping ~*~*~tactically~*~*~ (stealth).
 41055 | Depths:4 | 41055 ||| Stepping ~*~*~tactically~*~*~ (hiding).
 41059 | Depths:4 | 41059 ||| INVOKING Heroism.
 41251 | Depths:4 | 41251 ||| Stepping ~*~*~tactically~*~*~ (hiding).
 41501 | Depths:4 | 41501 ||| FLEEEEING.
 41502 | Depths:4 | 41502 ||| FLEEEEING.
 41503 | Depths:4 | 41503 ||| FLEEEEING.
 41507 | Depths:4 | 41507 ||| FLEEEEING.
 41508 | Depths:4 | 41508 ||| FLEEEEING.
 41509 | Depths:4 | 41509 ||| FLEEEEING.
 41541 | Depths:4 | 41541 ||| PLANNING VAULTS:5
 41541 | Depths:4 | 41541 ||| DROPPING -2 pair of gloves "Iqoal" {rElec}.
 41542 | Depths:4 | 41542 ||| DROPPING scarf of harm.
 41580 | Depths:2 | 41580 ||| Stepping ~*~*~tactically~*~*~ (hiding).
 41812 | Vaults:5 | Entered Level 5 of the Vaults
 41813 | Vaults:5 | 41813 ||| INVOKING Heroism.
 41814 | Vaults:5 | 41814 ||| STAIRDANCE
 41837 | Vaults:5 | 41837 ||| STAIRDANCE
 41837 | Vaults:5 | Noticed a golden dragon
 41858 | Vaults:4 | Reached XP level 23. HP: 144/155 MP: 30/30
 41875 | Vaults:5 | 41875 ||| STAIRDANCE
 41877 | Vaults:4 | 41877 ||| INVOKING Heroism.
 41927 | Vaults:5 | 41927 ||| STAIRDANCE
 41949 | Vaults:4 | 41949 ||| UPGRADING to +2 tower shield.
 41959 | Vaults:4 | 41959 ||| DROPPING +0 tower shield.
 41963 | Vaults:5 | 41963 ||| INVOKING Heroism.
 41964 | Vaults:5 | 41964 ||| INVOKING Finesse.
 41972 | Vaults:5 | 41972 ||| STAIRDANCE
 42026 | Vaults:5 | 42026 ||| INVOKING Heroism.
 42026 | Vaults:5 | Noticed a golden dragon
 42027 | Vaults:5 | 42027 ||| INVOKING Finesse.
 42028 | Vaults:5 | 42028 ||| STAIRDANCE
 42086 | Vaults:5 | 42086 ||| INVOKING Heroism.
 42087 | Vaults:5 | 42087 ||| STAIRDANCE
 42123 | Vaults:5 | 42123 ||| STAIRDANCE
 42131 | Vaults:4 | Killed a golden dragon
 42181 | Vaults:5 | 42181 ||| STAIRDANCE
 42211 | Vaults:5 | 42211 ||| INVOKING Heroism.
 42228 | Vaults:5 | Killed a golden dragon
 42230 | Vaults:5 | Noticed a golden dragon
 42250 | Vaults:5 | 42250 ||| INVOKING Heroism.
 42253 | Vaults:5 | HP: 34/156 [phantasmal warrior (15)]
 42254 | Vaults:5 | 42254 ||| READING 11 scrolls of teleportation.
 42254 | Vaults:5 | HP: 15/156 [golden dragon (20)]
 42255 | Vaults:5 | 42255 ||| DRINKING 2 potions of heal wounds.
 42256 | Vaults:5 | 42256 ||| DRINKING potion of heal wounds.
 42376 | Vaults:5 | 42376 ||| INVOKING Heroism.
 42424 | Vaults:5 | Reached skill level 21 in Shields
 42428 | Vaults:5 | 42428 ||| INVOKING Finesse.
 42504 | Vaults:5 | 42504 ||| INVOKING Heroism.
 42505 | Vaults:5 | 42505 ||| INVOKING Finesse.
 42525 | Vaults:5 | 42525 ||| Stepping ~*~*~tactically~*~*~ (stealth).
 42624 | Vaults:5 | 42624 ||| INVOKING Heroism.
 42685 | Vaults:5 | 42685 ||| Stepping ~*~*~tactically~*~*~ (stealth).
 42686 | Vaults:5 | 42686 ||| Stepping ~*~*~tactically~*~*~ (stealth).
 42696 | Vaults:5 | Received a gift from Okawaru
 42711 | Vaults:5 | 42711 ||| INVOKING Heroism.
 42712 | Vaults:5 | 42712 ||| INVOKING Finesse.
 42722 | Vaults:5 | Killed a golden dragon
 42736 | Vaults:5 | 42736 ||| Stepping ~*~*~tactically~*~*~ (hiding).
 42746 | Vaults:5 | Identified the +7 long sword "Death Rattle" {vorpal, +Blink
                  | rC- rN+++ Will+}
 42769 | Vaults:5 | Reached skill level 21 in Fighting
 42774 | Vaults:5 | Received a gift from Okawaru
 42781 | Vaults:5 | 42781 ||| INVOKING Heroism.
 42781 | Vaults:5 | HP: 40/160 [yaktaur captain/bolt (19)]
 42782 | Vaults:5 | 42782 ||| READING 10 scrolls of teleportation.
 42787 | Vaults:5 | HP: 37/160 [orc knight/+0 war axe of flaming (8)]
 42790 | Vaults:5 | 42790 ||| READING 9 scrolls of teleportation.
 42808 | Vaults:5 | 42808 ||| INVOKING Heroism.
 42914 | Vaults:5 | Got a silver rune of Zot
 42937 | Vaults:5 | Found the +2 cloak of the Thief {*Fog Slay-2 SInv Stlth+}
 42942 | Vaults:5 | Identified the +4 great sword "Husynop" {drain, Stlth+}
 42975 | Vaults:5 | 42975 ||| Stepping randomly (stuck).
 42982 | Vaults:5 | 42982 ||| Stepping ~*~*~tactically~*~*~ (hiding).
 43036 | Vaults:5 | 43036 ||| Stepping ~*~*~tactically~*~*~ (hiding).
 43038 | Vaults:5 | 43038 ||| Stepping ~*~*~tactically~*~*~ (hiding).
 43073 | Vaults:5 | 43073 ||| INVOKING Heroism.
 43128 | Vaults:5 | 43128 ||| Stepping ~*~*~tactically~*~*~ (stealth).
 43137 | Vaults:5 | 43137 ||| INVOKING Heroism.
 43148 | Vaults:5 | Reached skill level 9 in Dodging
 43237 | Vaults:5 | 43237 ||| INVOKING Heroism.
 43238 | Vaults:5 | 43238 ||| INVOKING Finesse.
 43311 | Vaults:5 | 43311 ||| Stepping ~*~*~tactically~*~*~ (stealth).
 43313 | Vaults:5 | 43313 ||| Stepping ~*~*~tactically~*~*~ (hiding).
 43409 | Vaults:5 | 43409 ||| INVOKING Heroism.
 43469 | Vaults:5 | Identified the +4 sling of Perfectionism {flame, Fragile
                  | rN+ Str+7}
 43543 | Vaults:5 | Noticed a dread lich
 43544 | Vaults:5 | 43544 ||| INVOKING Heroism.
 43552 | Vaults:5 | Received a gift from Okawaru
 43591 | Vaults:5 | Killed a dread lich
 43592 | Vaults:5 | Reached skill level 12 in Throwing
 43628 | Vaults:5 | 43628 ||| INVOKING Heroism.
 43639 | Vaults:5 | 43639 ||| Stepping ~*~*~tactically~*~*~ (hiding).
 43650 | Vaults:5 | 43650 ||| INVOKING Finesse.
 43659 | Vaults:5 | Reached XP level 24. HP: 166/166 MP: 25/30
 43666 | Vaults:5 | 43666 ||| Stepping ~*~*~tactically~*~*~ (hiding).
 43686 | Vaults:5 | 43686 ||| Stepping ~*~*~tactically~*~*~ (hiding).
 43696 | Vaults:5 | Received a gift from Okawaru
 43698 | Vaults:5 | 43698 ||| INVOKING Heroism.
 43776 | Vaults:5 | Identified the ring of Boabixt {rF+ Int+7}
 43962 | Vaults:5 | Identified the +0 pair of boots of Grot {rF+++ rCorr Str-2
                  | Int+2}
 43991 | Vaults:5 | Noticed an ancient lich
 43992 | Vaults:5 | 43992 ||| INVOKING Heroism.
 43993 | Vaults:5 | 43993 ||| INVOKING Finesse.
 43997 | Vaults:5 | Killed an ancient lich
 44003 | Vaults:5 | 44003 ||| Stepping ~*~*~tactically~*~*~ (hiding).
 44006 | Vaults:5 | 44006 ||| Stepping ~*~*~tactically~*~*~ (hiding).
 44156 | Vaults:5 | 44156 ||| Stepping ~*~*~tactically~*~*~ (hiding).
 44159 | Vaults:5 | 44159 ||| Stepping ~*~*~tactically~*~*~ (hiding).
 44273 | Vaults:5 | 44273 ||| PLANNING SHOPPING SPREE
 44273 | Vaults:5 | 44273 ||| DROPPING +1 pair of gloves.
 44274 | Vaults:5 | 44274 ||| DROPPING +2 pair of gloves of stealth.
 44275 | Vaults:5 | 44275 ||| DROPPING ring of protection from fire.
 44299 | Vaults:5 | 44299 ||| Stepping ~*~*~tactically~*~*~ (stealth).
 44493 | D:8      | 44493 ||| BUYING potion of curing (39 gold).
 44493 | D:8      | Bought a potion of curing for 39 gold pieces
 44493 | D:8      | 44493 ||| BUYING potion of haste (130 gold).
 44493 | D:8      | Bought a potion of haste for 130 gold pieces
 44493 | D:8      | 44493 ||| BUYING potion of heal wounds (65 gold).
 44493 | D:8      | Bought a potion of heal wounds for 65 gold pieces
 44493 | D:8      | 44493 ||| BUYING potion of might (52 gold).
 44493 | D:8      | Bought a potion of might for 52 gold pieces
 44493 | D:8      | 44493 ||| BUYING potion of mutation (104 gold).
 44493 | D:8      | Bought a potion of mutation for 104 gold pieces
 44493 | D:8      | 44493 ||| BUYING potion of mutation (104 gold).
 44493 | D:8      | Bought a potion of mutation for 104 gold pieces
 44616 | Orc:2    | 44616 ||| BUYING 2 potions of might (96 gold).
 44616 | Orc:2    | Bought 2 potions of might for 96 gold pieces
 44616 | Orc:2    | 44616 ||| BUYING potion of haste (120 gold).
 44616 | Orc:2    | Bought a potion of haste for 120 gold pieces
 44616 | Orc:2    | 44616 ||| BUYING potion of magic (96 gold).
 44616 | Orc:2    | Bought a potion of magic for 96 gold pieces
 44616 | Orc:2    | 44616 ||| BUYING potion of mutation (96 gold).
 44616 | Orc:2    | Bought a potion of mutation for 96 gold pieces
 44616 | Orc:2    | 44616 ||| BUYING potion of resistance (120 gold).
 44616 | Orc:2    | Bought a potion of resistance for 120 gold pieces
 44764 | D:8      | 44764 ||| BUYING ring of Bazicuba {rPois rF+ Will- Str+3
                  | SInv} (388 gold).
 44764 | D:8      | Bought the ring of Bazicuba {rPois rF+ Will- Str+3 SInv}
                  | for 388 gold pieces
 44764 | D:8      | 44764 ||| DROPPING ring of protection from fire.
 44947 | Snake:3  | 44947 ||| BUYING amulet of reflection (420 gold).
 44947 | Snake:3  | Bought an amulet of reflection for 420 gold pieces
 44947 | Snake:3  | 44947 ||| UPGRADING to amulet of reflection.
 44957 | Snake:3  | 44957 ||| DROPPING amulet of regeneration.
 44958 | Snake:3  | 44958 ||| CLEARING SHOPPING LIST
 44958 | Snake:3  | 44958 ||| PLANNING ZOT:1-4
 44958 | Snake:3  | 44958 ||| Stepping randomly (stuck).
 44959 | Snake:3  | 44959 ||| SWAPPING to +7 broad axe of Ysead {spect, rElec
                  | rF+ rC+}.
 45328 | Zot:1    | Entered Level 1 of the Realm of Zot
 45402 | Zot:1    | Received a gift from Okawaru
 45644 | Zot:1    | 45644 ||| Stepping ~*~*~tactically~*~*~ (hiding).
 45801 | Zot:1    | 45801 ||| Stepping ~*~*~tactically~*~*~ (stealth).
 45809 | Zot:1    | 45809 ||| INVOKING Heroism.
 45966 | Zot:1    | 45966 ||| INVOKING Heroism.
 46011 | Zot:1    | 46011 ||| INVOKING Heroism.
 46224 | Zot:1    | 46224 ||| INVOKING Heroism.
 46748 | Zot:2    | 46748 ||| INVOKING Heroism.
 46849 | Zot:2    | 46849 ||| Stepping ~*~*~tactically~*~*~ (stealth).
 46850 | Zot:2    | 46850 ||| Stepping ~*~*~tactically~*~*~ (stealth).
 46893 | Zot:2    | 46893 ||| Stepping ~*~*~tactically~*~*~ (stealth).
 46928 | Zot:2    | Identified the +7 mace of the Apocalypse {protect, rF+}
 46935 | Zot:2    | 46935 ||| Stepping ~*~*~tactically~*~*~ (stealth).
 47056 | Zot:2    | 47056 ||| Stepping ~*~*~tactically~*~*~ (hiding).
 47250 | Zot:2    | 47250 ||| Stepping ~*~*~tactically~*~*~ (stealth).
 47252 | Zot:2    | 47252 ||| INVOKING Heroism.
 47306 | Zot:2    | Identified the +6 tower shield "Qoadd" {rElec rF+ Str+3
                  | Slay-2} (Okawaru gifted it to you on level 2 of the Realm
                  | of Zot)
 47306 | Zot:2    | Received a gift from Okawaru
 47335 | Zot:2    | 47335 ||| Stepping ~*~*~tactically~*~*~ (hiding).
 47337 | Zot:2    | 47337 ||| Stepping ~*~*~tactically~*~*~ (hiding).
 47593 | Zot:2    | 47593 ||| INVOKING Heroism.
 47741 | Zot:2    | 47741 ||| INVOKING Heroism.
 47754 | Zot:2    | Identified the +4 helmet of Yrchosua {rPois}
 47756 | Zot:2    | 47756 ||| UPGRADING to +6 tower shield "Qoadd" {rElec rF+
                  | Str+3 Slay-2}.
 47766 | Zot:2    | 47766 ||| SWAPPING to +8 mithril axe "Arga" {speed, Will+}.
 47767 | Zot:2    | 47767 ||| DROPPING +2 helmet.
 47768 | Zot:2    | 47768 ||| DROPPING +2 tower shield.
 47769 | Zot:2    | 47769 ||| UPGRADING to +4 helmet of Yrchosua {rPois}.
 47860 | Zot:3    | 47860 ||| INVOKING Heroism.
 47900 | Zot:3    | 47900 ||| Stepping ~*~*~tactically~*~*~ (hiding).
 48043 | Zot:3    | 48043 ||| INVOKING Heroism.
 48133 | Zot:3    | 48133 ||| INVOKING Heroism.
 48206 | Zot:3    | 48206 ||| FLEEEEING.
 48207 | Zot:3    | 48207 ||| INVOKING Heroism.
 48238 | Zot:3    | 48238 ||| FLEEEEING.
 48239 | Zot:3    | 48239 ||| FLEEEEING.
 48240 | Zot:3    | 48240 ||| FLEEEEING.
 48241 | Zot:3    | 48241 ||| FLEEEEING.
 48242 | Zot:3    | 48242 ||| FLEEEEING.
 48247 | Zot:3    | 48247 ||| FLEEEEING.
 48248 | Zot:3    | 48248 ||| FLEEEEING.
 48249 | Zot:3    | 48249 ||| STAIRDANCE
 48645 | Zot:3    | 48645 ||| INVOKING Heroism.
 48775 | Zot:3    | 48775 ||| INVOKING Heroism.
 48966 | Zot:4    | 48966 ||| STAIRDANCE
 49274 | Zot:4    | Noticed an orb of fire
 49275 | Zot:4    | 49275 ||| INVOKING Heroism.
 49276 | Zot:4    | 49276 ||| INVOKING Finesse.
 49297 | Zot:4    | Gained mutation: You are clumsy. (Dex -2) [an orb of fire]
 49298 | Zot:4    | Killed an orb of fire
 49371 | Zot:4    | Paralysed by a Zot trap for 4 turns
 49427 | Zot:4    | 49427 ||| INVOKING Heroism.
 49585 | Zot:4    | Identified the +8 chain mail "Bakhlomnu" {Dex+5}
 49938 | Zot:4    | 49938 ||| PLANNING THE SHINING ONE WORSHIP
 50438 | Temple   | Fell from the grace of Okawaru
 50438 | Temple   | Became a worshipper of the Shining One
 50439 | Temple   | 50439 ||| PLANNING CRYPT
 50729 | Crypt:1  | Entered Level 1 of the Crypt
 50832 | Crypt:1  | Reached * piety under the Shining One
 50889 | Crypt:1  | 50889 ||| Stepping ~*~*~tactically~*~*~ (hiding).
 50900 | Crypt:1  | Reached ** piety under the Shining One
 50949 | Crypt:1  | Reached XP level 25. HP: 161/176 MP: 31/31
 50983 | Crypt:1  | 50983 ||| Stepping ~*~*~tactically~*~*~ (stealth).
 50985 | Crypt:1  | 50985 ||| Stepping ~*~*~tactically~*~*~ (stealth).
 51004 | Crypt:1  | 51004 ||| Stepping ~*~*~tactically~*~*~ (hiding).
 51039 | Crypt:1  | Reached *** piety under the Shining One
 51041 | Crypt:1  | 51041 ||| Stepping ~*~*~tactically~*~*~ (stealth).
 51043 | Crypt:1  | 51043 ||| Stepping ~*~*~tactically~*~*~ (stealth).
 51045 | Crypt:1  | 51045 ||| Stepping ~*~*~tactically~*~*~ (hiding).
 51059 | Crypt:1  | 51059 ||| Stepping ~*~*~tactically~*~*~ (stealth).
 51098 | Crypt:1  | 51098 ||| Stepping ~*~*~tactically~*~*~ (hiding).
 51100 | Crypt:1  | 51100 ||| INVOKING Cleansing Flame.
 51109 | Crypt:1  | 51109 ||| Stepping ~*~*~tactically~*~*~ (stealth).
 51110 | Crypt:1  | 51110 ||| Stepping ~*~*~tactically~*~*~ (stealth).
 51129 | Crypt:1  | 51129 ||| DRINKING 21 potions of curing.
 51129 | Crypt:1  | 51129 ||| (to cure confusion)
 51309 | Crypt:1  | You are sucked into a shaft and drop 1 floor!
 51336 | Crypt:2  | Reached skill level 12 in Invocations
 51393 | Crypt:2  | Reached **** piety under the Shining One
 51511 | Crypt:2  | 51511 ||| DROPPING +2 cloak of the Thief {*Fog Slay-2 SInv
                  | Stlth+}.
 51512 | Crypt:2  | 51512 ||| UPGRADING to +4 ring of evasion.
 52081 | Crypt:2  | Reached ***** piety under the Shining One
 52083 | Crypt:2  | 52083 ||| Stepping ~*~*~tactically~*~*~ (hiding).
 52129 | Crypt:2  | 52129 ||| DROPPING +0 war axe.
 52159 | Crypt:2  | 52159 ||| Stepping ~*~*~tactically~*~*~ (stealth).
 52453 | Crypt:2  | 52453 ||| INVOKING Cleansing Flame.
 52765 | Crypt:1  | Found an ancient bone altar of Kikubaaqudgha.
 52852 | Crypt:3  | Entered Level 3 of the Crypt
 52857 | Crypt:3  | 52857 ||| STAIRDANCE
 52901 | Crypt:3  | 52901 ||| Stepping ~*~*~tactically~*~*~ (stealth).
 52928 | Crypt:3  | Reached ****** piety under the Shining One
 52931 | Crypt:3  | 52931 ||| Stepping ~*~*~tactically~*~*~ (hiding).
 52987 | Crypt:3  | 52987 ||| INVOKING Brand Weapon With Holy Wrath.
 52987 | Crypt:3  | Identified a +5 broad axe of holy wrath (a +3 vorpal broad
                  | axe blessed by the Shining One)
 52987 | Crypt:3  | Received a gift from the Shining One
 53009 | Crypt:3  | 53009 ||| Stepping ~*~*~tactically~*~*~ (stealth).
 53071 | Crypt:3  | Found a basalt altar of Yredelemnul.
 53088 | Crypt:3  | 53088 ||| Stepping ~*~*~tactically~*~*~ (stealth).
 53094 | Crypt:3  | 53094 ||| FLEEEEING.
 53113 | Crypt:3  | 53113 ||| Stepping ~*~*~tactically~*~*~ (hiding).
 53144 | Crypt:3  | 53144 ||| FLEEEEING.
 53145 | Crypt:3  | 53145 ||| FLEEEEING.
 53146 | Crypt:3  | 53146 ||| FLEEEEING.
 53147 | Crypt:3  | 53147 ||| FLEEEEING.
 53148 | Crypt:3  | 53148 ||| FLEEEEING.
 53151 | Crypt:3  | 53151 ||| FLEEEEING.
 53152 | Crypt:3  | 53152 ||| FLEEEEING.
 53337 | Crypt:3  | 53337 ||| Stepping ~*~*~tactically~*~*~ (hiding).
 53460 | Crypt:3  | Found a staircase to the Tomb.
 53475 | Crypt:3  | Identified the ring of Uqauk {rElec rF++ rN+ MP+9}
 53475 | Crypt:3  | Identified the ring "Kiskud" {Fly rN+ Dex+3 Stlth+}
 53475 | Crypt:3  | Identified the ring "Citt" {rN+ Int+3 Stlth+}
 53503 | Crypt:3  | Identified the +7 war axe of the Bespelling Gods {vorpal,
                  | rN+ Int+3 Stlth-}
 53524 | Crypt:3  | 53524 ||| Stepping ~*~*~tactically~*~*~ (hiding).
 53525 | Crypt:3  | 53525 ||| Stepping ~*~*~tactically~*~*~ (hiding).
 53527 | Crypt:3  | 53527 ||| INVOKING Summon Divine Warrior.
 53903 | Crypt:3  | Reached skill level 15 in Invocations
 53955 | Crypt:3  | 53955 ||| PLANNING TOMB
 53955 | Crypt:3  | 53955 ||| SWAPPING to +5 broad axe of holy wrath.
 53956 | Crypt:3  | 53956 ||| READING 5 scrolls of enchant weapon.
 53956 | Crypt:3  | 53956 ||| ENCHANTING +5 broad axe of holy wrath.
 53957 | Crypt:3  | 53957 ||| READING 4 scrolls of enchant weapon.
 53957 | Crypt:3  | 53957 ||| ENCHANTING +6 broad axe of holy wrath.
 53958 | Crypt:3  | 53958 ||| READING 3 scrolls of enchant weapon.
 53958 | Crypt:3  | 53958 ||| ENCHANTING +7 broad axe of holy wrath.
 53959 | Crypt:3  | 53959 ||| READING 2 scrolls of enchant weapon.
 53959 | Crypt:3  | 53959 ||| ENCHANTING +8 broad axe of holy wrath.
 53960 | Crypt:3  | 53960 ||| DROPPING +5 war axe "Oguut" {protect, rElec rF+
                  | rC+ rN+ Dex+4}.
 53961 | Crypt:3  | 53961 ||| DROPPING ring "Kiskud" {Fly rN+ Dex+3 Stlth+}.
 53962 | Crypt:3  | 53962 ||| DROPPING ring "Citt" {rN+ Int+3 Stlth+}.
 53963 | Crypt:3  | 53963 ||| DROPPING ring of magical power.
 53964 | Crypt:3  | 53964 ||| DROPPING ring of Boabixt {rF+ Int+7}.
 54041 | Tomb:1   | Entered Level 1 of the Tomb of the Ancients
 54164 | Tomb:1   | Paralysed by a sphinx for 4 turns
 54826 | Tomb:1   | Noticed a royal mummy
 54826 | Tomb:1   | Noticed a royal mummy
 54827 | Tomb:1   | 54827 ||| INVOKING Summon Divine Warrior.
 54830 | Tomb:1   | 54830 ||| INVOKING Cleansing Flame.
 54832 | Tomb:1   | Killed a royal mummy
 54834 | Tomb:1   | 54834 ||| INVOKING Cleansing Flame.
 54834 | Tomb:1   | Noticed a royal mummy
 54835 | Tomb:1   | 54835 ||| INVOKING Cleansing Flame.
 54835 | Tomb:1   | Killed a royal mummy
 54839 | Tomb:1   | 54839 ||| INVOKING Cleansing Flame.
 54844 | Tomb:1   | Killed a royal mummy
 54859 | Tomb:1   | 54859 ||| INVOKING Summon Divine Warrior.
 54863 | Tomb:1   | HP: 43/176 [??? (8)]
 54864 | Tomb:1   | 54864 ||| READING 16 scrolls of teleportation.
 54865 | Tomb:1   | 54865 ||| DRINKING 8 potions of heal wounds.
 54869 | Tomb:1   | 54869 ||| INVOKING Summon Divine Warrior.
 54870 | Tomb:1   | HP: 35/176 [something (12)]
 54904 | Tomb:1   | 54904 ||| INVOKING Cleansing Flame.
 54916 | Tomb:1   | 54916 ||| INVOKING Cleansing Flame.
 54917 | Tomb:1   | 54917 ||| INVOKING Cleansing Flame.
 55174 | Tomb:1   | 55174 ||| Stepping ~*~*~tactically~*~*~ (hiding).
 55180 | Tomb:1   | 55180 ||| INVOKING Cleansing Flame.
 55181 | Tomb:1   | 55181 ||| INVOKING Cleansing Flame.
 55186 | Tomb:1   | 55186 ||| INVOKING Summon Divine Warrior.
 55257 | Tomb:1   | HP: 32/176 [frost giant/bolt of cold[the fury of Okawaru]
                  | (46)]
 55258 | Tomb:1   | 55258 ||| READING 15 scrolls of teleportation.
 55259 | Tomb:1   | 55259 ||| DRINKING 7 potions of heal wounds.
 55259 | Tomb:1   | The Shining One protects you from harm!
 55260 | Tomb:1   | 55260 ||| DRINKING 6 potions of heal wounds.
 55260 | Tomb:1   | The Shining One protects you from harm!
 55261 | Tomb:1   | 55261 ||| DRINKING 5 potions of heal wounds.
 55366 | Tomb:1   | 55366 ||| INVOKING Summon Divine Warrior.
 55368 | Tomb:1   | HP: 19/176 [frost giant/bolt of cold[the fury of Okawaru]
                  | (33)]
 55369 | Tomb:1   | 55369 ||| READING 14 scrolls of teleportation.
 55370 | Tomb:1   | 55370 ||| DRINKING 4 potions of heal wounds.
 55371 | Tomb:1   | 55371 ||| DRINKING 3 potions of heal wounds.
 55693 | Tomb:1   | Reached XP level 26. HP: 164/182 MP: 35/35
 55885 | Tomb:1   | Identified the +0 plate armour of Magic {Int+4}
 55953 | Tomb:1   | 55953 ||| Stepping ~*~*~tactically~*~*~ (hiding).
 55959 | Tomb:1   | 55959 ||| INVOKING Cleansing Flame.
 55960 | Tomb:1   | 55960 ||| INVOKING Cleansing Flame.
 56025 | Tomb:1   | 56025 ||| DRINKING 24 potions of curing.
 56025 | Tomb:1   | 56025 ||| (to cure confusion)
 56174 | Tomb:2   | 56174 ||| DRINKING 11 potions of haste.
 56175 | Tomb:2   | 56175 ||| DRINKING 14 potions of attraction.
 56178 | Tomb:2   | Noticed a royal mummy
 56178 | Tomb:2   | 56178 ||| INVOKING Summon Divine Warrior.
 56178 | Tomb:2   | Noticed a royal mummy
 56178 | Tomb:2   | Noticed a royal mummy
 56180 | Tomb:2   | 56180 ||| INVOKING Cleansing Flame.
 56180 | Tomb:2   | Noticed a royal mummy
 56181 | Tomb:2   | Noticed a royal mummy
 56184 | Tomb:2   | 56184 ||| INVOKING Cleansing Flame.
 56185 | Tomb:2   | 56185 ||| INVOKING Cleansing Flame.
 56185 | Tomb:2   | Killed a royal mummy
 56186 | Tomb:2   | Killed a royal mummy
 56188 | Tomb:2   | Killed a royal mummy
 56190 | Tomb:2   | Killed a royal mummy
 56191 | Tomb:2   | 56191 ||| INVOKING Cleansing Flame.
 56192 | Tomb:2   | 56192 ||| INVOKING Cleansing Flame.
 56192 | Tomb:2   | Killed a royal mummy
 56196 | Tomb:2   | 56196 ||| INVOKING Cleansing Flame.
 56228 | Tomb:2   | Reached skill level 18 in Invocations
 56372 | Tomb:2   | Was forgiven by Okawaru
 56761 | Tomb:1   | Noticed a royal mummy
 56761 | Tomb:1   | Noticed a royal mummy
 56762 | Tomb:1   | 56762 ||| INVOKING Summon Divine Warrior.
 56767 | Tomb:1   | Noticed a royal mummy
 56768 | Tomb:1   | Killed a royal mummy
 56771 | Tomb:1   | Killed a royal mummy
 56778 | Tomb:1   | 56778 ||| INVOKING Cleansing Flame.
 56779 | Tomb:1   | 56779 ||| INVOKING Cleansing Flame.
 56780 | Tomb:1   | 56780 ||| INVOKING Cleansing Flame.
 56783 | Tomb:1   | Noticed a royal mummy
 56785 | Tomb:1   | Killed a royal mummy
 56785 | Tomb:1   | Noticed a royal mummy
 56788 | Tomb:1   | 56788 ||| INVOKING Cleansing Flame.
 56793 | Tomb:1   | Killed a royal mummy
 56797 | Tomb:1   | 56797 ||| INVOKING Summon Divine Warrior.
 56800 | Tomb:1   | Killed a royal mummy
 56951 | Tomb:1   | Noticed a royal mummy
 56956 | Tomb:1   | 56956 ||| INVOKING Cleansing Flame.
 56957 | Tomb:1   | 56957 ||| INVOKING Cleansing Flame.
 56957 | Tomb:1   | Killed a royal mummy
 57043 | Tomb:1   | Noticed a royal mummy
 57046 | Tomb:1   | 57046 ||| INVOKING Cleansing Flame.
 57047 | Tomb:1   | 57047 ||| INVOKING Cleansing Flame.
 57048 | Tomb:1   | 57048 ||| INVOKING Cleansing Flame.
 57049 | Tomb:1   | 57049 ||| INVOKING Cleansing Flame.
 57050 | Tomb:1   | 57050 ||| INVOKING Cleansing Flame.
 57050 | Tomb:1   | Killed a royal mummy
 57129 | Tomb:1   | Noticed a royal mummy
 57132 | Tomb:1   | 57132 ||| INVOKING Cleansing Flame.
 57133 | Tomb:1   | 57133 ||| INVOKING Cleansing Flame.
 57134 | Tomb:1   | 57134 ||| INVOKING Cleansing Flame.
 57135 | Tomb:1   | 57135 ||| INVOKING Cleansing Flame.
 57135 | Tomb:1   | Killed a royal mummy
 57180 | Tomb:1   | Noticed a royal mummy
 57181 | Tomb:1   | 57181 ||| INVOKING Summon Divine Warrior.
 57184 | Tomb:1   | 57184 ||| INVOKING Cleansing Flame.
 57185 | Tomb:1   | 57185 ||| INVOKING Cleansing Flame.
 57185 | Tomb:1   | Killed a royal mummy
 57188 | Tomb:1   | Noticed a royal mummy
 57192 | Tomb:1   | 57192 ||| INVOKING Cleansing Flame.
 57193 | Tomb:1   | 57193 ||| INVOKING Cleansing Flame.
 57193 | Tomb:1   | Noticed a royal mummy
 57194 | Tomb:1   | 57194 ||| DRINKING 3 potions of magic.
 57195 | Tomb:1   | 57195 ||| INVOKING Cleansing Flame.
 57195 | Tomb:1   | Killed a royal mummy
 57203 | Tomb:1   | 57203 ||| INVOKING Cleansing Flame.
 57204 | Tomb:1   | Killed a royal mummy
 57409 | Tomb:1   | Noticed a royal mummy
 57416 | Tomb:1   | 57416 ||| INVOKING Cleansing Flame.
 57417 | Tomb:1   | 57417 ||| INVOKING Cleansing Flame.
 57418 | Tomb:1   | 57418 ||| INVOKING Cleansing Flame.
 57419 | Tomb:1   | 57419 ||| INVOKING Cleansing Flame.
 57420 | Tomb:1   | Killed a royal mummy
 57479 | Tomb:1   | Noticed a royal mummy
 57490 | Tomb:1   | Killed a royal mummy
 57490 | Tomb:1   | Noticed a royal mummy
 57494 | Tomb:1   | 57494 ||| INVOKING Cleansing Flame.
 57495 | Tomb:1   | 57495 ||| INVOKING Cleansing Flame.
 57498 | Tomb:1   | Killed a royal mummy
 57648 | Tomb:1   | Noticed a royal mummy
 57653 | Tomb:1   | 57653 ||| INVOKING Cleansing Flame.
 57655 | Tomb:1   | Noticed a royal mummy
 57663 | Tomb:1   | Killed a royal mummy
 57666 | Tomb:1   | 57666 ||| INVOKING Cleansing Flame.
 57667 | Tomb:1   | 57667 ||| INVOKING Cleansing Flame.
 57670 | Tomb:1   | Killed a royal mummy
 57712 | Tomb:1   | Noticed a royal mummy
 57719 | Tomb:1   | Noticed a royal mummy
 57723 | Tomb:1   | Killed a royal mummy
 57725 | Tomb:1   | 57725 ||| INVOKING Cleansing Flame.
 57733 | Tomb:1   | Killed a royal mummy
 57738 | Tomb:1   | Noticed a royal mummy
 57742 | Tomb:1   | 57742 ||| INVOKING Cleansing Flame.
 57743 | Tomb:1   | 57743 ||| INVOKING Cleansing Flame.
 57744 | Tomb:1   | 57744 ||| INVOKING Cleansing Flame.
 57745 | Tomb:1   | 57745 ||| INVOKING Cleansing Flame.
 57745 | Tomb:1   | Killed a royal mummy
 57781 | Tomb:1   | Noticed a royal mummy
 57785 | Tomb:1   | 57785 ||| INVOKING Cleansing Flame.
 57786 | Tomb:1   | 57786 ||| INVOKING Cleansing Flame.
 57790 | Tomb:1   | Killed a royal mummy
 58229 | Tomb:2   | 58229 ||| INVOKING Cleansing Flame.
 58230 | Tomb:2   | 58230 ||| INVOKING Cleansing Flame.
 58231 | Tomb:2   | 58231 ||| INVOKING Cleansing Flame.
 58234 | Tomb:2   | HP: 41/182 [mummy priest/divine providence (11)]
 58235 | Tomb:2   | 58235 ||| READING 13 scrolls of teleportation.
 58236 | Tomb:2   | 58236 ||| DRINKING 2 potions of heal wounds.
 58237 | Tomb:2   | 58237 ||| DRINKING potion of heal wounds.
 58662 | Tomb:2   | 58662 ||| Stepping ~*~*~tactically~*~*~ (stealth).
 58666 | Tomb:2   | 58666 ||| Stepping ~*~*~tactically~*~*~ (stealth).
 58670 | Tomb:2   | Reached skill level 21 in Invocations
 58748 | Tomb:2   | 58748 ||| DROPPING scarf of resistance.
 58754 | Tomb:3   | Entered Level 3 of the Tomb of the Ancients
 58755 | Tomb:3   | 58755 ||| DRINKING 11 potions of haste.
 58756 | Tomb:3   | 58756 ||| DRINKING 13 potions of attraction.
 58784 | Tomb:3   | Noticed a royal mummy
 58785 | Tomb:3   | 58785 ||| INVOKING Cleansing Flame.
 58786 | Tomb:3   | 58786 ||| INVOKING Cleansing Flame.
 58787 | Tomb:3   | 58787 ||| INVOKING Cleansing Flame.
 58788 | Tomb:3   | Noticed a royal mummy
 58790 | Tomb:3   | 58790 ||| INVOKING Cleansing Flame.
 58790 | Tomb:3   | Killed a royal mummy
 58791 | Tomb:3   | 58791 ||| INVOKING Cleansing Flame.
 58798 | Tomb:3   | 58798 ||| INVOKING Cleansing Flame.
 58801 | Tomb:3   | 58801 ||| INVOKING Cleansing Flame.
 58801 | Tomb:3   | Killed a royal mummy
 58805 | Tomb:3   | 58805 ||| INVOKING Summon Divine Warrior.
 58805 | Tomb:3   | Identified the +0 tower shield of Ulabias {Rampage Dex+4}
 58808 | Tomb:3   | 58808 ||| INVOKING Cleansing Flame.
 58810 | Tomb:3   | Noticed a royal mummy
 58816 | Tomb:3   | 58816 ||| INVOKING Cleansing Flame.
 58817 | Tomb:3   | 58817 ||| INVOKING Cleansing Flame.
 58821 | Tomb:3   | Noticed a royal mummy
 58822 | Tomb:3   | 58822 ||| INVOKING Cleansing Flame.
 58828 | Tomb:3   | 58828 ||| INVOKING Summon Divine Warrior.
 58831 | Tomb:3   | Killed a royal mummy
 58832 | Tomb:3   | 58832 ||| INVOKING Cleansing Flame.
 58833 | Tomb:3   | 58833 ||| DRINKING 2 potions of magic.
 58834 | Tomb:3   | 58834 ||| INVOKING Cleansing Flame.
 58835 | Tomb:3   | Reached XP level 27. HP: 111/188 MP: 23/38
 58838 | Tomb:3   | Killed a royal mummy
 58839 | Tomb:3   | 58839 ||| INVOKING Cleansing Flame.
 58841 | Tomb:3   | 58841 ||| INVOKING Cleansing Flame.
 58842 | Tomb:3   | 58842 ||| INVOKING Cleansing Flame.
 59038 | Tomb:3   | 59038 ||| INVOKING Cleansing Flame.
 59084 | Tomb:3   | Identified the +2 quarterstaff of the Realm of Zot {venom,
                  | rC+}
 59086 | Tomb:3   | Identified the +10 whip of Mezxolu {vorpal, +Blink}
 59092 | Tomb:3   | Identified the -1 pair of boots "Bivoisot" {Fly rF- rC+}
 59099 | Tomb:3   | Identified the ring "Wegoolow" {Ice Dex+5}
 59114 | Tomb:3   | Identified the +1 leather armour of the Tormentor {rN+}
 59126 | Tomb:3   | Identified the +6 chain mail "Niocris" {*Corrode rPois
                  | Will+}
 59140 | Tomb:3   | Identified the +5 shortbow "Qoleel" {flame, rCorr Dex+4}
 59194 | Tomb:3   | 59194 ||| Stepping ~*~*~tactically~*~*~ (stealth).
 59196 | Tomb:3   | 59196 ||| Stepping ~*~*~tactically~*~*~ (hiding).
 59231 | Tomb:3   | 59231 ||| Stepping ~*~*~tactically~*~*~ (stealth).
 59232 | Tomb:3   | 59232 ||| Stepping ~*~*~tactically~*~*~ (stealth).
 59234 | Tomb:3   | 59234 ||| Stepping ~*~*~tactically~*~*~ (hiding).
 59283 | Tomb:3   | Noticed a royal mummy
 59284 | Tomb:3   | 59284 ||| Stepping ~*~*~tactically~*~*~ (stealth).
 59286 | Tomb:3   | 59286 ||| Stepping ~*~*~tactically~*~*~ (stealth).
 59288 | Tomb:3   | 59288 ||| Stepping ~*~*~tactically~*~*~ (stealth).
 59290 | Tomb:3   | 59290 ||| INVOKING Summon Divine Warrior.
 59293 | Tomb:3   | 59293 ||| INVOKING Cleansing Flame.
 59294 | Tomb:3   | 59294 ||| INVOKING Cleansing Flame.
 59297 | Tomb:3   | Killed a royal mummy
 59303 | Tomb:3   | Noticed a royal mummy
 59305 | Tomb:3   | Noticed a royal mummy
 59306 | Tomb:3   | 59306 ||| INVOKING Cleansing Flame.
 59307 | Tomb:3   | 59307 ||| INVOKING Cleansing Flame.
 59308 | Tomb:3   | 59308 ||| INVOKING Cleansing Flame.
 59309 | Tomb:3   | 59309 ||| INVOKING Cleansing Flame.
 59309 | Tomb:3   | Killed a royal mummy
 59310 | Tomb:3   | 59310 ||| INVOKING Cleansing Flame.
 59311 | Tomb:3   | 59311 ||| INVOKING Cleansing Flame.
 59311 | Tomb:3   | Killed a royal mummy
 59329 | Tomb:3   | 59329 ||| Stepping ~*~*~tactically~*~*~ (hiding).
 59349 | Tomb:3   | Noticed a royal mummy
 59350 | Tomb:3   | 59350 ||| Stepping ~*~*~tactically~*~*~ (hiding).
 59351 | Tomb:3   | 59351 ||| Stepping ~*~*~tactically~*~*~ (hiding).
 59352 | Tomb:3   | 59352 ||| Stepping ~*~*~tactically~*~*~ (hiding).
 59355 | Tomb:3   | 59355 ||| INVOKING Cleansing Flame.
 59356 | Tomb:3   | 59356 ||| INVOKING Cleansing Flame.
 59357 | Tomb:3   | 59357 ||| INVOKING Cleansing Flame.
 59358 | Tomb:3   | Killed a royal mummy
 59492 | Tomb:3   | Noticed a royal mummy
 59492 | Tomb:3   | Noticed Boris
 59497 | Tomb:3   | Killed a royal mummy
 59498 | Tomb:3   | 59498 ||| Stepping ~*~*~tactically~*~*~ (hiding).
 59500 | Tomb:3   | 59500 ||| INVOKING Cleansing Flame.
 59501 | Tomb:3   | 59501 ||| INVOKING Cleansing Flame.
 59501 | Tomb:3   | Killed Boris
 59667 | Tomb:3   | 59667 ||| Stepping ~*~*~tactically~*~*~ (stealth).
 59706 | Tomb:3   | Got a golden rune of Zot
 59723 | Tomb:3   | 59723 ||| Stepping ~*~*~tactically~*~*~ (stealth).
 59868 | Tomb:3   | 59868 ||| Stepping ~*~*~tactically~*~*~ (stealth).
 60059 | Tomb:3   | 60059 ||| PLANNING PAN
 60591 | Pan      | Entered Pandemonium
 60596 | Pan      | 60596 ||| Stepping ~*~*~tactically~*~*~ (hiding).
 60597 | Pan      | 60597 ||| Stepping ~*~*~tactically~*~*~ (hiding).
 60751 | Pan      | 60751 ||| Stepping ~*~*~tactically~*~*~ (hiding).
 60810 | Pan      | 60810 ||| Stepping ~*~*~tactically~*~*~ (stealth).
 60830 | Pan      | 60830 ||| Stepping ~*~*~tactically~*~*~ (stealth).
 60832 | Pan      | 60832 ||| Stepping ~*~*~tactically~*~*~ (hiding).
 60839 | Pan      | 60839 ||| Stepping ~*~*~tactically~*~*~ (hiding).
 60966 | Pan      | 60966 ||| Stepping ~*~*~tactically~*~*~ (stealth).
 60968 | Pan      | 60968 ||| Stepping ~*~*~tactically~*~*~ (stealth).
 60970 | Pan      | 60970 ||| Stepping ~*~*~tactically~*~*~ (hiding).
 60971 | Pan      | 60971 ||| Stepping ~*~*~tactically~*~*~ (hiding).
 61117 | Pan      | 61117 ||| INVOKING Summon Divine Warrior.
 61118 | Pan      | 61118 ||| INVOKING Cleansing Flame.
 61155 | Pan      | 61155 ||| INVOKING Cleansing Flame.
 61167 | Pan      | 61167 ||| INVOKING Cleansing Flame.
 61171 | Pan      | 61171 ||| DRINKING 23 potions of curing.
 61171 | Pan      | 61171 ||| (to cure confusion)
 61174 | Pan      | 61174 ||| INVOKING Cleansing Flame.
 61204 | Pan      | 61204 ||| Stepping randomly (stuck).
 61262 | Pan      | 61262 ||| INVOKING Cleansing Flame.
 61265 | Pan      | 61265 ||| INVOKING Cleansing Flame.
 61271 | Pan      | 61271 ||| INVOKING Cleansing Flame.
 61278 | Pan      | 61278 ||| INVOKING Cleansing Flame.
 61295 | Pan      | Reached skill level 24 in Invocations
 61297 | Pan      | Noticed Noin the pandemonium lord
 61300 | Pan      | 61300 ||| INVOKING Cleansing Flame.
 61309 | Pan      | 61309 ||| INVOKING Cleansing Flame.
 61309 | Pan      | Killed Noin the pandemonium lord
 61918 | Pan      | Got a demonic rune of Zot
 61963 | Pan      | Entered the realm of Gloorx Vloq.
 61985 | Pan      | 61985 ||| INVOKING Cleansing Flame.
 62043 | Pan      | 62043 ||| Stepping ~*~*~tactically~*~*~ (stealth).
 62094 | Pan      | 62094 ||| Stepping ~*~*~tactically~*~*~ (stealth).
 62161 | Pan      | 62161 ||| Stepping ~*~*~tactically~*~*~ (stealth).
 62226 | Pan      | 62226 ||| Stepping ~*~*~tactically~*~*~ (stealth).
 62335 | Pan      | 62335 ||| Stepping ~*~*~tactically~*~*~ (stealth).
 62336 | Pan      | 62336 ||| Stepping ~*~*~tactically~*~*~ (stealth).
 62460 | Pan      | Found an exit through the horrors of the Abyss.
 62646 | Pan      | 62646 ||| Stepping ~*~*~tactically~*~*~ (stealth).
 62701 | Pan      | Noticed Gloorx Vloq
 62702 | Pan      | 62702 ||| Stepping ~*~*~tactically~*~*~ (hiding).
 62703 | Pan      | 62703 ||| Stepping ~*~*~tactically~*~*~ (hiding).
 62704 | Pan      | 62704 ||| INVOKING Summon Divine Warrior.
 62704 | Pan      | Identified the +0 tower shield of Xaul {rC- rCorr Str+5
                  | Stlth+}
 62712 | Pan      | 62712 ||| INVOKING Cleansing Flame.
 62713 | Pan      | 62713 ||| INVOKING Summon Divine Warrior.
 62723 | Pan      | Killed Gloorx Vloq
 62975 | Pan      | Got a dark rune of Zot
 63064 | Pan      | 63064 ||| Stepping ~*~*~tactically~*~*~ (stealth).
 63072 | Pan      | 63072 ||| INVOKING Cleansing Flame.
 63073 | Pan      | 63073 ||| Stepping ~*~*~tactically~*~*~ (stealth).
 63112 | Pan      | Upgraded the game from 0.30-a0-222-ge547ba4400 to
                  | 0.30-a0-223-gcb0039aa0c
 63112 | Pan      | 63112 ||| PLANNING LAIR
 63112 | Pan      | 63112 ||| SWAPPING to +8 mithril axe "Arga" {speed, Will+}.
 63125 | Pan      | 63125 ||| DRINKING 23 potions of curing.
 63125 | Pan      | 63125 ||| (to cure confusion)
 63128 | Pan      | Gained mutation: Your spells are a little easier to cast,
                  | but a little less powerful. [a neqoxec]
 63135 | Pan      | Gained mutation: You are dopey. (Int -2) [a neqoxec]
 63387 | Pan      | 63387 ||| Stepping ~*~*~tactically~*~*~ (stealth).
 63389 | Pan      | 63389 ||| Stepping ~*~*~tactically~*~*~ (stealth).
 63391 | Pan      | 63391 ||| Stepping ~*~*~tactically~*~*~ (hiding).
 63395 | Pan      | 63395 ||| Stepping ~*~*~tactically~*~*~ (stealth).
 63396 | Pan      | 63396 ||| DRINKING 6 potions of resistance.
 63397 | Pan      | 63397 ||| INVOKING Cleansing Flame.
 63398 | Pan      | 63398 ||| INVOKING Summon Divine Warrior.
 63403 | Pan      | Gained mutation: A frigid envelope surrounds you and
                  | freezes all who hurt you. [a cacodemon]
 63404 | Pan      | Noticed Maud the pandemonium lord
 63410 | Pan      | 63410 ||| INVOKING Cleansing Flame.
 63421 | Pan      | 63421 ||| DRINKING 7 potions of cancellation.
 63426 | Pan      | Killed Maud the pandemonium lord
 63432 | Pan      | 63432 ||| INVOKING Cleansing Flame.
 63463 | Pan      | Reached skill level 24 in Armour
 63481 | Pan      | 63481 ||| Stepping ~*~*~tactically~*~*~ (stealth).
 63744 | Pan      | 63744 ||| Stepping ~*~*~tactically~*~*~ (hiding).
 63745 | Pan      | 63745 ||| Stepping ~*~*~tactically~*~*~ (hiding).
 63800 | Pan      | 63800 ||| Stepping ~*~*~tactically~*~*~ (stealth).
 63801 | Pan      | 63801 ||| Stepping ~*~*~tactically~*~*~ (stealth).
 63835 | Pan      | 63835 ||| INVOKING Summon Divine Warrior.
 63956 | Pan      | Identified the +6 quarterstaff "Isyh" {flame, rF++ rC- rN+
                  | MP+9}
 64031 | Pan      | Identified the +0 ring mail "Yblinlo" {+Inv Will- rCorr
                  | SInv}
 64066 | Pan      | 64066 ||| Stepping ~*~*~tactically~*~*~ (stealth).
 64365 | Pan      | Noticed a seraph
 64366 | Pan      | 64366 ||| INVOKING Summon Divine Warrior.
 64378 | Pan      | 64378 ||| INVOKING Summon Divine Warrior.
 64381 | Pan      | Killed a seraph
 64468 | Pan      | Found a glowing golden altar of the Shining One.
 64480 | Depths:1 | Escaped Pandemonium
 64551 | D:15     | 64551 ||| Stepping randomly (stuck).
 64552 | D:15     | 64552 ||| Stepping randomly (stuck).
 64553 | D:15     | 64553 ||| Stepping randomly (stuck).
 64554 | D:15     | 64554 ||| Stepping randomly (stuck).
 64555 | D:15     | 64555 ||| Stepping randomly (stuck).
 64556 | D:15     | 64556 ||| Stepping randomly (stuck).
 64557 | D:15     | 64557 ||| Stepping randomly (stuck).
 64558 | D:15     | 64558 ||| Stepping randomly (stuck).
 64559 | D:15     | 64559 ||| Stepping randomly (stuck).
 64560 | D:15     | 64560 ||| Stepping randomly (stuck).
 64561 | D:15     | 64561 ||| Stepping randomly (stuck).
 64562 | D:15     | 64562 ||| Stepping randomly (stuck).
 64563 | D:15     | 64563 ||| Stepping randomly (stuck).
 64564 | D:15     | 64564 ||| Stepping randomly (stuck).
 64565 | D:15     | 64565 ||| Stepping randomly (stuck).
 64566 | D:15     | 64566 ||| Stepping randomly (stuck).
 64567 | D:15     | 64567 ||| Stepping randomly (stuck).
 64568 | D:15     | 64568 ||| Stepping randomly (stuck).
 64569 | D:15     | 64569 ||| Stepping randomly (stuck).
 64570 | D:15     | 64570 ||| Stepping randomly (stuck).
 64571 | D:15     | 64571 ||| Stepping randomly (stuck).
 64572 | D:15     | 64572 ||| Stepping randomly (stuck).
 64573 | D:15     | 64573 ||| Stepping randomly (stuck).
 64574 | D:15     | 64574 ||| Stepping randomly (stuck).
 64575 | D:15     | 64575 ||| Stepping randomly (stuck).
 64576 | D:15     | 64576 ||| Stepping randomly (stuck).
 64577 | D:15     | 64577 ||| Stepping randomly (stuck).
 64578 | D:15     | 64578 ||| Stepping randomly (stuck).
 64579 | D:15     | 64579 ||| Stepping randomly (stuck).
 64580 | D:15     | 64580 ||| Stepping randomly (stuck).
 64581 | D:15     | 64581 ||| Stepping randomly (stuck).
 64582 | D:15     | 64582 ||| Stepping randomly (stuck).
 64583 | D:15     | 64583 ||| Stepping randomly (stuck).
 64584 | D:15     | 64584 ||| Stepping randomly (stuck).
 64585 | D:15     | 64585 ||| Stepping randomly (stuck).
 64586 | D:15     | 64586 ||| Stepping randomly (stuck).
 64587 | D:15     | 64587 ||| Stepping randomly (stuck).
 64588 | D:15     | 64588 ||| Stepping randomly (stuck).
 64589 | D:15     | 64589 ||| Stepping randomly (stuck).
 64590 | D:15     | 64590 ||| Stepping randomly (stuck).
 64591 | D:15     | 64591 ||| Stepping randomly (stuck).
 64592 | D:15     | 64592 ||| Stepping randomly (stuck).
 64593 | D:15     | 64593 ||| Stepping randomly (stuck).
 64594 | D:15     | 64594 ||| Stepping randomly (stuck).
 64595 | D:15     | 64595 ||| Stepping randomly (stuck).
 64596 | D:15     | 64596 ||| Stepping randomly (stuck).
 64597 | D:15     | 64597 ||| Stepping randomly (stuck).
 64598 | D:15     | 64598 ||| Stepping randomly (stuck).
 64599 | D:15     | 64599 ||| Stepping randomly (stuck).
 64600 | D:15     | 64600 ||| Stepping randomly (stuck).
 64601 | D:15     | 64601 ||| Stepping randomly (stuck).
 64602 | D:15     | 64602 ||| READING 16 scrolls of teleportation.
 64606 | D:15     | 64606 ||| READING 15 scrolls of teleportation.
 64610 | D:15     | 64610 ||| READING 14 scrolls of teleportation.
 66697 | Lair:3   | 66697 ||| PLANNING LAIR
 66723 | Slime:1  | Entered Level 1 of the Pits of Slime
 67046 | Depths:4 | 67046 ||| PLANNING LAIR
 67292 | Lair:1   | 67292 ||| PLANNING LAIR
 67745 | Lair:5   | 67745 ||| PLANNING D:1-11
 68064 | D:11     | 68064 ||| PLANNING D
 68550 | D:15     | 68550 ||| PLANNING ORC
 68551 | D:15     | update_gameplan()
 68551 | D:15     | 68551 ||| PLANNING ORC
 68678 | D:11     | 68678 ||| PLANNING ORC
 68768 | Orc:1    | 68768 ||| PLANNING SNAKE:1-3
 69759 | Snake:3  | 69759 ||| PLANNING SWAMP:1-3
 69886 | Swamp:2  | 69886 ||| PLANNING SWAMP:1-3
 70134 | Swamp:3  | 70134 ||| PLANNING SNAKE:4
 70424 | Snake:4  | 70424 ||| PLANNING VAULTS:1-4
 70639 | Vaults:1 | 70639 ||| PLANNING VAULTS:1-4
 70995 | Vaults:4 | 70995 ||| PLANNING VAULTS:1-4
 71080 | Vaults:3 | 71080 ||| INVOKING Summon Divine Warrior.
 71088 | Vaults:3 | Killed Ugguttuj's ghost
 71092 | Vaults:3 | Killed agentgt's ghost
 71095 | Vaults:3 | Killed Kare Xaoge's ghost
 71108 | Vaults:3 | Identified the +1 quarterstaff of the Equator {flame,
                  | *Noise Int+4}
 71175 | Vaults:5 | 71175 ||| PLANNING DEPTHS
 72125 | Depths:4 | toggle_debug()
 72125 | Depths:4 | update_gameplan()
 72154 | Depths:4 | 72154 ||| PLANNING SHOPPING SPREE
 72154 | Depths:4 | 72154 ||| PLANNING ZOT:1-4
 72181 | Zot:1    | 72181 ||| Stepping randomly (stuck).
 72645 | Zot:4    | 72645 ||| PLANNING CRYPT
 73024 | Crypt:1  | 73024 ||| PLANNING CRYPT
 73311 | Crypt:2  | 73311 ||| PLANNING TOMB
 73389 | Tomb:1   | 73389 ||| PLANNING TOMB
 73571 | Tomb:1   | 73571 ||| SWAPPING to +9 broad axe of holy wrath.
 73890 | Tomb:3   | 73890 ||| DRINKING 12 potions of haste.
 73891 | Tomb:3   | 73891 ||| DRINKING 12 potions of attraction.
 73892 | Tomb:3   | 73892 ||| PLANNING PAN
 74408 | Pan      | Entered Pandemonium
 74489 | Pan      | 74489 ||| DRINKING 5 potions of resistance.
 74490 | Pan      | 74490 ||| INVOKING Summon Divine Warrior.
 74499 | Pan      | 74499 ||| INVOKING Cleansing Flame.
 74506 | Pan      | 74506 ||| INVOKING Cleansing Flame.
 74606 | Pan      | 74606 ||| Stepping ~*~*~tactically~*~*~ (hiding).
 74607 | Pan      | 74607 ||| Stepping ~*~*~tactically~*~*~ (hiding).
 74669 | Pan      | Noticed Viheon the pandemonium lord
 74670 | Pan      | 74670 ||| INVOKING Summon Divine Warrior.
 74673 | Pan      | 74673 ||| INVOKING Cleansing Flame.
 74684 | Pan      | Killed Viheon the pandemonium lord
 74687 | Pan      | 74687 ||| Stepping ~*~*~tactically~*~*~ (hiding).
 74802 | Pan      | 74802 ||| DRINKING 4 potions of resistance.
 74803 | Pan      | 74803 ||| INVOKING Summon Divine Warrior.
 74807 | Pan      | 74807 ||| INVOKING Cleansing Flame.
 74808 | Pan      | 74808 ||| INVOKING Cleansing Flame.
 74820 | Pan      | Noticed Ignacio
 74821 | Pan      | Noticed Tatuod the pandemonium lord
 74825 | Pan      | 74825 ||| INVOKING Summon Divine Warrior.
 74828 | Pan      | HP: 47/188 [??? (9)]
 74829 | Pan      | 74829 ||| READING 13 scrolls of teleportation.
 74830 | Pan      | 74830 ||| DRINKING 2 potions of heal wounds.
 74833 | Pan      | 74833 ||| DRINKING potion of heal wounds.
 74842 | Pan      | 74842 ||| INVOKING Summon Divine Warrior.
 75076 | Pan      | Entered the realm of Cerebov.
 75094 | Pan      | 75094 ||| Stepping ~*~*~tactically~*~*~ (hiding).
 75130 | Pan      | 75130 ||| Stepping ~*~*~tactically~*~*~ (stealth).
 75131 | Pan      | 75131 ||| Stepping ~*~*~tactically~*~*~ (stealth).
 75134 | Pan      | Found an exit through the horrors of the Abyss.
 75139 | Pan      | 75139 ||| Stepping ~*~*~tactically~*~*~ (stealth).
 75147 | Pan      | Reached skill level 27 in Invocations
 75173 | Pan      | 75173 ||| Stepping ~*~*~tactically~*~*~ (hiding).
 75177 | Pan      | 75177 ||| Stepping ~*~*~tactically~*~*~ (hiding).
 75277 | Pan      | 75277 ||| Stepping ~*~*~tactically~*~*~ (hiding).
 75286 | Pan      | 75286 ||| Stepping ~*~*~tactically~*~*~ (hiding).
 75287 | Pan      | 75287 ||| Stepping ~*~*~tactically~*~*~ (hiding).
 75289 | Pan      | 75289 ||| Stepping ~*~*~tactically~*~*~ (hiding).
 75391 | Pan      | 75391 ||| Stepping ~*~*~tactically~*~*~ (hiding).
 75402 | Pan      | 75402 ||| Stepping ~*~*~tactically~*~*~ (hiding).
 75411 | Pan      | 75411 ||| INVOKING Summon Divine Warrior.
 75412 | Pan      | 75412 ||| INVOKING Cleansing Flame.
 75450 | Pan      | 75450 ||| INVOKING Cleansing Flame.
 75451 | Pan      | 75451 ||| INVOKING Cleansing Flame.
 75452 | Pan      | Found the +6 sword of Cerebov {flame}
 75452 | Pan      | Noticed Cerebov
 75453 | Pan      | 75453 ||| DRINKING 11 potions of haste.
 75454 | Pan      | 75454 ||| DRINKING 11 potions of might.
 75456 | Pan      | 75456 ||| INVOKING Cleansing Flame.
 75457 | Pan      | 75457 ||| INVOKING Cleansing Flame.
 75458 | Pan      | 75458 ||| INVOKING Cleansing Flame.
 75460 | Pan      | 75460 ||| DRINKING 3 potions of resistance.
 75460 | Pan      | Identified the +7 long sword "Gaotte" {flame, rN+}
 75471 | Pan      | 75471 ||| Stepping ~*~*~tactically~*~*~ (hiding).
 75472 | Pan      | 75472 ||| INVOKING Summon Divine Warrior.
 75473 | Pan      | Killed Cerebov
 75602 | Pan      | 75602 ||| Stepping ~*~*~tactically~*~*~ (stealth).
 75604 | Pan      | 75604 ||| Stepping ~*~*~tactically~*~*~ (stealth).
 75606 | Pan      | 75606 ||| Stepping ~*~*~tactically~*~*~ (hiding).
 75664 | Pan      | Identified the +8 shortbow of Indomitability {flame, rF++}
 75666 | Pan      | Identified the +4 short sword of the Dragonfly {vorpal,
                  | rPois rN+ Int+4}
 75699 | Pan      | Got a fiery rune of Zot
 75746 | Pan      | Entered the realm of Mnoleg.
 75747 | Pan      | 75747 ||| Stepping ~*~*~tactically~*~*~ (hiding).
 75748 | Pan      | Gained mutation: Your magical capacity is low. (-10% MP) [a
                  | shining eye]
 75848 | Pan      | Gained mutation: Your spells are easier to cast, but less
                  | powerful. [a cacodemon]
 75946 | Pan      | 75946 ||| Stepping ~*~*~tactically~*~*~ (hiding).
 75948 | Pan      | 75948 ||| Stepping ~*~*~tactically~*~*~ (hiding).
 75951 | Pan      | 75951 ||| Stepping ~*~*~tactically~*~*~ (hiding).
 75953 | Pan      | Gained mutation: Your body sometimes deteriorates upon
                  | taking damage. [a shining eye]
 75954 | Pan      | Paralysed by a floating eye for 3 turns
 75956 | Pan      | Gained mutation: You have hidden genetic defects. [a
                  | shining eye]
 75957 | Pan      | Gained mutation: You sometimes lose your temper in combat.
                  | [a shining eye]
 75961 | Pan      | 75961 ||| DRINKING 9 potions of mutation.
 75961 | Pan      | Lost mutation: You sometimes lose your temper in combat.
                  | [potion of mutation]
 75961 | Pan      | Lost mutation: You are dopey. (Int -2) [potion of mutation]
 75961 | Pan      | Gained mutation: You are partially covered in iridescent
                  | scales. (AC +2) [potion of mutation]
 75967 | Pan      | 75967 ||| DRINKING 23 potions of curing.
 75967 | Pan      | 75967 ||| (to cure confusion)
 75968 | Pan      | Gained mutation: You occasionally shout uncontrollably at
                  | your foes. [a shining eye]
 75970 | Pan      | 75970 ||| DRINKING 22 potions of curing.
 75970 | Pan      | 75970 ||| (to cure confusion)
 75970 | Pan      | Gained mutation: You sometimes lose your temper in combat.
                  | [a shining eye]
 75972 | Pan      | 75972 ||| DRINKING 21 potions of curing.
 75972 | Pan      | 75972 ||| (to cure confusion)
 75976 | Pan      | Gained mutation: Your spells are much easier to cast, but
                  | much less powerful. [a neqoxec]
 75978 | Pan      | Reached skill level 24 in Fighting
 75982 | Pan      | 75982 ||| DRINKING 8 potions of mutation.
 75982 | Pan      | Lost mutation: Your body sometimes deteriorates upon taking
                  | damage. [potion of mutation]
 75982 | Pan      | Lost mutation: You are partially covered in iridescent
                  | scales. (AC +2) [potion of mutation]
 75983 | Pan      | 75983 ||| DRINKING 7 potions of mutation.
 75983 | Pan      | Lost mutation: Your spells are much easier to cast, but
                  | much less powerful. [potion of mutation]
 75983 | Pan      | Lost mutation: Your spells are easier to cast, but less
                  | powerful. [potion of mutation]
 75983 | Pan      | Lost mutation: Your spells are a little easier to cast, but
                  | a little less powerful. [potion of mutation]
 75983 | Pan      | Gained mutation: You have large cloven feet. [potion of
                  | mutation]
 75983 | Pan      | Gained mutation: You passively map a small area around you.
                  | [potion of mutation]
 75984 | Pan      | 75984 ||| DRINKING 6 potions of mutation.
 75984 | Pan      | Lost mutation: You occasionally shout uncontrollably at
                  | your foes. [potion of mutation]
 75984 | Pan      | Lost mutation: You passively map a small area around you.
                  | [potion of mutation]
 75984 | Pan      | Lost mutation: A frigid envelope surrounds you and freezes
                  | all who hurt you. [potion of mutation]
 75984 | Pan      | Lost mutation: You have hidden genetic defects. [potion of
                  | mutation]
 75984 | Pan      | Gained mutation: You have hidden genetic potential. [potion
                  | of mutation]
 75985 | Pan      | 75985 ||| DRINKING 5 potions of mutation.
 75985 | Pan      | Lost mutation: You have large cloven feet. [potion of
                  | mutation]
 75985 | Pan      | Lost mutation: Your magical capacity is low. (-10% MP)
                  | [potion of mutation]
 75985 | Pan      | Gained mutation: You are weak. (Str -2) [potion of
                  | mutation]
 75985 | Pan      | Gained mutation: You are covered in fur. (AC +1) [potion of
                  | mutation]
 75986 | Pan      | 75986 ||| DRINKING 4 potions of mutation.
 75986 | Pan      | Lost mutation: You are weak. (Str -2) [potion of mutation]
 75986 | Pan      | Lost mutation: You sometimes lose your temper in combat.
                  | [potion of mutation]
 75986 | Pan      | Gained mutation: You sometimes lose your temper in combat.
                  | [potion of mutation]
 75986 | Pan      | Gained mutation: You are dopey. (Int -2) [potion of
                  | mutation]
 75987 | Pan      | 75987 ||| DRINKING 3 potions of mutation.
 75987 | Pan      | Lost mutation: You have hidden genetic potential. [potion
                  | of mutation]
 75987 | Pan      | Lost mutation: You sometimes lose your temper in combat.
                  | [potion of mutation]
 75987 | Pan      | Lost mutation: You are covered in fur. (AC +1) [potion of
                  | mutation]
 75987 | Pan      | Gained mutation: You do not regenerate when monsters are
                  | visible. [potion of mutation]
 75987 | Pan      | Gained mutation: You are partially covered in iridescent
                  | scales. (AC +2) [potion of mutation]
 75988 | Pan      | 75988 ||| DRINKING 2 potions of mutation.
 75988 | Pan      | Lost mutation: You are partially covered in iridescent
                  | scales. (AC +2) [potion of mutation]
 75988 | Pan      | Lost mutation: You are dopey. (Int -2) [potion of mutation]
 75988 | Pan      | Lost mutation: You do not regenerate when monsters are
                  | visible. [potion of mutation]
 76035 | Pan      | 76035 ||| Stepping ~*~*~tactically~*~*~ (hiding).
 76038 | Pan      | Gained mutation: Your magical capacity is low. (-10% MP) [a
                  | cacodemon]
 76041 | Pan      | Gained mutation: Your magical capacity is very low. (-20%
                  | MP) [a neqoxec]
 76042 | Pan      | Gained mutation: You are weak. (Str -2) [a neqoxec]
 76058 | Pan      | Gained mutation: You have hidden genetic defects. [a
                  | shining eye]
 76072 | Pan      | 76072 ||| Stepping ~*~*~tactically~*~*~ (hiding).
 76085 | Pan      | 76085 ||| Stepping ~*~*~tactically~*~*~ (hiding).
 76091 | Pan      | 76091 ||| DRINKING 20 potions of curing.
 76091 | Pan      | 76091 ||| (to cure confusion)
 76095 | Pan      | Gained mutation: You have terrible hidden genetic defects.
                  | [a cacodemon]
 76097 | Pan      | Gained mutation: Armour fits poorly on your strangely
                  | shaped body. [a cacodemon]
 76104 | Pan      | Gained mutation: You are vulnerable to cold. (rC-) [a
                  | cacodemon]
 76142 | Pan      | 76142 ||| Stepping ~*~*~tactically~*~*~ (stealth).
 76149 | Pan      | 76149 ||| DRINKING potion of mutation.
 76149 | Pan      | Lost mutation: You have terrible hidden genetic defects.
                  | [potion of mutation]
 76149 | Pan      | Lost mutation: You have hidden genetic defects. [potion of
                  | mutation]
 76149 | Pan      | Gained mutation: Potions are less effective at restoring
                  | your health. [potion of mutation]
 76149 | Pan      | Gained mutation: You have large cloven feet. [potion of
                  | mutation]
 76224 | Pan      | 76224 ||| Stepping ~*~*~tactically~*~*~ (stealth).
 76228 | Pan      | 76228 ||| Stepping ~*~*~tactically~*~*~ (stealth).
 76274 | Pan      | 76274 ||| Stepping ~*~*~tactically~*~*~ (hiding).
 76276 | Pan      | 76276 ||| Stepping ~*~*~tactically~*~*~ (hiding).
 76302 | Pan      | 76302 ||| Stepping ~*~*~tactically~*~*~ (stealth).
 76304 | Pan      | 76304 ||| Stepping ~*~*~tactically~*~*~ (hiding).
 76309 | Pan      | Gained mutation: Your spells are a little harder to cast,
                  | but a little more powerful. [a cacodemon]
 76358 | Pan      | 76358 ||| Stepping ~*~*~tactically~*~*~ (stealth).
 76359 | Pan      | 76359 ||| Stepping ~*~*~tactically~*~*~ (stealth).
 76362 | Pan      | 76362 ||| Stepping ~*~*~tactically~*~*~ (hiding).
 76497 | Pan      | 76497 ||| Stepping ~*~*~tactically~*~*~ (stealth).
 76503 | Pan      | 76503 ||| Stepping ~*~*~tactically~*~*~ (hiding).
 76504 | Pan      | 76504 ||| Stepping ~*~*~tactically~*~*~ (hiding).
 76515 | Pan      | 76515 ||| Stepping ~*~*~tactically~*~*~ (hiding).
 76517 | Pan      | 76517 ||| Stepping ~*~*~tactically~*~*~ (hiding).
 76525 | Pan      | Gained mutation: You are very weak. (Str -4) [a cacodemon]
 76530 | Pan      | Reached skill level 27 in Armour
 76601 | Pan      | 76601 ||| Stepping ~*~*~tactically~*~*~ (hiding).
 76604 | Pan      | 76604 ||| Stepping ~*~*~tactically~*~*~ (stealth).
 76608 | Pan      | 76608 ||| Stepping ~*~*~tactically~*~*~ (hiding).
 76609 | Pan      | 76609 ||| Stepping ~*~*~tactically~*~*~ (hiding).
 76611 | Pan      | Gained mutation: You occasionally shout uncontrollably at
                  | your foes. [a cacodemon]
 76631 | Pan      | Gained mutation: Your body sometimes deteriorates upon
                  | taking damage. [a shining eye]
 76636 | Pan      | Gained mutation: You occasionally lose the ability to read
                  | scrolls when taking damage. [a shining eye]
 76639 | Pan      | Gained mutation: You are vulnerable to heat. (rF-) [a
                  | neqoxec]
 76642 | Pan      | Gained mutation: Your magical capacity is extremely low.
                  | (-30% MP) [a neqoxec]
 76649 | Pan      | Noticed Mnoleg
 76650 | Pan      | 76650 ||| INVOKING Summon Divine Warrior.
 76655 | Pan      | 76655 ||| INVOKING Cleansing Flame.
 76656 | Pan      | 76656 ||| INVOKING Cleansing Flame.
 76663 | Pan      | Paralysed by a floating eye for 2 turns
 76666 | Pan      | 76666 ||| INVOKING Summon Divine Warrior.
 76669 | Pan      | Killed Mnoleg
 76672 | Pan      | Gained mutation: You are very clumsy. (Dex -4) [a
                  | cacodemon]
 76683 | Pan      | 76683 ||| Stepping ~*~*~tactically~*~*~ (cloud).
 76732 | Pan      | Identified the +9 rapier of Recklessness {elec, rN+}
 76759 | Pan      | Identified the +1 scale mail "Toapn" {rF- Dex+6}
 76788 | Pan      | Got a glowing rune of Zot
 76868 | Pan      | Entered the realm of Lom Lobon.
 76874 | Abyss:3  | Cast into level 3 of the Abyss (a wizard)
 76890 | Abyss:3  | 76890 ||| PLANNING PAN
 76904 | Abyss:3  | 76904 ||| PLANNING PAN
 76920 | Pan      | Escaped the Abyss
 76921 | Pan      | 76921 ||| Stepping ~*~*~tactically~*~*~ (hiding).
 76939 | Abyss:3  | Cast into level 3 of the Abyss (a wizard)
 76946 | Abyss:3  | Found a corrupted altar of Lugonu.
 76986 | Abyss:3  | 76986 ||| Stepping ~*~*~tactically~*~*~ (stealth).
 76987 | Abyss:3  | 76987 ||| Stepping ~*~*~tactically~*~*~ (stealth).
 76988 | Abyss:3  | 76988 ||| Stepping ~*~*~tactically~*~*~ (stealth).
 76989 | Abyss:3  | 76989 ||| Stepping ~*~*~tactically~*~*~ (stealth).
 76990 | Abyss:3  | 76990 ||| Stepping ~*~*~tactically~*~*~ (stealth).
 77035 | Abyss:3  | 77035 ||| PLANNING PAN
 77035 | Abyss:3  | 77035 ||| Stepping ~*~*~tactically~*~*~ (hiding).
 77061 | Abyss:3  | 77061 ||| PLANNING PAN
 77061 | Abyss:3  | toggle_debug()
 77061 | Abyss:3  | toggle_debug_channel("plans")
 77095 | Abyss:3  | 77095 ||| Stepping ~*~*~tactically~*~*~ (stealth).
 77119 | Abyss:3  | 77119 ||| Stepping ~*~*~tactically~*~*~ (stealth).
 77172 | Abyss:3  | 77172 ||| PLANNING PAN
 77185 | Abyss:3  | 77185 ||| Stepping ~*~*~tactically~*~*~ (stealth).
 77241 | Abyss:3  | 77241 ||| Stepping ~*~*~tactically~*~*~ (hiding).
 77255 | Abyss:3  | 77255 ||| Stepping ~*~*~tactically~*~*~ (stealth).
 77256 | Abyss:3  | 77256 ||| Stepping ~*~*~tactically~*~*~ (hiding).
 77257 | Abyss:3  | 77257 ||| Stepping ~*~*~tactically~*~*~ (hiding).
 77270 | Abyss:3  | Lost mutation: You are very weak. (Str -4) [a neqoxec]
 77317 | Abyss:3  | 77317 ||| PLANNING PAN
 77331 | Abyss:3  | 77331 ||| Stepping ~*~*~tactically~*~*~ (stealth).
 77332 | Abyss:3  | 77332 ||| Stepping ~*~*~tactically~*~*~ (stealth).
 77333 | Abyss:3  | 77333 ||| Stepping ~*~*~tactically~*~*~ (stealth).
 77450 | Pan      | Escaped the Abyss
 77862 | Pan      | 77862 ||| Stepping ~*~*~tactically~*~*~ (hiding).
 77863 | Pan      | 77863 ||| Stepping ~*~*~tactically~*~*~ (hiding).
 77867 | Pan      | 77867 ||| Stepping ~*~*~tactically~*~*~ (hiding).
 78057 | Pan      | Found an exit through the horrors of the Abyss.
 78152 | Pan      | Noticed Lom Lobon
 78153 | Pan      | 78153 ||| DRINKING 10 potions of haste.
 78154 | Pan      | 78154 ||| INVOKING Summon Divine Warrior.
 78155 | Pan      | 78155 ||| DRINKING 11 potions of might.
 78158 | Pan      | 78158 ||| INVOKING Cleansing Flame.
 78159 | Pan      | 78159 ||| INVOKING Cleansing Flame.
 78160 | Pan      | 78160 ||| INVOKING Cleansing Flame.
 78161 | Pan      | 78161 ||| INVOKING Cleansing Flame.
 78162 | Pan      | 78162 ||| DRINKING potion of magic.
 78163 | Pan      | 78163 ||| INVOKING Cleansing Flame.
 78164 | Pan      | 78164 ||| INVOKING Cleansing Flame.
 78165 | Pan      | 78165 ||| INVOKING Summon Divine Warrior.
 78169 | Pan      | 78169 ||| INVOKING Summon Divine Warrior.
 78172 | Pan      | 78172 ||| Stepping randomly (stuck).
 78182 | Pan      | 78182 ||| Stepping ~*~*~tactically~*~*~ (cloud).
 78185 | Pan      | Killed Lom Lobon
 78491 | Pan      | Got a magical rune of Zot
 78634 | Pan      | 78634 ||| Stepping ~*~*~tactically~*~*~ (cloud).
 78688 | Pan      | 78688 ||| PLANNING SLIME:5
 78688 | Pan      | 78688 ||| SWAPPING to +7 broad axe of Ysead {spect, rElec
                  | rF+ rC+}.
 78689 | Pan      | 78689 ||| UPGRADING to -1 pair of boots "Bivoisot" {Fly rF-
                  | rC+}.
 78699 | Pan      | 78699 ||| UPGRADING to +0 acid dragon scales.
 78709 | Pan      | 78709 ||| READING 7 scrolls of enchant armour.
 78709 | Pan      | 78709 ||| ENCHANTING +0 acid dragon scales.
 78710 | Pan      | 78710 ||| READING 6 scrolls of enchant armour.
 78710 | Pan      | 78710 ||| ENCHANTING +1 acid dragon scales.
 78711 | Pan      | 78711 ||| READING 5 scrolls of enchant armour.
 78711 | Pan      | 78711 ||| ENCHANTING +2 acid dragon scales.
 78712 | Pan      | 78712 ||| READING 4 scrolls of enchant armour.
 78712 | Pan      | 78712 ||| ENCHANTING +3 acid dragon scales.
 78713 | Pan      | 78713 ||| READING 3 scrolls of enchant armour.
 78713 | Pan      | 78713 ||| ENCHANTING +4 acid dragon scales.
 78714 | Pan      | 78714 ||| READING 2 scrolls of enchant armour.
 78714 | Pan      | 78714 ||| ENCHANTING +5 acid dragon scales.
 78715 | Pan      | 78715 ||| UPGRADING to ring "Wegoolow" {Ice Dex+5}.
 78717 | Pan      | 78717 ||| SWAPPING to +8 mithril axe "Arga" {speed, Will+}.
 78718 | Pan      | 78718 ||| UPGRADING to +4 ring of protection.
 78720 | Pan      | 78720 ||| UPGRADING to +2 pair of boots.
 78720 | Pan      | Gained mutation: You frequently scream uncontrollably at
                  | your foes. [mutagenic glow]
 78755 | Pan      | 78755 ||| Stepping ~*~*~tactically~*~*~ (hiding).
 78772 | Pan      | 78772 ||| Stepping ~*~*~tactically~*~*~ (stealth).
 78779 | Pan      | 78779 ||| Stepping ~*~*~tactically~*~*~ (cloud).
 78783 | Pan      | 78783 ||| Stepping ~*~*~tactically~*~*~ (cloud).
 78792 | Pan      | 78792 ||| Stepping ~*~*~tactically~*~*~ (cloud).
 78935 | Pan      | 78935 ||| Stepping ~*~*~tactically~*~*~ (hiding).
 78936 | Pan      | 78936 ||| Stepping ~*~*~tactically~*~*~ (hiding).
 78939 | Pan      | 78939 ||| Stepping randomly (cloudy).
 78940 | Pan      | 78940 ||| Stepping ~*~*~tactically~*~*~ (cloud).
 78960 | Pan      | 78960 ||| Stepping randomly (cloudy).
 78962 | Pan      | 78962 ||| Stepping ~*~*~tactically~*~*~ (cloud).
 78968 | Pan      | 78968 ||| Stepping ~*~*~tactically~*~*~ (cloud).
 78975 | Pan      | 78975 ||| Stepping ~*~*~tactically~*~*~ (cloud).
 78976 | Pan      | 78976 ||| Stepping ~*~*~tactically~*~*~ (cloud).
 78980 | Pan      | 78980 ||| Stepping ~*~*~tactically~*~*~ (cloud).
 79059 | Pan      | 79059 ||| Stepping ~*~*~tactically~*~*~ (hiding).
 79061 | Pan      | 79061 ||| Stepping ~*~*~tactically~*~*~ (hiding).
 79062 | Pan      | 79062 ||| Stepping ~*~*~tactically~*~*~ (hiding).
 79063 | Pan      | 79063 ||| Stepping ~*~*~tactically~*~*~ (hiding).
 79064 | Pan      | 79064 ||| Stepping ~*~*~tactically~*~*~ (hiding).
 79116 | Pan      | Found an exit through the horrors of the Abyss.
 79146 | Pan      | 79146 ||| Stepping ~*~*~tactically~*~*~ (stealth).
 79147 | Pan      | 79147 ||| Stepping ~*~*~tactically~*~*~ (stealth).
 79149 | Pan      | 79149 ||| Stepping ~*~*~tactically~*~*~ (hiding).
 79189 | Pan      | 79189 ||| Stepping ~*~*~tactically~*~*~ (stealth).
 79191 | Pan      | 79191 ||| Stepping ~*~*~tactically~*~*~ (stealth).
 79192 | Pan      | 79192 ||| Stepping ~*~*~tactically~*~*~ (stealth).
 79194 | Pan      | 79194 ||| Stepping ~*~*~tactically~*~*~ (hiding).
 79198 | Pan      | 79198 ||| INVOKING Summon Divine Warrior.
 79199 | Pan      | 79199 ||| INVOKING Cleansing Flame.
 79451 | Pan      | Found a transporter.
 79564 | Pan      | Found a transporter.
 79592 | Pan      | 79592 ||| DRINKING 2 potions of resistance.
 79638 | Pan      | 79638 ||| Stepping ~*~*~tactically~*~*~ (hiding).
 79733 | Pan      | 79733 ||| INVOKING Cleansing Flame.
 79734 | Pan      | 79734 ||| INVOKING Summon Divine Warrior.
 79736 | Pan      | HP: 30/196 [demonspawn blood saint/+0 dagger (25)]
 79737 | Pan      | 79737 ||| DRINKING potion of heal wounds.
 79740 | Pan      | 79740 ||| READING 12 scrolls of teleportation.
 79743 | Pan      | HP: 15/196 [hellion/damnation (31)]
 79755 | Pan      | 79755 ||| READING 11 scrolls of teleportation.
 80093 | Pan      | 80093 ||| Stepping ~*~*~tactically~*~*~ (stealth).
 80167 | Pan      | 80167 ||| Stepping ~*~*~tactically~*~*~ (stealth).
 80183 | Pan      | 80183 ||| Stepping ~*~*~tactically~*~*~ (stealth).
 80185 | Pan      | 80185 ||| Stepping ~*~*~tactically~*~*~ (stealth).
 80187 | Pan      | 80187 ||| Stepping ~*~*~tactically~*~*~ (hiding).
 80188 | Pan      | 80188 ||| Stepping ~*~*~tactically~*~*~ (hiding).
 80205 | Pan      | 80205 ||| Stepping ~*~*~tactically~*~*~ (stealth).
 80285 | Pan      | 80285 ||| Stepping ~*~*~tactically~*~*~ (stealth).
 80578 | Pan      | 80578 ||| Stepping ~*~*~tactically~*~*~ (hiding).
 80580 | Pan      | Gained mutation: You sometimes lose the ability to read
                  | scrolls when taking damage. [a neqoxec]
 80832 | Pan      | 80832 ||| Stepping ~*~*~tactically~*~*~ (stealth).
 80834 | Pan      | 80834 ||| Stepping ~*~*~tactically~*~*~ (hiding).
 80835 | Pan      | 80835 ||| Stepping ~*~*~tactically~*~*~ (hiding).
 80838 | Pan      | 80838 ||| INVOKING Cleansing Flame.
 80877 | Depths:1 | Escaped Pandemonium
 81267 | Slime:3  | 81267 ||| STAIRDANCE
 81275 | Slime:3  | 81275 ||| STAIRDANCE
 81297 | Slime:3  | 81297 ||| STAIRDANCE
 81309 | Slime:3  | Noticed Dissolution
 81327 | Slime:3  | Paralysed by a floating eye for 4 turns
 81331 | Slime:3  | Lost mutation: Armour fits poorly on your strangely shaped
                  | body. [a shining eye]
 81336 | Slime:3  | 81336 ||| INVOKING Summon Divine Warrior.
 81337 | Slime:3  | HP: 49/196 [acid (2)]
 81338 | Slime:3  | Paralysed by a floating eye for 4 turns
 81342 | Slime:3  | HP: 35/196 [slime creature (6)]
 81346 | Slime:3  | Killed Dissolution
 81723 | Slime:5  | Entered Level 5 of the Pits of Slime
 81861 | Slime:5  | Noticed the Royal Jelly
 81862 | Slime:5  | 81862 ||| INVOKING Summon Divine Warrior.
 81876 | Slime:5  | 81876 ||| INVOKING Summon Divine Warrior.
 81888 | Slime:5  | HP: 49/196 [acid (2)]
 81889 | Slime:5  | Reached skill level 1 in Short Blades
 81890 | Slime:5  | 81890 ||| READING 10 scrolls of teleportation.
 81890 | Slime:5  | Gained mutation: You are frail. (-10% HP) [a shining eye]
 81893 | Slime:5  | HP: 40/176 [acid (2)]
 81898 | Slime:5  | 81898 ||| READING 9 scrolls of teleportation.
 82001 | Slime:5  | 82001 ||| INVOKING Summon Divine Warrior.
 82134 | Slime:5  | HP: 43/176 [quicksilver ooze[the Royal Jelly] (3)]
 82137 | Slime:5  | 82137 ||| DRINKING potion of magic.
 82138 | Slime:5  | 82138 ||| INVOKING Summon Divine Warrior.
 82139 | Slime:5  | HP: 32/176 [acid[the Royal Jelly] (1)]
 82142 | Slime:5  | Killed the Royal Jelly
 82144 | Slime:5  | HP: 20/177 [acid (2)]
 82145 | Slime:5  | HP: 7/177 [azure jelly[the Royal Jelly] (6)]
 82145 | Slime:5  | Annihilated by an azure jelly

Levels and vault maps discovered:
D:1:      dpeg_arrival_tiny_c, layout_loops_ring, kennysheep_another_room,
          minmay_pentomino_v2
D:2:      layout_basic
D:3:      layout_basic, uniq_natasha, uniq_robin
D:4:      layout_cave_pools, uniq_crazy_yiuf_cottage
D:5:      layout_basic, nicolae_vehumet_altar_sigil, minmay_temple_entry_ruins,
          gammafunk_ghost_stat_death, minmay_misc_feat_enclosed, uniq_duvessa,
          uniq_eustachio
D:6:      layout_loops_corners, chequers_temple_overflow_statue_of_worship,
          tgw_sif, chequers_big_river, hex_tiny, uniq_maggie
D:7:      layout_loops_ring
D:8:      layout_rooms, mainiacjoe_overflow_small_starburst, serial_shops,
          nicolae_take_the_stairs, nicolae_shop_crystal, nicolae_shop_trees,
          shop_fountains, serial_corexii_hall, corexii_hall_statues_u,
          chequers_hall_statues_wall_a, uniq_joseph, uniq_psyche, uniq_grum
D:9:      layout_rooms, mainiacjoe_overflow_chevrons, hangedman_minor_gate_pass
D:10:     layout_basic, david_lair_generic, serial_corexii_hall,
          corexii_hall_statues_i, corexii_hall_statues_i, uniq_sonja,
          uniq_lodul, uniq_snorg, uniq_josephine
D:11:     layout_stronghold, orc_0_dummy, uniq_nergalle, uniq_fannar
D:12:     minmay_connected_boxes_in_corner, layout_basic, billiards_dpeg
D:13:     layout_cave_pools, erik_vaults_1, guppyfry_shop_venom
D:14:     argonaut_augean_stables, layout_basic, kennysheep_boxes, serial_shops,
          nicolae_shop_advertising_works [nicolae_subvault_shop_adworks],
          nemelex_xobeh_ov_fountains_minmay
D:15:     hangedman_depths_entry_try_elsewhere_first, layout_small_grid,
          small_statue_alley_a
Temple:   compressed_dpeg_circular_temple
Lair:1:   layout_gridlike, serial_bayou_lake_a
Lair:2:   wad_woods_04, layout_regular_city, minmay_swamp_entry_worms,
          grunt_megastairs_4
Lair:3:   layout_misc_corridors, guppyfry_snake_entry_garden,
          wad_woods_river_03, nzn_masters_of_martial_movement
Lair:4:   layout_hall_layers, slime_entry_1, gammafunk_ghost_split, st_stairs_13
Lair:5:   grunt_lair_end_beastmaster, layout_gridlike,
          ebering_ghost_reflecting_pool, lemuel_fruit_tree, serial_bayou_shore_a
Swamp:1:  layout_basic_swamp, infiniplex_staircase_pool
Swamp:2:  layout_basic_swamp, evilmike_swamp_ruin_rubble_1
Swamp:3:  layout_basic_swamp, evilmike_swamp_ruin_rubble_2
Swamp:4:  nzn_swamp_witches_coven, layout_basic_swamp
Snake:1:  layout_misc_corridors, serial_shops, bzr_entry_road,
          nicolae_snake_biting_tails, grunt_megastairs_5
Snake:2:  layout_honeycomb, ebering_ghost_xom, nicolae_snake_omega,
          nicolae_integral_box
Snake:3:  layout_cave_town, drop_trap, minmay_shop_enchanted_jewellery
Snake:4:  minmay_snake_end_coiled, layout_gridlike, ebering_ghost_xom,
          uniq_agnes, uniq_roxanne, uniq_aizul
Slime:1:  layout_caves, amcnicky_altar_lugonu_corruption
Slime:2:  layout_caves, nicolae_slime_phagocytosis
Slime:3:  layout_caves, uniq_dissolution
Slime:4:  layout_caves, nicolae_slime_barrier
Slime:5
Orc:1:    layout_caves, lemuel_statue_altar, kennysheep_orc_chapel, uniq_maurice
Orc:2:    st_orc_open, layout_caves, ebering_ghost_gozag, uniq_nessos
Vaults:1: ontoclasm_vaults_loading_screen, grunt_vaults_twisty, v_misc_26,
          grunt_vaults_bifocal, nicolae_vaults_hallways_thing,
          grunt_vaults_hallway_long, vaults_standard_mumra_enter_the_diamond,
          v_misc_32, grunt_vaults_funnel, layout_vaults_omnibox
Vaults:2: ontoclasm_vaults_bender, hangedman_vaults_locks,
          vaults_standard_mumra_x, vaults_room_fancy_cross, vaults_room_octagon,
          grunt_vaults_diagonal, grunt_vaults_hallway_short,
          dpeg_vaults_monster_box, vaults_mumra_hex, hangedman_vaults_cutoff,
          layout_vaults_big_room, serial_shops, shop, nicolae_diamond_shop,
          nicolae_shop_competitors_out_of_business, shop, shop_fountains,
          uniq_zenata
Vaults:3: gammafunk_ghost_cemetery, minmay_crypt_entry_simple_walls, v_misc_12,
          st_smaller_cells, v_misc_1, v_alt_pattern_6, serial_ice_m,
          nicolae_vaults_little_squares_6, nicolae_vaults_shelves_hall,
          ontoclasm_vaults_loading_screen, vaults_room_grunt_arrival_checkpoint,
          v_misc_16, nicolae_vaults_yaktaur_gun_rack, vaults_dpeg_hooks,
          layout_vaults_omnicross, serial_hangedman_research,
          hangedman_research_electronics, uniq_saint_roka
Vaults:4: v_misc_31, nicolae_vaults_what_the_h,
          nicolae_vaults_stairing_the_circle, vaults_mumra_chevron_long,
          vaults_room_hangedman_quadrants, vaults_room_semicircle,
          hangedman_vaults_maws, nicolae_vaults_circle_grid_a,
          layout_vaults_omnigrid, nicolae_trove_entry_crossroad, uniq_jory
Vaults:5
Crypt:1:  layout_misc_corridors, grunt_crypt_arrival_split, grunt_megastairs_2,
          lemuel_upstairs_altar
Crypt:2:  layout_regular_city
Crypt:3:  grunt_crypt_end_deaths_head, uniq_josephina
Tomb:1
Tomb:2
Tomb:3
Depths:1: layout_cave_pools, enter_ziggurat_f, grunt_pan_entry_spiral,
          kennysheep_decorative_pillar, hell_entry, st_stairs_12,
          minmay_liquid_box, dispersion_dpeg, firewood_loft, minmay_shop_grove
Depths:2: kennysheep_oblong_rooms, layout_basic, pf_hell_entry_great_geh,
          grunt_pan_entry_zigzag, minivault_11, abyss_entry,
          infiniplex_staircase_pillars_2
Depths:3: minmay_the_grid_octo_triangle [minmay_the_grid_octo_clover_2,
          minmay_the_grid_octo_prize_single_spiral,
          minmay_the_grid_octo_thin_diamonds], layout_twisted_cross,
          bloody_trog, lightli_too_deep, abyss_entry, serial_glass,
          glass_columns_a, glass_columns_b, minmay_staircase_bubble,
          uniq_mennas, uniq_xtahua, uniq_boris
Depths:4: grunt_crosshair, layout_gridville, hell_entry,
          nicolae_ru_awakened_eye, nicolae_triple_integral
Zot:1:    layout_gridville, skrybe_zot_glass_3
Zot:2:    layout_gridlike
Zot:3:    layout_misc_corridors
Zot:4:    layout_gridlike

Skill      XL: |  1  2  3  4  5  6  7  8  9 10 11 12 13 14 15 16 17 18 19 20 21 22 23 24 25 26 27 |
---------------+----------------------------------------------------------------------------------+-----
Axes           | 2 3 4 5 6 7 8 9 11 12 14 16 17 18 | 18.0
Dodging        | 1 2 3 4 5 7 8 9 11 | 11.0
Fighting       | 4 5 7 8 9 10 11 12 13 14 15 16 18 19 21 23 26 | 26.6
Throwing       | 1 2 3 4 7 9 10 11 12 | 12.3
Armour         | 6 7 8 9 10 11 12 14 15 16 19 20 21 22 23 27 | 27.0
Invocations    | 4 8 10 11 16 22 27 | 27.0
Shields        | 4 5 6 7 8 9 11 15 19 20 21 22 23 | 23.0
Short Blades   | 2 |  2.1

Action                   |  1- 3 |  4- 6 |  7- 9 | 10-12 | 13-15 | 16-18 | 19-21 | 22-24 | 25-27 || total
-------------------------+-------+-------+-------+-------+-------+-------+-------+-------+-------++-------
Melee: War axe           |   109 |    79 |   252 |   570 |   327 |       |       |       |       ||  1337
       Flail             |       |       |       |     9 |     3 |    68 |       |       |       ||    80
       Broad axe         |       |       |       |       |   757 |  1423 |  1695 |  1564 |  3132 ||  8571
       Morningstar       |       |       |       |       |       |     6 |       |       |       ||     6
       Punch             |       |       |       |       |       |       |     1 |       |       ||     1
Throw: Javelin           |       |       |    21 |    40 |    53 |    48 |    87 |    89 |    17 ||   355
       Boomerang         |       |       |       |    29 |   190 |   117 |    40 |    44 |   194 ||   614
Invok: Heroism           |       |       |     6 |    32 |    37 |    49 |    47 |    53 |       ||   224
       Finesse           |       |       |       |     4 |     9 |     8 |    14 |    13 |       ||    48
       Cleansing Flame   |       |       |       |       |       |       |       |       |   127 ||   127
       Summon Divine War |       |       |       |       |       |       |       |       |    40 ||    40
       Brand Weapon With |       |       |       |       |       |       |       |       |     1 ||     1
  Use: Scroll            |     7 |     1 |     6 |    10 |    10 |     5 |     1 |     4 |    22 ||    66
       Potion            |     1 |     2 |     2 |     3 |     5 |       |     1 |     3 |    48 ||    65
 Stab: Distracted        |       |       |       |       |       |       |       |     5 |       ||     5
Armor: Scale mail        |    59 |    33 |       |       |       |       |       |       |       ||    92
       Chain mail        |       |    15 |    68 |       |       |       |       |       |       ||    83
       Plate armour      |       |       |    80 |   317 |   472 |   741 |       |       |       ||  1610
       Crystal plate arm |       |       |       |       |       |    77 |   603 |   550 |   986 ||  2216
       Acid dragon scale |       |       |       |       |       |       |       |       |   180 ||   180
Dodge: Dodged            |    52 |    25 |    72 |   204 |   293 |   361 |   267 |   287 |   668 ||  2229
Block: Buckler           |    27 |    19 |    55 |   142 |   212 |   170 |       |       |       ||   625
       Kite shield       |       |       |       |       |       |   266 |   120 |       |       ||   386
       Tower shield      |       |       |       |       |       |       |   801 |  1147 |  3377 ||  5325
       Reflection        |       |       |       |       |       |       |       |     9 |   124 ||   133

Table legend:
 A = Non-vault XP
 B = Vault XP
 C = Vault XP percentage of total XP
 D = Non-vault monster count
 E = Vault monster count
 F = Vault count percentage of total count
                 A         B        C        D         E       F
            +---------+---------+-------+---------+---------+-------
      Total |  898241 |  953630 |  51.5 |    1665 |    1134 |  40.5
            +---------+---------+-------+---------+---------+-------
        D:1 |      29 |       2 |   6.5 |      18 |       2 |  10.0
        D:2 |      42 |       0 |   0.0 |      13 |       0 |   0.0
        D:3 |     227 |      60 |  20.9 |      11 |       8 |  42.1
        D:4 |     337 |       0 |   0.0 |      18 |       0 |   0.0
        D:5 |     728 |     407 |  35.9 |      18 |       3 |  14.3
        D:6 |     403 |     395 |  49.5 |      19 |       1 |   5.0
        D:7 |     989 |       0 |   0.0 |      20 |       0 |   0.0
        D:8 |    1766 |    1308 |  42.6 |      19 |       6 |  24.0
        D:9 |    1683 |     377 |  18.3 |      30 |       4 |  11.8
       D:10 |    3867 |    5781 |  59.9 |      30 |      18 |  37.5
       D:11 |    4752 |    1890 |  28.5 |      16 |       3 |  15.8
       D:12 |    3265 |   10790 |  76.8 |      16 |      23 |  59.0
       D:13 |    7061 |    2279 |  24.4 |      14 |       4 |  22.2
       D:14 |    6001 |    5542 |  48.0 |      12 |      15 |  55.6
       D:15 |    6636 |    2162 |  24.6 |      13 |       4 |  23.5
     Lair:1 |    4650 |       0 |   0.0 |      21 |       0 |   0.0
     Lair:2 |    6318 |    3827 |  37.7 |      22 |      13 |  37.1
     Lair:3 |    5967 |    1333 |  18.3 |      35 |       4 |  10.3
     Lair:4 |    4906 |      93 |   1.9 |      17 |       1 |   5.6
     Lair:5 |   12863 |    7966 |  38.2 |      39 |      18 |  31.6
    Swamp:1 |   15311 |       0 |   0.0 |      28 |       0 |   0.0
    Swamp:2 |   13399 |       0 |   0.0 |      28 |       0 |   0.0
    Swamp:3 |   16351 |       0 |   0.0 |      23 |       0 |   0.0
    Swamp:4 |   15083 |   29729 |  66.3 |      26 |      42 |  61.8
    Snake:1 |   14484 |    4567 |  24.0 |      29 |      10 |  25.6
    Snake:2 |   19051 |    7116 |  27.2 |      33 |      11 |  25.0
    Snake:3 |   12407 |       0 |   0.0 |      27 |       0 |   0.0
    Snake:4 |   20080 |   26811 |  57.2 |      36 |      46 |  56.1
    Slime:1 |    2442 |       0 |   0.0 |       5 |       0 |   0.0
    Slime:2 |    6306 |       0 |   0.0 |       7 |       0 |   0.0
    Slime:3 |    6341 |    8128 |  56.2 |      14 |       1 |   6.7
    Slime:4 |    4694 |       0 |   0.0 |      11 |       0 |   0.0
    Slime:5 |    5056 |   21566 |  81.0 |       6 |      15 |  71.4
      Orc:1 |    3505 |    1357 |  27.9 |      34 |       6 |  15.0
      Orc:2 |    3124 |   15688 |  83.4 |      25 |      38 |  60.3
   Vaults:1 |   13200 |   11190 |  45.9 |      21 |      15 |  41.7
   Vaults:2 |   18042 |   13992 |  43.7 |      28 |      18 |  39.1
   Vaults:3 |   27311 |   41029 |  60.0 |      38 |      62 |  62.0
   Vaults:4 |   40402 |   56229 |  58.2 |      56 |      58 |  50.9
   Vaults:5 |   32809 |   86791 |  72.6 |      47 |      71 |  60.2
    Crypt:1 |   30929 |    7632 |  19.8 |      47 |      11 |  19.0
    Crypt:2 |   12258 |    1119 |   8.4 |      25 |       2 |   7.4
    Crypt:3 |       0 |   67293 | 100.0 |       0 |     124 | 100.0
     Tomb:1 |    3780 |  109356 |  96.7 |      12 |      60 |  83.3
     Tomb:2 |    5028 |   41039 |  89.1 |      12 |      53 |  81.5
     Tomb:3 |   15457 |   53694 |  77.6 |      37 |      59 |  61.5
   Depths:1 |   31167 |   11564 |  27.1 |      48 |      16 |  25.0
   Depths:2 |   19677 |   13578 |  40.8 |      22 |      18 |  45.0
   Depths:3 |   29149 |   30176 |  50.9 |      36 |      20 |  35.7
   Depths:4 |   25021 |   16601 |  39.9 |      25 |      16 |  39.0
      Zot:1 |   26991 |       0 |   0.0 |      23 |       0 |   0.0
      Zot:2 |   28110 |       0 |   0.0 |      24 |       0 |   0.0
      Zot:3 |   31877 |       0 |   0.0 |      29 |       0 |   0.0
      Zot:4 |   13522 |       0 |   0.0 |      11 |       0 |   0.0
    Abyss:3 |   12748 |       0 |   0.0 |      29 |       0 |   0.0
    Abyss:4 |   12122 |       0 |   0.0 |      18 |       0 |   0.0
        Pan |  238517 |  233173 |  49.4 |     344 |     235 |  40.6
            +---------+---------+-------+---------+---------+-------
